Workbook

Sheet invoices
D1: Total | H1: Previous | K1: Paid | L1: Total Previous | M1: Initial | N1: Additional
A2: Agency | D2: Assessment | F2: Assessment | H2: Payment | J2: Invoiced | K2: License | L2: Payment | M2: License's | N2: License's | O2: License | P2: License | Q2: Invoice
A3: Code | B3: Name | D3: Percentage | F3: Amount | H3: Amount | J3: Amount | K3: Fees | L3: Amount | M3: Requested | N3: Requested | O3: Fee | P3: Subtotal | Q3: Amount Due
A5: A101 | B5: Texas Senate | D5: =+assessment!H5 -> 0.0008094269 | F5: =+assessment!J5 -> 45098.963 | H5: -33831.002 | J5: =SUM(F5:H5) -> 11267.961 | K5: -450 | L5: =H5+K5 -> -34281.002 | M5: 2 | N5: 0 | O5: 225 | P5: =O5*N5 -> 0 | Q5: =P5+J5 -> 11267.961
A6: A102 | B6: Texas House of Representatives | D6: =+assessment!H6 -> 0.00093747114 | F6: =+assessment!J6 -> 52233.224 | H6: -39179.599 | J6: =SUM(F6:H6) -> 13053.625 | K6: -225 | L6: =H6+K6 -> -39404.599 | M6: 1 | N6: 1 | O6: 225 | P6: =O6*N6 -> 225 | Q6: =P6+J6 -> 13278.625
A7: A103 | B7: Legislative Council | D7: =+assessment!H7 -> 0.00060264395 | F7: =+assessment!J7 -> 33577.606 | H7: -25423.549 | J7: =SUM(F7:H7) -> 8154.0569 | K7: -450 | L7: =H7+K7 -> -25873.549 | M7: 2 | N7: 0 | O7: 225 | P7: =O7*N7 -> 0 | Q7: =P7+J7 -> 8154.0569
A8: A104 | B8: Legislative Budget Board | D8: =+assessment!H8 -> 0.00022133684 | F8: =+assessment!J8 -> 12332.259 | H8: -9250.1496 | J8: =SUM(F8:H8) -> 3082.1094 | K8: -450 | L8: =H8+K8 -> -9700.1496 | M8: 2 | N8: 0 | O8: 225 | P8: =O8*N8 -> 0 | Q8: =P8+J8 -> 3082.1094
A9: A105 | B9: Legislative Reference Library | D9: =+assessment!H9 -> 3.0840989e-05 | F9: =+assessment!J9 -> 1718.3721 | H9: -1288.9132 | J9: =SUM(F9:H9) -> 429.45891 | K9: -225 | L9: =H9+K9 -> -1513.9132 | M9: 1 | N9: 0 | O9: 225 | P9: =O9*N9 -> 0 | Q9: =P9+J9 -> 429.45891
A10: A116 | B10: Sunset Advisory Commission | D10: =+assessment!H10 -> 4.0905935e-05 | F10: =+assessment!J10 -> 2279.1623 | H10: -1709.5488 | J10: =SUM(F10:H10) -> 569.61353 | K10: -450 | L10: =H10+K10 -> -2159.5488 | M10: 2 | N10: 0 | O10: 225 | P10: =O10*N10 -> 0 | Q10: =P10+J10 -> 569.61353
A11: A201 | B11: Supreme Court of Texas | D11: =+assessment!H11 -> 0.00015979516 | F11: =+assessment!J11 -> 8903.3317 | H11: -6678.5371 | J11: =SUM(F11:H11) -> 2224.7946 | K11: -450 | L11: =H11+K11 -> -7128.5371 | M11: 2 | N11: 0 | O11: 225 | P11: =O11*N11 -> 0 | Q11: =P11+J11 -> 2224.7946
A12: A203 | B12: Law Examiners, Board of | D12: =+assessment!H12 -> 3.3957476e-05 | F12: =+assessment!J12 -> 1892.0139 | H12: -1419.1576 | J12: =SUM(F12:H12) -> 472.85627 | K12: -225 | L12: =H12+K12 -> -1644.1576 | M12: 1 | N12: 0 | O12: 225 | P12: =O12*N12 -> 0 | Q12: =P12+J12 -> 472.85627
A13: A211 | B13: Court of Criminal Appeals | D13: =+assessment!H13 -> 0.00012457499 | F13: =+assessment!J13 -> 6940.9641 | H13: -5206.2602 | J13: =SUM(F13:H13) -> 1734.7039 | K13: -450 | L13: =H13+K13 -> -5656.2602 | M13: 2 | N13: 0 | O13: 225 | P13: =O13*N13 -> 0 | Q13: =P13+J13 -> 1734.7039
A14: A212 | B14: Court Administration, Office of | D14: =+assessment!H14 -> 0.0004577691 | F14: =+assessment!J14 -> 25505.591 | H14: -19131.324 | J14: =SUM(F14:H14) -> 6374.267 | K14: -225 | L14: =H14+K14 -> -19356.324 | M14: 1 | N14: 0 | O14: 225 | P14: =O14*N14 -> 0 | Q14: =P14+J14 -> 6374.267
A15: A213 | B15: Prosecuting Attorney, State | D15: =+assessment!H15 -> 7.7331514e-06 | F15: =+assessment!J15 -> 430.86919 | H15: -323.18522 | J15: =SUM(F15:H15) -> 107.68397 | K15: -450 | L15: =H15+K15 -> -773.18522 | M15: 2 | N15: 0 | O15: 225 | P15: =O15*N15 -> 0 | Q15: =P15+J15 -> 107.68397
A16: A215 | B16: Office of Capital and Forensic Writs | D16: =+assessment!H16 -> 3.4859771e-05 | F16: =+assessment!J16 -> 1942.2872 | H16: -1456.8663 | J16: =SUM(F16:H16) -> 485.42094 | K16: -225 | L16: =H16+K16 -> -1681.8663 | M16: 1 | N16: 0 | O16: 225 | P16: =O16*N16 -> 0 | Q16: =P16+J16 -> 485.42094
... A213: C152 | B213: Lubbock | D213: =+assessment!H213 -> 0.00019821193 | F213: =+assessment!J213 -> 11043.805 | H213: -8285.6401 | J213: =SUM(F213:H213) -> 2758.1647 | K213: -450 | L213: =H213+K213 -> -8735.6401 | M213: 2 | N213: 0 | O213: 225 | P213: =O213*N213 -> 0 | Q213: =P213+J213 -> 2758.1647
A214: C155 | B214: McLennan | D214: =+assessment!H217 -> 0.00010133287 | F214: =+assessment!J217 -> 5645.9792 | H214: -4235.7197 | J214: =SUM(F214:H214) -> 1410.2595 | K214: -450 | L214: =H214+K214 -> -4685.7197 | M214: 2 | N214: 0 | O214: 225 | P214: =O214*N214 -> 0 | Q214: =P214+J214 -> 1410.2595
A215: C159 | B215: Maverick | D215: =+assessment!H215 -> 1.2632875e-05 | F215: =+assessment!J215 -> 703.86781 | H215: -527.95579 | J215: =SUM(F215:H215) -> 175.91203 | K215: -225 | L215: =H215+K215 -> -752.95579 | M215: 1 | N215: 0 | O215: 225 | P215: =O215*N215 -> 0 | Q215: =P215+J215 -> 175.91203
A216: C160 | B216: McCulloch | D216: =+assessment!H216 -> 5.3383552e-06 | F216: =+assessment!J216 -> 297.43796 | H216: -223.10169 | J216: =SUM(F216:H216) -> 74.336273 | K216: -225 | L216: =H216+K216 -> -448.10169 | M216: 1 | N216: 0 | O216: 225 | P216: =O216*N216 -> 0 | Q216: =P216+J216 -> 74.336273
A217: C161 | B217: Matagorda | D217: =+assessment!H214 -> 2.7209526e-05 | F217: =+assessment!J214 -> 1516.0373 | H217: -1137.1469 | J217: =SUM(F217:H217) -> 378.89046 | K217: -225 | L217: =H217+K217 -> -1362.1469 | M217: 1 | N217: 0 | O217: 225 | P217: =O217*N217 -> 0 | Q217: =P217+J217 -> 378.89046
A218: C165 | B218: Midland | D218: =+assessment!H218 -> 0.00033096709 | F218: =+assessment!J218 -> 18440.545 | H218: -13842.343 | J218: =SUM(F218:H218) -> 4598.2013 | K218: -450 | L218: =H218+K218 -> -14292.343 | M218: 2 | N218: 0 | O218: 225 | P218: =O218*N218 -> 0 | Q218: =P218+J218 -> 4598.2013
A219: C166 | B219: Milam | D219: =+assessment!H219 -> 7.9010863e-06 | F219: =+assessment!J219 -> 440.22604 | H219: -330.20398 | J219: =SUM(F219:H219) -> 110.02207 | K219: -225 | L219: =H219+K219 -> -555.20398 | M219: 1 | N219: 0 | O219: 225 | P219: =O219*N219 -> 0 | Q219: =P219+J219 -> 110.02207
A220: C169 | B220: Montague | D220: =+assessment!H220 -> 9.1420477e-06 | F220: =+assessment!J220 -> 509.36888 | H220: -382.06638 | J220: =SUM(F220:H220) -> 127.3025 | K220: -225 | L220: =H220+K220 -> -607.06638 | M220: 1 | N220: 0 | O220: 225 | P220: =O220*N220 -> 0 | Q220: =P220+J220 -> 127.3025
A221: C170 | B221: Montgomery | D221: =+assessment!H221 -> 7.4263693e-05 | F221: =+assessment!J221 -> 4137.7616 | H221: -3103.8467 | J221: =SUM(F221:H221) -> 1033.9149 | K221: -225 | L221: =H221+K221 -> -3328.8467 | M221: 1 | N221: 0 | O221: 225 | P221: =O221*N221 -> 0 | Q221: =P221+J221 -> 1033.9149
A222: C171 | B222: Moore | D222: =+assessment!H222 -> 1.1528604e-05 | F222: =+assessment!J222 -> 642.34099 | H222: -481.80586 | J222: =SUM(F222:H222) -> 160.53513 | K222: -225 | L222: =H222+K222 -> -706.80586 | M222: 1 | N222: 0 | O222: 225 | P222: =O222*N222 -> 0 | Q222: =P222+J222 -> 160.53513
A223: C172 | B223: Morris | D223: =+assessment!H223 -> 1.3165092e-05 | F223: =+assessment!J223 -> 733.52146 | H223: -550.1984 | J223: =SUM(F223:H223) -> 183.32306 | K223: -225 | L223: =H223+K223 -> -775.1984 | M223: 1 | N223: 0 | O223: 225 | P223: =O223*N223 -> 0 | Q223: =P223+J223 -> 183.32306
A224: C174 | B224: Nacogdoches | D224: =+assessment!H224 -> 0.0001462094 | F224: =+assessment!J224 -> 8146.3719 | H224: -6115.051 | J224: =SUM(F224:H224) -> 2031.3209 | K224: -225 | L224: =H224+K224 -> -6340.051 | M224: 1 | N224: 0 | O224: 225 | P224: =O224*N224 -> 0 | Q224: =P224+J224 -> 2031.3209
A225: C175 | B225: Navarro | D225: =+assessment!H225 -> 2.1412793e-05 | F225: =+assessment!J225 -> 1193.0599 | H225: -894.8881 | J225: =SUM(F225:H225) -> 298.17179 | K225: -225 | L225: =H225+K225 -> -1119.8881 | M225: 1 | N225: 0 | O225: 225 | P225: =O225*N225 -> 0 | Q225: =P225+J225 -> 298.17179
A226: C177 | B226: Nolan | D226: =+assessment!H226 -> 1.0534929e-05 | F226: =+assessment!J226 -> 586.97629 | H226: -440.27826 | J226: =SUM(F226:H226) -> 146.69802 | K226: -225 | L226: =H226+K226 -> -665.27826 | M226: 1 | N226: 0 | O226: 225 | P226: =O226*N226 -> 0 | Q226: =P226+J226 -> 146.69802
A227: C178 | B227: Nueces | D227: =+assessment!H227 -> 0.0002657338 | F227: =+assessment!J227 -> 14805.931 | H227: -11109.156 | J227: =SUM(F227:H227) -> 3696.7753 | K227: -450 | L227: =H227+K227 -> -11559.156 | M227: 2 | N227: 0 | O227: 225 | P227: =O227*N227 -> 0 | Q227: =P227+J227 -> 3696.7753
A228: C181 | B228: Orange | D228: =+assessment!H228 -> 6.3005982e-05 | F228: =+assessment!J228 -> 3510.514 | H228: -2634.166 | J228: =SUM(F228:H228) -> 876.34802 | K228: -225 | L228: =H228+K228 -> -2859.166 | M228: 1 | N228: 0 | O228: 225 | P228: =O228*N228 -> 0 | Q228: =P228+J228 -> 876.34802
A229: C182 | B229: Palo Pinto | D229: =+assessment!H229 -> 0.00056249464 | F229: =+assessment!J229 -> 31340.601 | H229: -23529.078 | J229: =SUM(F229:H229) -> 7811.5226 | K229: -225 | L229: =H229+K229 -> -23754.078 | M229: 1 | N229: 0 | O229: 225 | P229: =O229*N229 -> 0 | Q229: =P229+J229 -> 7811.5226
... A264: C252 | B264: Young | D264: =+assessment!H264 -> 9.1050819e-06 | F264: =+assessment!J264 -> 507.30925 | H264: -380.52162 | J264: =SUM(F264:H264) -> 126.78762 | K264: -225 | L264: =H264+K264 -> -605.52162 | M264: 1 | N264: 0 | O264: 225 | P264: =O264*N264 -> 0 | Q264: =P264+J264 -> 126.78762
B265: CSCDs | D265: =SUBTOTAL(9,D142:D264) -> 0.012698 | F265: =SUBTOTAL(9,F142:F264) -> 707496.42 | H265: =SUBTOTAL(9,H142:H264) -> -515723.03 | J265: =SUBTOTAL(9,J142:J264) -> 191773.38 | K265: =SUBTOTAL(9,K142:K264) -> -33075 | L265: =SUBTOTAL(9,L142:L264) -> -548798.03 | M265: =SUBTOTAL(9,M142:M264) -> 147 | N265: =SUBTOTAL(9,N142:N264) -> 0 | O265: 225 | P265: =SUBTOTAL(9,P142:P264) -> 0 | Q265: =SUBTOTAL(9,Q142:Q264) -> 191773.38
D267: =SUBTOTAL(9,D4:D266) -> 1 | F267: =SUBTOTAL(9,F4:F266) -> 55717154 | H267: =SUBTOTAL(9,H4:H266) -> -41787866 | J267: =SUBTOTAL(9,J4:J266) -> 13929288 | K267: =SUBTOTAL(9,K4:K266) -> -98100 | L267: =SUBTOTAL(9,L4:L266) -> -41885966 | M267: =SUBTOTAL(9,M4:M266) -> 436 | N267: =SUBTOTAL(9,N4:N266) -> 8 | P267: =SUBTOTAL(9,P4:P266) -> 1800 | Q267: =SUBTOTAL(9,Q4:Q266) -> 13931088
D270: Projected Current FY (2025) Claim Payments | F270: =assessment!J270 -> 43002507 | H270: =+$H$267*(F270/$F$275) -> -32251880 | J270: =SUM(F270:H270) -> 10750627
D271: Previous FY Collected Shortage (Overage) | F271: =assessment!J271 -> -1349008 | H271: =+$H$267*(F271/$F$275) -> 1011756 | J271: =SUM(F271:H271) -> -337252
D272: Risk Management and Workers' Comp. Administration | F272: =assessment!J272 -> 15257154 | H272: =+$H$267*(F272/$F$275) -> -11442866 | J272: =SUM(F272:H272) -> 3814288.5
D273: Previous FY Collected Shortage (Overage) | F273: =assessment!J273 -> -1193499 | H273: =+$H$267*(F273/$F$275) -> 895124.25 | J273: =SUM(F273:H273) -> -298374.75
F275: =SUM(F270:F274) -> 55717154 | H275: =SUM(H270:H274) -> -41787866 | J275: =SUM(J270:J274) -> 13929288

Sheet assessment
F1: Costs | H1: Total | O1: Initial | R1: Initial
A2: Agency | C2: Payroll * | D2: FTEs | E2: # Claims | F2: (Payouts) | H2: Assessment | J2: Assessment | L2: % of | O2: FY 2025 | R2: FY 2025
A3: Code | B3: Name | C3: 0.125 | D3: 0.125 | E3: 0.15 | F3: 0.6 | H3: Percentage | J3: Amount | L3: Payroll | O3: Assessment | P3: difference | R3: Percentage | S3: difference
A5: A101 | B5: Texas Senate | C5: =+payroll!G5 -> 0.0030278971 | D5: =+IFR!T5 -> 0.0027704296 | E5: =+claims!R5 -> 0 | F5: =+costs!L5 -> 0.00014106011 | H5: =(C5*$C$3)+(D5*$D$3)+(E5*$E$3)+(F5*$F$3) -> 0.0008094269 | J5: =(+H5*$J$275) -> 45098.963 | L5: =+J5/payroll!F5 -> 0.0013411427 | O5: 45108.003 | P5: =+J5-O5 -> -9.0395656 | R5: 0.00080958914 | S5: =+H5-R5 -> -1.6224026e-07
A6: A102 | B6: Texas House of Representatives | C6: =+payroll!G6 -> 0.0033382095 | D6: =+IFR!T6 -> 0.0039820472 | E6: =+claims!R6 -> 0.00011645546 | F6: =+costs!L6 -> 8.2845775e-06 | H6: =(C6*$C$3)+(D6*$D$3)+(E6*$E$3)+(F6*$F$3) -> 0.00093747114 | J6: =(+H6*$J$275) -> 52233.224 | L6: =+J6/payroll!F6 -> 0.0014089084 | O6: 52239.465 | P6: =+J6-O6 -> -6.2412621 | R6: 0.00093758316 | S6: =+H6-R6 -> -1.1201689e-07
A7: A103 | B7: Legislative Council | C7: =+payroll!G7 -> 0.0026887535 | D7: =+IFR!T7 -> 0.0021323981 | E7: =+claims!R7 -> 0 | F7: =+costs!L7 -> 0 | H7: =(C7*$C$3)+(D7*$D$3)+(E7*$E$3)+(F7*$F$3) -> 0.00060264395 | J7: =(+H7*$J$275) -> 33577.606 | L7: =+J7/payroll!F7 -> 0.001124471 | O7: 33898.065 | P7: =+J7-O7 -> -320.45941 | R7: 0.00060839549 | S7: =+H7-R7 -> -5.7515394e-06
A8: A104 | B8: Legislative Budget Board | C8: =+payroll!G8 -> 0.0010840419 | D8: =+IFR!T8 -> 0.00068665282 | E8: =+claims!R8 -> 0 | F8: =+costs!L8 -> 0 | H8: =(C8*$C$3)+(D8*$D$3)+(E8*$E$3)+(F8*$F$3) -> 0.00022133684 | J8: =(+H8*$J$275) -> 12332.259 | L8: =+J8/payroll!F8 -> 0.0010243446 | O8: 12333.533 | P8: =+J8-O8 -> -1.2737838 | R8: 0.00022135971 | S8: =+H8-R8 -> -2.2861609e-08
A9: A105 | B9: Legislative Reference Library | C9: =+payroll!G9 -> 0.00011971238 | D9: =+IFR!T9 -> 0.00012701553 | E9: =+claims!R9 -> 0 | F9: =+costs!L9 -> 0 | H9: =(C9*$C$3)+(D9*$D$3)+(E9*$E$3)+(F9*$F$3) -> 3.0840989e-05 | J9: =(+H9*$J$275) -> 1718.3721 | L9: =+J9/payroll!F9 -> 0.0012924915 | O9: 1718.5509 | P9: =+J9-O9 -> -0.17883061 | R9: 3.0844198e-05 | S9: =+H9-R9 -> -3.209615e-09
A10: A116 | B10: Sunset Advisory Commission | C10: =+payroll!G10 -> 0.0001852986 | D10: =+IFR!T10 -> 0.00014194888 | E10: =+claims!R10 -> 0 | F10: =+costs!L10 -> 0 | H10: =(C10*$C$3)+(D10*$D$3)+(E10*$E$3)+(F10*$F$3) -> 4.0905935e-05 | J10: =(+H10*$J$275) -> 2279.1623 | L10: =+J10/payroll!F10 -> 0.0011075227 | O10: 2279.3983 | P10: =+J10-O10 -> -0.23605625 | R10: 4.0910172e-05 | S10: =+H10-R10 -> -4.2366889e-09
A11: A201 | B11: Supreme Court of Texas | C11: =+payroll!G11 -> 0.00072075262 | D11: =+IFR!T11 -> 0.00045756537 | E11: =+claims!R11 -> 5.8227732e-05 | F11: =+costs!L11 -> 6.2854248e-06 | H11: =(C11*$C$3)+(D11*$D$3)+(E11*$E$3)+(F11*$F$3) -> 0.00015979516 | J11: =(+H11*$J$275) -> 8903.3317 | L11: =+J11/payroll!F11 -> 0.0011122844 | O11: 8904.7162 | P11: =+J11-O11 -> -1.3844633 | R11: 0.00015982001 | S11: =+H11-R11 -> -2.4848063e-08
A12: A203 | B12: Law Examiners, Board of | C12: =+payroll!G12 -> 0.00014635563 | D12: =+IFR!T12 -> 0.00012530418 | E12: =+claims!R12 -> 0 | F12: =+costs!L12 -> 0 | H12: =(C12*$C$3)+(D12*$D$3)+(E12*$E$3)+(F12*$F$3) -> 3.3957476e-05 | J12: =(+H12*$J$275) -> 1892.0139 | L12: =+J12/payroll!F12 -> 0.0011640306 | O12: 1892.2102 | P12: =+J12-O12 -> -0.19627851 | R12: 3.3960999e-05 | S12: =+H12-R12 -> -3.5227663e-09
A13: A211 | B13: Court of Criminal Appeals | C13: =+payroll!G13 -> 0.00062657167 | D13: =+IFR!T13 -> 0.00037002827 | E13: =+claims!R13 -> 0 | F13: =+costs!L13 -> 0 | H13: =(C13*$C$3)+(D13*$D$3)+(E13*$E$3)+(F13*$F$3) -> 0.00012457499 | J13: =(+H13*$J$275) -> 6940.9641 | L13: =+J13/payroll!F13 -> 0.00099746706 | O13: 6941.6803 | P13: =+J13-O13 -> -0.71621951 | R13: 0.00012458785 | S13: =+H13-R13 -> -1.285456e-08
A14: A212 | B14: Court Administration, Office of | C14: =+payroll!G14 -> 0.0020880327 | D14: =+IFR!T14 -> 0.0015429176 | E14: =+claims!R14 -> 0 | F14: =+costs!L14 -> 6.5005253e-06 | H14: =(C14*$C$3)+(D14*$D$3)+(E14*$E$3)+(F14*$F$3) -> 0.0004577691 | J14: =(+H14*$J$275) -> 25505.591 | L14: =+J14/payroll!F14 -> 0.0010998859 | O14: 25508.432 | P14: =+J14-O14 -> -2.8410948 | R14: 0.00045782009 | S14: =+H14-R14 -> -5.0991384e-08
A15: A213 | B15: Prosecuting Attorney, State | C15: =+payroll!G15 -> 3.9359691e-05 | D15: =+IFR!T15 -> 2.2505521e-05 | E15: =+claims!R15 -> 0 | F15: =+costs!L15 -> 0 | H15: =(C15*$C$3)+(D15*$D$3)+(E15*$E$3)+(F15*$F$3) -> 7.7331514e-06 | J15: =(+H15*$J$275) -> 430.86919 | L15: =+J15/payroll!F15 -> 0.00098569667 | O15: 430.91363 | P15: =+J15-O15 -> -0.044440348 | R15: 7.733949e-06 | S15: =+H15-R15 -> -7.9760621e-10
A16: A215 | B16: Office of Capital and Forensic Writs | C16: =+payroll!G16 -> 0.00015816887 | D16: =+IFR!T16 -> 0.0001207093 | E16: =+claims!R16 -> 0 | F16: =+costs!L16 -> 0 | H16: =(C16*$C$3)+(D16*$D$3)+(E16*$E$3)+(F16*$F$3) -> 3.4859771e-05 | J16: =(+H16*$J$275) -> 1942.2872 | L16: =+J16/payroll!F16 -> 0.0011057119 | O16: 1942.4884 | P16: =+J16-O16 -> -0.20115452 | R16: 3.4863381e-05 | S16: =+H16-R16 -> -3.6102798e-09
... A213: C152 | B213: Lubbock | C213: =+payroll!G213 -> 0.0004521831 | D213: =+IFR!T213 -> 0.00062359047 | E213: =+claims!R213 -> 0.00023291093 | F213: =+costs!L213 -> 4.8005994e-05 | H213: =(C213*$C$3)+(D213*$D$3)+(E213*$E$3)+(F213*$F$3) -> 0.00019821193 | J213: =(+H213*$J$275) -> 11043.805 | L213: =+J213/payroll!F213 -> 0.0021991452 | O213: 11047.52 | P213: =+J213-O213 -> -3.7153759 | R213: 0.00019827862 | S213: =+H213-R213 -> -6.6682802e-08
A214: C155 | B214: McLennan | C214: =+payroll!G217 -> 8.8738326e-05 | D214: =+IFR!T217 -> 0.00012893788 | E214: =+claims!R217 -> 0 | F214: =+costs!L217 -> 0 | H214: =(C214*$C$3)+(D214*$D$3)+(E214*$E$3)+(F214*$F$3) -> 2.7209526e-05 | J214: =(+H214*$J$275) -> 1516.0373 | L214: =+J214/payroll!F217 -> 0.0015383253 | O214: 5647.6263 | P214: =+J214-O214 -> -4131.589 | R214: 0.00010136243 | S214: =+H214-R214 -> -7.4152908e-05
A215: C159 | B215: Maverick | C215: =+payroll!G215 -> 4.9487844e-05 | D215: =+IFR!T215 -> 5.1575152e-05 | E215: =+claims!R215 -> 0 | F215: =+costs!L215 -> 0 | H215: =(C215*$C$3)+(D215*$D$3)+(E215*$E$3)+(F215*$F$3) -> 1.2632875e-05 | J215: =(+H215*$J$275) -> 703.86781 | L215: =+J215/payroll!F215 -> 0.0012806843 | O215: 703.94105 | P215: =+J215-O215 -> -0.07323201 | R215: 1.2634189e-05 | S215: =+H215-R215 -> -1.314353e-09
A216: C160 | B216: McCulloch | C216: =+payroll!G216 -> 2.0670186e-05 | D216: =+IFR!T216 -> 2.2036656e-05 | E216: =+claims!R216 -> 0 | F216: =+costs!L216 -> 0 | H216: =(C216*$C$3)+(D216*$D$3)+(E216*$E$3)+(F216*$F$3) -> 5.3383552e-06 | J216: =(+H216*$J$275) -> 297.43796 | L216: =+J216/payroll!F216 -> 0.0012956913 | O216: 297.46892 | P216: =+J216-O216 -> -0.030956496 | R216: 5.3389108e-06 | S216: =+H216-R216 -> -5.556008e-10
A217: C161 | B217: Matagorda | C217: =+payroll!G214 -> 0.00027876771 | D217: =+IFR!T214 -> 0.00033945827 | E217: =+claims!R214 -> 5.8227732e-05 | F217: =+costs!L214 -> 2.5534107e-05 | H217: =(C217*$C$3)+(D217*$D$3)+(E217*$E$3)+(F217*$F$3) -> 0.00010133287 | J217: =(+H217*$J$275) -> 5645.9792 | L217: =+J217/payroll!F214 -> 0.0018236703 | O217: 1516.1958 | P217: =+J217-O217 -> 4129.7834 | R217: 2.721237e-05 | S217: =+H217-R217 -> 7.4120502e-05
A218: C165 | B218: Midland | C218: =+payroll!G218 -> 0.00021721968 | D218: =+IFR!T218 -> 0.00025506257 | E218: =+claims!R218 -> 0 | F218: =+costs!L218 -> 0.00045321969 | H218: =(C218*$C$3)+(D218*$D$3)+(E218*$E$3)+(F218*$F$3) -> 0.00033096709 | J218: =(+H218*$J$275) -> 18440.545 | L218: =+J218/payroll!F218 -> 0.0076440603 | O218: 18456.458 | P218: =+J218-O218 -> -15.913042 | R218: 0.0003312527 | S218: =+H218-R218 -> -2.8560399e-07
A219: C166 | B219: Milam | C219: =+payroll!G219 -> 2.8043814e-05 | D219: =+IFR!T219 -> 3.5164876e-05 | E219: =+claims!R219 -> 0 | F219: =+costs!L219 -> 0 | H219: =(C219*$C$3)+(D219*$D$3)+(E219*$E$3)+(F219*$F$3) -> 7.9010863e-06 | J219: =(+H219*$J$275) -> 440.22604 | L219: =+J219/payroll!F219 -> 0.0014134751 | O219: 440.27197 | P219: =+J219-O219 -> -0.04592665 | R219: 7.9019106e-06 | S219: =+H219-R219 -> -8.2428206e-10
A220: C169 | B220: Montague | C220: =+payroll!G220 -> 3.656491e-05 | D220: =+IFR!T220 -> 3.6571471e-05 | E220: =+claims!R220 -> 0 | F220: =+costs!L220 -> 0 | H220: =(C220*$C$3)+(D220*$D$3)+(E220*$E$3)+(F220*$F$3) -> 9.1420477e-06 | J220: =(+H220*$J$275) -> 509.36888 | L220: =+J220/payroll!F220 -> 0.0012543462 | O220: 509.42184 | P220: =+J220-O220 -> -0.052963693 | R220: 9.1429983e-06 | S220: =+H220-R220 -> -9.5058145e-10
A221: C170 | B221: Montgomery | C221: =+payroll!G221 -> 0.0002569832 | D221: =+IFR!T221 -> 0.00026725306 | E221: =+claims!R221 -> 5.8227732e-05 | F221: =+costs!L221 -> 0 | H221: =(C221*$C$3)+(D221*$D$3)+(E221*$E$3)+(F221*$F$3) -> 7.4263693e-05 | J221: =(+H221*$J$275) -> 4137.7616 | L221: =+J221/payroll!F221 -> 0.0014498072 | O221: 4138.4623 | P221: =+J221-O221 -> -0.70071545 | R221: 7.4276269e-05 | S221: =+H221-R221 -> -1.2576296e-08
A222: C171 | B222: Moore | C222: =+payroll!G222 -> 4.5342327e-05 | D222: =+IFR!T222 -> 4.6886502e-05 | E222: =+claims!R222 -> 0 | F222: =+costs!L222 -> 0 | H222: =(C222*$C$3)+(D222*$D$3)+(E222*$E$3)+(F222*$F$3) -> 1.1528604e-05 | J222: =(+H222*$J$275) -> 642.34099 | L222: =+J222/payroll!F222 -> 0.0012755907 | O222: 642.40781 | P222: =+J222-O222 -> -0.066822895 | R222: 1.1529803e-05 | S222: =+H222-R222 -> -1.1993236e-09
A223: C172 | B223: Morris | C223: =+payroll!G223 -> 4.9525799e-05 | D223: =+IFR!T223 -> 5.5794937e-05 | E223: =+claims!R223 -> 0 | F223: =+costs!L223 -> 0 | H223: =(C223*$C$3)+(D223*$D$3)+(E223*$E$3)+(F223*$F$3) -> 1.3165092e-05 | J223: =(+H223*$J$275) -> 733.52146 | L223: =+J223/payroll!F223 -> 0.0013336162 | O223: 733.59786 | P223: =+J223-O223 -> -0.076404906 | R223: 1.3166463e-05 | S223: =+H223-R223 -> -1.3712995e-09
A224: C174 | B224: Nacogdoches | C224: =+payroll!G224 -> 8.0964904e-05 | D224: =+IFR!T224 -> 9.9868249e-05 | E224: =+claims!R224 -> 5.8227732e-05 | F224: =+costs!L224 -> 0.00019145183 | H224: =(C224*$C$3)+(D224*$D$3)+(E224*$E$3)+(F224*$F$3) -> 0.0001462094 | J224: =(+H224*$J$275) -> 8146.3719 | L224: =+J224/payroll!F224 -> 0.0090597654 | O224: 8153.4013 | P224: =+J224-O224 -> -7.0294823 | R224: 0.00014633557 | S224: =+H224-R224 -> -1.261637e-07
A225: C175 | B225: Navarro | C225: =+payroll!G225 -> 8.1280262e-05 | D225: =+IFR!T225 -> 9.0022084e-05 | E225: =+claims!R225 -> 0 | F225: =+costs!L225 -> 0 | H225: =(C225*$C$3)+(D225*$D$3)+(E225*$E$3)+(F225*$F$3) -> 2.1412793e-05 | J225: =(+H225*$J$275) -> 1193.0599 | L225: =+J225/payroll!F225 -> 0.0013216811 | O225: 1193.1841 | P225: =+J225-O225 -> -0.1242401 | R225: 2.1415023e-05 | S225: =+H225-R225 -> -2.2298357e-09
A226: C177 | B226: Nolan | C226: =+payroll!G226 -> 3.3642014e-05 | D226: =+IFR!T226 -> 5.0637422e-05 | E226: =+claims!R226 -> 0 | F226: =+costs!L226 -> 0 | H226: =(C226*$C$3)+(D226*$D$3)+(E226*$E$3)+(F226*$F$3) -> 1.0534929e-05 | J226: =(+H226*$J$275) -> 586.97629 | L226: =+J226/payroll!F226 -> 0.0015710431 | O226: 587.03768 | P226: =+J226-O226 -> -0.061397003 | R226: 1.0536031e-05 | S226: =+H226-R226 -> -1.1019408e-09
A227: C178 | B227: Nueces | C227: =+payroll!G227 -> 0.00050250833 | D227: =+IFR!T227 -> 0.00077644047 | E227: =+claims!R227 -> 0.00023291093 | F227: =+costs!L227 -> 0.00011821427 | H227: =(C227*$C$3)+(D227*$D$3)+(E227*$E$3)+(F227*$F$3) -> 0.0002657338 | J227: =(+H227*$J$275) -> 14805.931 | L227: =+J227/payroll!F227 -> 0.0026530289 | O227: 14812.208 | P227: =+J227-O227 -> -6.2766885 | R227: 0.00026584645 | S227: =+H227-R227 -> -1.1265271e-07
A228: C181 | B228: Orange | C228: =+payroll!G228 -> 7.8071665e-05 | D228: =+IFR!T228 -> 0.00010596349 | E228: =+claims!R228 -> 0.00023291093 | F228: =+costs!L228 -> 8.4415795e-06 | H228: =(C228*$C$3)+(D228*$D$3)+(E228*$E$3)+(F228*$F$3) -> 6.3005982e-05 | J228: =(+H228*$J$275) -> 3510.514 | L228: =+J228/payroll!F228 -> 0.0040488043 | O228: 3512.2213 | P228: =+J228-O228 -> -1.7073053 | R228: 6.3036624e-05 | S228: =+H228-R228 -> -3.0642363e-08
A229: C182 | B229: Palo Pinto | C229: =+payroll!G229 -> 3.2835068e-05 | D229: =+IFR!T229 -> 4.8761962e-05 | E229: =+claims!R229 -> 5.8227732e-05 | F229: =+costs!L229 -> 0.00090593475 | H229: =(C229*$C$3)+(D229*$D$3)+(E229*$E$3)+(F229*$F$3) -> 0.00056249464 | J229: =(+H229*$J$275) -> 31340.601 | L229: =+J229/payroll!F229 -> 0.085944663 | O229: 31372.104 | P229: =+J229-O229 -> -31.503385 | R229: 0.00056306006 | S229: =+H229-R229 -> -5.6541626e-07
... A264: C252 | B264: Young | C264: =+payroll!G264 -> 3.2518263e-05 | D264: =+IFR!T264 -> 4.0322392e-05 | E264: =+claims!R264 -> 0 | F264: =+costs!L264 -> 0 | H264: =(C264*$C$3)+(D264*$D$3)+(E264*$E$3)+(F264*$F$3) -> 9.1050819e-06 | J264: =(+H264*$J$275) -> 507.30925 | L264: =+J264/payroll!F264 -> 0.0014047368 | O264: 507.36216 | P264: =+J264-O264 -> -0.052916506 | R264: 9.1060316e-06 | S264: =+H264-R264 -> -9.4973455e-10
B265: CSCDs | C265: =SUBTOTAL(9,C142:C264) -> 0.023366434 | D265: =SUBTOTAL(9,D142:D264) -> 0.030187405 | E265: =SUBTOTAL(9,E142:E264) -> 0.0088506152 | F265: =SUBTOTAL(9,F142:F264) -> 0.0077936295 | H265: =SUBTOTAL(9,H142:H264) -> 0.012698 | J265: =(+H265*$J$275) -> 707496.42 | L265: =+J265/payroll!F265 -> 0.0027263483 | O265: =SUBTOTAL(9,O142:O264) -> 687630.71 | P265: =SUBTOTAL(9,P142:P264) -> 19865.703 | R265: =SUM(R142:R264) -> 0.012341454 | S265: =SUBTOTAL(9,S142:S264) -> 0.00035654554
C267: =SUBTOTAL(9,C4:C266) -> 1 | D267: =SUBTOTAL(9,D4:D266) -> 1 | E267: =SUBTOTAL(9,E4:E266) -> 1 | F267: =SUBTOTAL(9,F4:F266) -> 1 | H267: =SUBTOTAL(9,H4:H266) -> 1 | J267: =SUBTOTAL(9,J4:J264) -> 55717154 | L267: =+J267/payroll!F267 -> 0.0050169347 | O267: =SUBTOTAL(9,O4:O264) -> 55717154 | P267: =SUBTOTAL(9,P4:P266) -> 2.1543514e-09 | R267: =SUBTOTAL(9,R4:R264) -> 1 | S267: =SUBTOTAL(9,S4:S266) -> 6.6654293e-17
H270: Projected Current FY (2025) Claim Payments | J270: 43002507 | O270: 41860000 | P270: =+J270-O270 -> 1142507
H271: Previous FY Collected Shortage (Overage) | J271: -1349008 | O271: -1000000 | P271: =+J271-O271 -> -349008
H272: Risk Management and Workers' Comp. Administration(incl.required funding for emp.benefits) | J272: =12810220+2446934 -> 15257154 | O272: 15257154 | P272: =+J272-O272 -> 0
H273: Previous FY Collected Shortage (Overage) | J273: -1193499 | O273: -400000 | P273: =+J273-O273 -> -793499
J275: =SUM(J270:J274) -> 55717154 | O275: =SUM(O270:O274) -> 55717154 | P275: =SUM(P270:P274) -> 0

Sheet payroll
A2: Agency | F2: weighted | G2: Assessment
A3: Code | B3: Name | C3: FY2021 | D3: FY2022 | E3: FY2023 | F3: average | G3: Percentage
A5: A101 | B5: Texas Senate | C5: 31132554 | D5: 30269078 | E5: 36697632 | F5: =IF(C5>0,(+C5+(D5*2)+(E5*3))/6,IF(D5>0,((D5*2)+(E5*3))/5,E5)) -> 33627268 | G5: =+F5/$F$267 -> 0.0030278971
A6: A102 | B6: Texas House of Representatives | C6: 35988765 | D6: 32615192 | E6: 40407364 | F6: =IF(C6>0,(+C6+(D6*2)+(E6*3))/6,IF(D6>0,((D6*2)+(E6*3))/5,E6)) -> 37073540 | G6: =+F6/$F$267 -> 0.0033382095
A7: A103 | B7: Legislative Council | C7: 28209006 | D7: 27860962 | E7: 31744626 | F7: =IF(C7>0,(+C7+(D7*2)+(E7*3))/6,IF(D7>0,((D7*2)+(E7*3))/5,E7)) -> 29860802 | G7: =+F7/$F$267 -> 0.0026887535
A8: A104 | B8: Legislative Budget Board | C8: 11066556 | D8: 11496805 | E8: 12724952 | F8: =IF(C8>0,(+C8+(D8*2)+(E8*3))/6,IF(D8>0,((D8*2)+(E8*3))/5,E8)) -> 12039170 | G8: =+F8/$F$267 -> 0.0010840419
A9: A105 | B9: Legislative Reference Library | C9: 1209336 | D9: 1311911 | E9: 1381287.9 | F9: =IF(C9>0,(+C9+(D9*2)+(E9*3))/6,IF(D9>0,((D9*2)+(E9*3))/5,E9)) -> 1329503.6 | G9: =+F9/$F$267 -> 0.00011971238
A10: A116 | B10: Sunset Advisory Commission | C10: 2053402 | D10: 2080070.6 | E10: 2044603.2 | F10: =IF(C10>0,(+C10+(D10*2)+(E10*3))/6,IF(D10>0,((D10*2)+(E10*3))/5,E10)) -> 2057892.1 | G10: =+F10/$F$267 -> 0.0001852986
A11: A201 | B11: Supreme Court of Texas | C11: 7810758 | D11: 7747179 | E11: 8240720 | F11: =IF(C11>0,(+C11+(D11*2)+(E11*3))/6,IF(D11>0,((D11*2)+(E11*3))/5,E11)) -> 8004546 | G11: =+F11/$F$267 -> 0.00072075262
A12: A203 | B12: Law Examiners, Board of | C12: 1340044 | D12: 1874267 | E12: 1554604.8 | F12: =IF(C12>0,(+C12+(D12*2)+(E12*3))/6,IF(D12>0,((D12*2)+(E12*3))/5,E12)) -> 1625398.7 | G12: =+F12/$F$267 -> 0.00014635563
A13: A211 | B13: Court of Criminal Appeals | C13: 6997976 | D13: 7022312.8 | E13: 6902979 | F13: =IF(C13>0,(+C13+(D13*2)+(E13*3))/6,IF(D13>0,((D13*2)+(E13*3))/5,E13)) -> 6958589.8 | G13: =+F13/$F$267 -> 0.00062657167
A14: A212 | B14: Court Administration, Office of | C14: 22367200 | D14: 23036847 | E14: 23564983 | F14: =IF(C14>0,(+C14+(D14*2)+(E14*3))/6,IF(D14>0,((D14*2)+(E14*3))/5,E14)) -> 23189307 | G14: =+F14/$F$267 -> 0.0020880327
A15: A213 | B15: Prosecuting Attorney, State | C15: 446963 | D15: 418146.12 | E15: 446491.22 | F15: =IF(C15>0,(+C15+(D15*2)+(E15*3))/6,IF(D15>0,((D15*2)+(E15*3))/5,E15)) -> 437121.48 | G15: =+F15/$F$267 -> 3.9359691e-05
A16: A215 | B16: Office of Capital and Forensic Writs | C16: 1659982.9 | D16: 1821219 | E16: 1745715.1 | F16: =IF(C16>0,(+C16+(D16*2)+(E16*3))/6,IF(D16>0,((D16*2)+(E16*3))/5,E16)) -> 1756594.4 | G16: =+F16/$F$267 -> 0.00015816887
... A34: A243 | B34: Law Library, State | C34: 650514.04 | D34: 592835.39 | E34: 661271.08 | F34: =IF(C34>0,(+C34+(D34*2)+(E34*3))/6,IF(D34>0,((D34*2)+(E34*3))/5,E34)) -> 636666.34 | G34: =+F34/$F$267 -> 5.7327291e-05
A35: A301 | B35: Governor's Office & Office of the Governor, Trustee Program | C35: 21519783 | D35: 20418085 | E35: =14345868.93+9918148.65 -> 24264018 | F35: =IF(C35>0,(+C35+(D35*2)+(E35*3))/6,IF(D35>0,((D35*2)+(E35*3))/5,E35)) -> 22524668 | G35: =+F35/$F$267 -> 0.0020281866
A36: A302 | B36: Attorney General, Office of the | C36: 252682995 | D36: 253316825 | E36: 253316825 | F36: =IF(C36>0,(+C36+(D36*2)+(E36*3))/6,IF(D36>0,((D36*2)+(E36*3))/5,E36)) -> 2.5321119e+08 | G36: =+F36/$F$267 -> 0.022799872
A37: A303 | B37: Texas Facilities Commission | C37: 20426054 | D37: 21389984 | E37: 24419585 | F37: =IF(C37>0,(+C37+(D37*2)+(E37*3))/6,IF(D37>0,((D37*2)+(E37*3))/5,E37)) -> 22744130 | G37: =+F37/$F$267 -> 0.0020479476
A38: A304 | B38: Comptroller of Public Accounts, State | C38: 183773277 | D38: 1.7965424e+08 | E38: 1.9535413e+08 | F38: =IF(C38>0,(+C38+(D38*2)+(E38*3))/6,IF(D38>0,((D38*2)+(E38*3))/5,E38)) -> 1.8819069e+08 | G38: =+F38/$F$267 -> 0.016945238
A39: A305 | B39: General Land Office | C39: 59534240 | D39: 61292534 | E39: 65667867 | F39: =IF(C39>0,(+C39+(D39*2)+(E39*3))/6,IF(D39>0,((D39*2)+(E39*3))/5,E39)) -> 63187152 | G39: =+F39/$F$267 -> 0.005689555
A40: A306 | B40: Library and Archives Commission | C40: 7817867 | D40: 9511162 | E40: 8310399 | F40: =IF(C40>0,(+C40+(D40*2)+(E40*3))/6,IF(D40>0,((D40*2)+(E40*3))/5,E40)) -> 8628564.7 | G40: =+F40/$F$267 -> 0.00077694108
A41: A307 | B41: Secretary of State | C41: 10559260 | D41: 11639268 | E41: 12541156 | F41: =IF(C41>0,(+C41+(D41*2)+(E41*3))/6,IF(D41>0,((D41*2)+(E41*3))/5,E41)) -> 11910211 | G41: =+F41/$F$267 -> 0.0010724301
A42: A308 | B42: State Auditor's Office | C42: 16080468 | D42: 15954716 | E42: 16638244 | F42: =IF(C42>0,(+C42+(D42*2)+(E42*3))/6,IF(D42>0,((D42*2)+(E42*3))/5,E42)) -> 16317439 | G42: =+F42/$F$267 -> 0.0014692697
A43: A312 | B43: Securities Board | C43: 6294667 | D43: 6206888 | E43: 6357031 | F43: =IF(C43>0,(+C43+(D43*2)+(E43*3))/6,IF(D43>0,((D43*2)+(E43*3))/5,E43)) -> 6296589.3 | G43: =+F43/$F$267 -> 0.00056696323
A44: A313 | B44: Information Resources, Dept. of | C44: 17848297 | D44: 19477000 | E44: 21945251 | F44: =IF(C44>0,(+C44+(D44*2)+(E44*3))/6,IF(D44>0,((D44*2)+(E44*3))/5,E44)) -> 20439675 | G44: =+F44/$F$267 -> 0.0018404478
A45: A320 | B45: Texas Workforce Commission | C45: 236228529 | D45: 233875100 | E45: 242020827 | F45: =IF(C45>0,(+C45+(D45*2)+(E45*3))/6,IF(D45>0,((D45*2)+(E45*3))/5,E45)) -> 2.383402e+08 | G45: =+F45/$F$267 -> 0.021460845
A46: A326 | B46: Texas Emergency Services Retirement System | C46: 507307.79 | D46: 526706.33 | E46: 450800 | F46: =IF(C46>0,(+C46+(D46*2)+(E46*3))/6,IF(D46>0,((D46*2)+(E46*3))/5,E46)) -> 485520.08 | G46: =+F46/$F$267 -> 4.3717641e-05
A47: A329 | B47: Real Estate Commission | C47: 8979612.7 | D47: 9238696.8 | E47: 11074732 | F47: =IF(C47>0,(+C47+(D47*2)+(E47*3))/6,IF(D47>0,((D47*2)+(E47*3))/5,E47)) -> 10113534 | G47: =+F47/$F$267 -> 0.00091065202
... A264: C252 | B264: Young | C264: 395742.56 | D264: 347546.9 | E264: 358671.58 | F264: =IF(C264>0,(+C264+(D264*2)+(E264*3))/6,IF(D264>0,((D264*2)+(E264*3))/5,E264)) -> 361141.85 | G264: =+F264/$F$267 -> 3.2518263e-05
B265: CSCDs | C265: =SUBTOTAL(9,C142:C264) -> 2.5308555e+08 | D265: =SUBTOTAL(9,D142:D264) -> 2.4748415e+08 | E265: =SUBTOTAL(9,E142:E264) -> 2.6965535e+08 | F265: =SUBTOTAL(9,F142:F264) -> 2.5950332e+08 | G265: =SUBTOTAL(9,G142:G264) -> 0.023366434
C267: =SUBTOTAL(9,C5:C266) -> 1.0251467e+10 | D267: =SUBTOTAL(9,D5:D266) -> 1.068545e+10 | E267: =SUBTOTAL(9,E5:E266) -> 1.1659334e+10 | F267: =SUBTOTAL(9,F5:F266) -> 1.1105816e+10 | G267: =SUBTOTAL(9,G5:G264) -> 1

Sheet IFR
T1: FTE | AD1: raw
A2: Agency | C2: 2021 | G2: 2021 Avg. | H2: 2022 | L2: 2022 Avg. | M2: 2023 | Q2: 2023 Avg. | R2: weighted | T2: Assessment | V2: FY2021 | W2: FY2022 | X2: FY2023 | Z2: FY2021 | AA2: FY2022 | AB2: FY2023 | AD2: weighted
A3: Code | B3: Name | C3: 1 | D3: 2 | E3: 3 | F3: 4 | G3: FTE | H3: 1 | I3: 2 | J3: 3 | K3: 4 | L3: FTE | M3: 1 | N3: 2 | O3: 3 | P3: 4 | Q3: FTE | R3: FTE avg. | T3: Percentage | V3: claims | W3: claims | X3: claims | Z3: IFR | AA3: IFR | AB3: IFR | AD3: IFR avg.
A5: A101 | B5: Texas Senate | C5: 471 | D5: 524.2 | E5: 572.2 | F5: 528 | G5: =AVERAGE(C5:F5) -> 523.85 | H5: 474.3 | I5: 451.7 | J5: 440.5 | K5: 444.5 | L5: =AVERAGE(H5:K5) -> 452.75 | M5: 439.1 | N5: 507.4 | O5: 561.1 | P5: 525.8 | Q5: =AVERAGE(M5:P5) -> 508.35 | R5: =IF(G5>0,(+G5+(L5*2)+(Q5*3))/6,IF(L5>0,((L5*2)+(Q5*3))/5,Q5)) -> 492.4 | T5: =+R5/$R$267 -> 0.0027704296 | V5: =claims!D5 -> 0 | W5: =claims!E5 -> 0 | X5: =claims!F5 -> 0 | Z5: =IF(G5>100,IF(V5<1,0,+V5/G5),IF(V5<1,0,+V5/100)) -> 0 | AA5: =IF(L5>100,IF(W5<1,0,+W5/L5),IF(W5<1,0,+W5/100)) -> 0 | AB5: =IF(Q5>100,IF(X5<1,0,+X5/Q5),IF(X5<1,0,+X5/100)) -> 0 | AD5: =(+Z5+(AA5*2)+(AB5*3))/6 -> 0
A6: A102 | B6: Texas House of Representatives | C6: 711.7 | D6: 837.8 | E6: 932 | F6: 789.7 | G6: =AVERAGE(C6:F6) -> 817.8 | H6: 715.6 | I6: 686.2 | J6: 663.8 | K6: 676.8 | L6: =AVERAGE(H6:K6) -> 685.6 | M6: 715.8 | N6: 686.6 | O6: 664.1 | P6: 676.8 | Q6: =AVERAGE(M6:P6) -> 685.825 | R6: =IF(G6>0,(+G6+(L6*2)+(Q6*3))/6,IF(L6>0,((L6*2)+(Q6*3))/5,Q6)) -> 707.74583 | T6: =+R6/$R$267 -> 0.0039820472 | V6: =claims!D6 -> 0 | W6: =claims!E6 -> 1 | X6: =claims!F6 -> 1 | Z6: =IF(G6>100,IF(V6<1,0,+V6/G6),IF(V6<1,0,+V6/100)) -> 0 | AA6: =IF(L6>100,IF(W6<1,0,+W6/L6),IF(W6<1,0,+W6/100)) -> 0.0014585764 | AB6: =IF(Q6>100,IF(X6<1,0,+X6/Q6),IF(X6<1,0,+X6/100)) -> 0.0014580979 | AD6: =(+Z6+(AA6*2)+(AB6*3))/6 -> 0.0012152411
A7: A103 | B7: Legislative Council | C7: 364 | D7: 385 | E7: 389 | F7: 376 | G7: =AVERAGE(C7:F7) -> 378.5 | H7: 359 | I7: 362 | J7: 363 | K7: 364 | L7: =AVERAGE(H7:K7) -> 362 | M7: 379 | N7: 403 | O7: 402 | P7: 378 | Q7: =AVERAGE(M7:P7) -> 390.5 | R7: =IF(G7>0,(+G7+(L7*2)+(Q7*3))/6,IF(L7>0,((L7*2)+(Q7*3))/5,Q7)) -> 379 | T7: =+R7/$R$267 -> 0.0021323981 | V7: =claims!D7 -> 0 | W7: =claims!E7 -> 0 | X7: =claims!F7 -> 0 | Z7: =IF(G7>100,IF(V7<1,0,+V7/G7),IF(V7<1,0,+V7/100)) -> 0 | AA7: =IF(L7>100,IF(W7<1,0,+W7/L7),IF(W7<1,0,+W7/100)) -> 0 | AB7: =IF(Q7>100,IF(X7<1,0,+X7/Q7),IF(X7<1,0,+X7/100)) -> 0 | AD7: =(+Z7+(AA7*2)+(AB7*3))/6 -> 0
A8: A104 | B8: Legislative Budget Board | C8: 117 | D8: 126 | E8: 118 | F8: 115 | G8: =AVERAGE(C8:F8) -> 119 | H8: 109 | I8: 110 | J8: 120 | K8: 127 | L8: =AVERAGE(H8:K8) -> 116.5 | M8: 127 | N8: 124 | O8: 128 | P8: 128 | Q8: =AVERAGE(M8:P8) -> 126.75 | R8: =IF(G8>0,(+G8+(L8*2)+(Q8*3))/6,IF(L8>0,((L8*2)+(Q8*3))/5,Q8)) -> 122.04167 | T8: =+R8/$R$267 -> 0.00068665282 | V8: =claims!D8 -> 0 | W8: =claims!E8 -> 0 | X8: =claims!F8 -> 0 | Z8: =IF(G8>100,IF(V8<1,0,+V8/G8),IF(V8<1,0,+V8/100)) -> 0 | AA8: =IF(L8>100,IF(W8<1,0,+W8/L8),IF(W8<1,0,+W8/100)) -> 0 | AB8: =IF(Q8>100,IF(X8<1,0,+X8/Q8),IF(X8<1,0,+X8/100)) -> 0 | AD8: =(+Z8+(AA8*2)+(AB8*3))/6 -> 0
A9: A105 | B9: Legislative Reference Library | C9: 20.6 | D9: 22.5 | E9: 22.2 | F9: 22.2 | G9: =AVERAGE(C9:F9) -> 21.875 | H9: 22.4 | I9: 23.2 | J9: 22.3 | K9: 22.3 | L9: =AVERAGE(H9:K9) -> 22.55 | M9: 21 | N9: 22.5 | O9: 24.2 | P9: 23.6 | Q9: =AVERAGE(M9:P9) -> 22.825 | R9: =IF(G9>0,(+G9+(L9*2)+(Q9*3))/6,IF(L9>0,((L9*2)+(Q9*3))/5,Q9)) -> 22.575 | T9: =+R9/$R$267 -> 0.00012701553 | V9: =claims!D9 -> 0 | W9: =claims!E9 -> 0 | X9: =claims!F9 -> 0 | Z9: =IF(G9>100,IF(V9<1,0,+V9/G9),IF(V9<1,0,+V9/100)) -> 0 | AA9: =IF(L9>100,IF(W9<1,0,+W9/L9),IF(W9<1,0,+W9/100)) -> 0 | AB9: =IF(Q9>100,IF(X9<1,0,+X9/Q9),IF(X9<1,0,+X9/100)) -> 0 | AD9: =(+Z9+(AA9*2)+(AB9*3))/6 -> 0
A10: A116 | B10: Sunset Advisory Commission | C10: 28.1 | D10: 28.3 | E10: 28.1 | F10: 27.3 | G10: =AVERAGE(C10:F10) -> 27.95 | H10: 28.2 | I10: 25 | J10: 24.7 | K10: 25.7 | L10: =AVERAGE(H10:K10) -> 25.9 | M10: 24 | N10: 24 | O10: 23 | P10: 24.5 | Q10: =AVERAGE(M10:P10) -> 23.875 | R10: =IF(G10>0,(+G10+(L10*2)+(Q10*3))/6,IF(L10>0,((L10*2)+(Q10*3))/5,Q10)) -> 25.229167 | T10: =+R10/$R$267 -> 0.00014194888 | V10: =claims!D10 -> 0 | W10: =claims!E10 -> 0 | X10: =claims!F10 -> 0 | Z10: =IF(G10>100,IF(V10<1,0,+V10/G10),IF(V10<1,0,+V10/100)) -> 0 | AA10: =IF(L10>100,IF(W10<1,0,+W10/L10),IF(W10<1,0,+W10/100)) -> 0 | AB10: =IF(Q10>100,IF(X10<1,0,+X10/Q10),IF(X10<1,0,+X10/100)) -> 0 | AD10: =(+Z10+(AA10*2)+(AB10*3))/6 -> 0
A11: A201 | B11: Supreme Court of Texas | C11: 78.8 | D11: 82.2 | E11: 83.2 | F11: 81.3 | G11: =AVERAGE(C11:F11) -> 81.375 | H11: 80.8 | I11: 82.3 | J11: 83.3 | K11: 80.6 | L11: =AVERAGE(H11:K11) -> 81.75 | M11: 81.2 | N11: 82.1 | O11: 80.9 | P11: 79.9 | Q11: =AVERAGE(M11:P11) -> 81.025 | R11: =IF(G11>0,(+G11+(L11*2)+(Q11*3))/6,IF(L11>0,((L11*2)+(Q11*3))/5,Q11)) -> 81.325 | T11: =+R11/$R$267 -> 0.00045756537 | V11: =claims!D11 -> 0 | W11: =claims!E11 -> 0 | X11: =claims!F11 -> 1 | Z11: =IF(G11>100,IF(V11<1,0,+V11/G11),IF(V11<1,0,+V11/100)) -> 0 | AA11: =IF(L11>100,IF(W11<1,0,+W11/L11),IF(W11<1,0,+W11/100)) -> 0 | AB11: =IF(Q11>100,IF(X11<1,0,+X11/Q11),IF(X11<1,0,+X11/100)) -> 0.01 | AD11: =(+Z11+(AA11*2)+(AB11*3))/6 -> 0.005
A12: A203 | B12: Law Examiners, Board of | C12: 23 | D12: 18 | E12: 20 | F12: 27 | G12: =AVERAGE(C12:F12) -> 22 | H12: 20 | I12: 19 | J12: 23 | K12: 27 | L12: =AVERAGE(H12:K12) -> 22.25 | M12: 20 | N12: 19.5 | O12: 20 | P12: 30 | Q12: =AVERAGE(M12:P12) -> 22.375 | R12: =IF(G12>0,(+G12+(L12*2)+(Q12*3))/6,IF(L12>0,((L12*2)+(Q12*3))/5,Q12)) -> 22.270833 | T12: =+R12/$R$267 -> 0.00012530418 | V12: =claims!D12 -> 0 | W12: =claims!E12 -> 0 | X12: =claims!F12 -> 0 | Z12: =IF(G12>100,IF(V12<1,0,+V12/G12),IF(V12<1,0,+V12/100)) -> 0 | AA12: =IF(L12>100,IF(W12<1,0,+W12/L12),IF(W12<1,0,+W12/100)) -> 0 | AB12: =IF(Q12>100,IF(X12<1,0,+X12/Q12),IF(X12<1,0,+X12/100)) -> 0 | AD12: =(+Z12+(AA12*2)+(AB12*3))/6 -> 0
A13: A211 | B13: Court of Criminal Appeals | C13: 64.3 | D13: 63.6 | E13: 68.1 | F13: 63.4 | G13: =AVERAGE(C13:F13) -> 64.85 | H13: 65.3 | I13: 64.2 | J13: 67.2 | K13: 62.6 | L13: =AVERAGE(H13:K13) -> 64.825 | M13: 67.2 | N13: 68 | O13: 67.4 | P13: 64.2 | Q13: =AVERAGE(M13:P13) -> 66.7 | R13: =IF(G13>0,(+G13+(L13*2)+(Q13*3))/6,IF(L13>0,((L13*2)+(Q13*3))/5,Q13)) -> 65.766667 | T13: =+R13/$R$267 -> 0.00037002827 | V13: =claims!D13 -> 0 | W13: =claims!E13 -> 0 | X13: =claims!F13 -> 0 | Z13: =IF(G13>100,IF(V13<1,0,+V13/G13),IF(V13<1,0,+V13/100)) -> 0 | AA13: =IF(L13>100,IF(W13<1,0,+W13/L13),IF(W13<1,0,+W13/100)) -> 0 | AB13: =IF(Q13>100,IF(X13<1,0,+X13/Q13),IF(X13<1,0,+X13/100)) -> 0 | AD13: =(+Z13+(AA13*2)+(AB13*3))/6 -> 0
A14: A212 | B14: Court Administration, Office of | C14: 262.3 | D14: 262.8 | E14: 259.1 | F14: 256.2 | G14: =AVERAGE(C14:F14) -> 260.1 | H14: 264.2 | I14: 272.2 | J14: 278.2 | K14: 281.2 | L14: =AVERAGE(H14:K14) -> 273.95 | M14: 277.1 | N14: 281.1 | O14: 280.1 | P14: 278.2 | Q14: =AVERAGE(M14:P14) -> 279.125 | R14: =IF(G14>0,(+G14+(L14*2)+(Q14*3))/6,IF(L14>0,((L14*2)+(Q14*3))/5,Q14)) -> 274.22917 | T14: =+R14/$R$267 -> 0.0015429176 | V14: =claims!D14 -> 0 | W14: =claims!E14 -> 0 | X14: =claims!F14 -> 0 | Z14: =IF(G14>100,IF(V14<1,0,+V14/G14),IF(V14<1,0,+V14/100)) -> 0 | AA14: =IF(L14>100,IF(W14<1,0,+W14/L14),IF(W14<1,0,+W14/100)) -> 0 | AB14: =IF(Q14>100,IF(X14<1,0,+X14/Q14),IF(X14<1,0,+X14/100)) -> 0 | AD14: =(+Z14+(AA14*2)+(AB14*3))/6 -> 0
A15: A213 | B15: Prosecuting Attorney, State | C15: 4 | D15: 4 | E15: 4 | F15: 4 | G15: =AVERAGE(C15:F15) -> 4 | H15: 4 | I15: 4 | J15: 4 | K15: 4 | L15: =AVERAGE(H15:K15) -> 4 | M15: 4 | N15: 4 | O15: 4 | P15: 4 | Q15: =AVERAGE(M15:P15) -> 4 | R15: =IF(G15>0,(+G15+(L15*2)+(Q15*3))/6,IF(L15>0,((L15*2)+(Q15*3))/5,Q15)) -> 4 | T15: =+R15/$R$267 -> 2.2505521e-05 | V15: =claims!D15 -> 0 | W15: =claims!E15 -> 0 | X15: =claims!F15 -> 0 | Z15: =IF(G15>100,IF(V15<1,0,+V15/G15),IF(V15<1,0,+V15/100)) -> 0 | AA15: =IF(L15>100,IF(W15<1,0,+W15/L15),IF(W15<1,0,+W15/100)) -> 0 | AB15: =IF(Q15>100,IF(X15<1,0,+X15/Q15),IF(X15<1,0,+X15/100)) -> 0 | AD15: =(+Z15+(AA15*2)+(AB15*3))/6 -> 0
A16: A215 | B16: Office of Capital and Forensic Writs | C16: 21.8 | D16: 21.7 | E16: 21.7 | F16: 22.7 | G16: =AVERAGE(C16:F16) -> 21.975 | H16: 22 | I16: 21.4 | J16: 22.3 | K16: 22.7 | L16: =AVERAGE(H16:K16) -> 22.1 | M16: 21 | N16: 21.4 | O16: 20.6 | P16: 20.4 | Q16: =AVERAGE(M16:P16) -> 20.85 | R16: =IF(G16>0,(+G16+(L16*2)+(Q16*3))/6,IF(L16>0,((L16*2)+(Q16*3))/5,Q16)) -> 21.454167 | T16: =+R16/$R$267 -> 0.0001207093 | V16: =claims!D16 -> 0 | W16: =claims!E16 -> 0 | X16: =claims!F16 -> 0 | Z16: =IF(G16>100,IF(V16<1,0,+V16/G16),IF(V16<1,0,+V16/100)) -> 0 | AA16: =IF(L16>100,IF(W16<1,0,+W16/L16),IF(W16<1,0,+W16/100)) -> 0 | AB16: =IF(Q16>100,IF(X16<1,0,+X16/Q16),IF(X16<1,0,+X16/100)) -> 0 | AD16: =(+Z16+(AA16*2)+(AB16*3))/6 -> 0
... A34: A243 | B34: Law Library, State | C34: 10.3 | D34: 10.3 | E34: 10.3 | F34: 10.3 | G34: =AVERAGE(C34:F34) -> 10.3 | H34: 10 | I34: 9.1 | J34: 8.5 | K34: 9.3 | L34: =AVERAGE(H34:K34) -> 9.225 | M34: 10 | N34: 10.9 | O34: 11.3 | P34: 10.8 | Q34: =AVERAGE(M34:P34) -> 10.75 | R34: =IF(G34>0,(+G34+(L34*2)+(Q34*3))/6,IF(L34>0,((L34*2)+(Q34*3))/5,Q34)) -> 10.166667 | T34: =+R34/$R$267 -> 5.7201532e-05 | V34: =claims!D34 -> 0 | W34: =claims!E34 -> 0 | X34: =claims!F34 -> 0 | Z34: =IF(G34>100,IF(V34<1,0,+V34/G34),IF(V34<1,0,+V34/100)) -> 0 | AA34: =IF(L34>100,IF(W34<1,0,+W34/L34),IF(W34<1,0,+W34/100)) -> 0 | AB34: =IF(Q34>100,IF(X34<1,0,+X34/Q34),IF(X34<1,0,+X34/100)) -> 0 | AD34: =(+Z34+(AA34*2)+(AB34*3))/6 -> 0
A35: A301 | B35: Governor's Office | C35: 273.4 | D35: 275.9 | E35: 282 | F35: 278.4 | G35: =AVERAGE(C35:F35) -> 277.425 | H35: 258.5 | I35: 252.9 | J35: 254.3 | K35: 254.8 | L35: =AVERAGE(H35:K35) -> 255.125 | M35: =165.2+86.8 -> 252 | N35: =166.8+100.5 -> 267.3 | O35: =174.6+106.4 -> 281 | P35: =187.8+105.8 -> 293.6 | Q35: =AVERAGE(M35:P35) -> 273.475 | R35: =IF(G35>0,(+G35+(L35*2)+(Q35*3))/6,IF(L35>0,((L35*2)+(Q35*3))/5,Q35)) -> 268.01667 | T35: =+R35/$R$267 -> 0.0015079637 | V35: =claims!D35 -> 3 | W35: =claims!E35 -> 1 | X35: =claims!F35 -> 0 | Z35: =IF(G35>100,IF(V35<1,0,+V35/G35),IF(V35<1,0,+V35/100)) -> 0.010813733 | AA35: =IF(L35>100,IF(W35<1,0,+W35/L35),IF(W35<1,0,+W35/100)) -> 0.0039196472 | AB35: =IF(Q35>100,IF(X35<1,0,+X35/Q35),IF(X35<1,0,+X35/100)) -> 0 | AD35: =(+Z35+(AA35*2)+(AB35*3))/6 -> 0.003108838
A36: A302 | B36: Attorney General, Office of the | C36: 4093.2 | D36: 4043.8 | E36: 4128.2 | F36: 4091.5 | G36: =AVERAGE(C36:F36) -> 4089.175 | H36: 4043.6 | I36: 4068.5 | J36: 4004 | K36: 3942.7 | L36: =AVERAGE(H36:K36) -> 4014.7 | M36: 3915.3 | N36: 3931.5 | O36: 3938.2 | P36: 4001.1 | Q36: =AVERAGE(M36:P36) -> 3946.525 | R36: =IF(G36>0,(+G36+(L36*2)+(Q36*3))/6,IF(L36>0,((L36*2)+(Q36*3))/5,Q36)) -> 3993.025 | T36: =+R36/$R$267 -> 0.022466277 | V36: =claims!D36 -> 14 | W36: =claims!E36 -> 12 | X36: =claims!F36 -> 8 | Z36: =IF(G36>100,IF(V36<1,0,+V36/G36),IF(V36<1,0,+V36/100)) -> 0.0034236735 | AA36: =IF(L36>100,IF(W36<1,0,+W36/L36),IF(W36<1,0,+W36/100)) -> 0.0029890154 | AB36: =IF(Q36>100,IF(X36<1,0,+X36/Q36),IF(X36<1,0,+X36/100)) -> 0.0020270998 | AD36: =(+Z36+(AA36*2)+(AB36*3))/6 -> 0.0025805006
A37: A303 | B37: Texas Facilities Commission | C37: 351.6 | D37: 358 | E37: 359.8 | F37: 361.2 | G37: =AVERAGE(C37:F37) -> 357.65 | H37: 359.6 | I37: 362.5 | J37: 366.4 | K37: 377.7 | L37: =AVERAGE(H37:K37) -> 366.55 | M37: 390.5 | N37: 390 | O37: 391.7 | P37: 390.2 | Q37: =AVERAGE(M37:P37) -> 390.6 | R37: =IF(G37>0,(+G37+(L37*2)+(Q37*3))/6,IF(L37>0,((L37*2)+(Q37*3))/5,Q37)) -> 377.09167 | T37: =+R37/$R$267 -> 0.0021216611 | V37: =claims!D37 -> 1 | W37: =claims!E37 -> 9 | X37: =claims!F37 -> 14 | Z37: =IF(G37>100,IF(V37<1,0,+V37/G37),IF(V37<1,0,+V37/100)) -> 0.0027960296 | AA37: =IF(L37>100,IF(W37<1,0,+W37/L37),IF(W37<1,0,+W37/100)) -> 0.024553267 | AB37: =IF(Q37>100,IF(X37<1,0,+X37/Q37),IF(X37<1,0,+X37/100)) -> 0.035842294 | AD37: =(+Z37+(AA37*2)+(AB37*3))/6 -> 0.026571574
A38: A304 | B38: Comptroller of Public Accounts, State | C38: 2671.6 | D38: 2627.4 | E38: 2601.6 | F38: 2578.8 | G38: =AVERAGE(C38:F38) -> 2619.85 | H38: 2492.6 | I38: 2490.2 | J38: 2476.2 | K38: 2481.8 | L38: =AVERAGE(H38:K38) -> 2485.2 | M38: 2463.7 | N38: 2534.4 | O38: 2580 | P38: 2680.6 | Q38: =AVERAGE(M38:P38) -> 2564.675 | R38: =IF(G38>0,(+G38+(L38*2)+(Q38*3))/6,IF(L38>0,((L38*2)+(Q38*3))/5,Q38)) -> 2547.3792 | T38: =+R38/$R$267 -> 0.014332524 | V38: =claims!D38 -> 4 | W38: =claims!E38 -> 11 | X38: =claims!F38 -> 7 | Z38: =IF(G38>100,IF(V38<1,0,+V38/G38),IF(V38<1,0,+V38/100)) -> 0.001526805 | AA38: =IF(L38>100,IF(W38<1,0,+W38/L38),IF(W38<1,0,+W38/100)) -> 0.0044262031 | AB38: =IF(Q38>100,IF(X38<1,0,+X38/Q38),IF(X38<1,0,+X38/100)) -> 0.0027293907 | AD38: =(+Z38+(AA38*2)+(AB38*3))/6 -> 0.0030945639
A39: A305 | B39: General Land Office | C39: 700.4 | D39: 715.7 | E39: 722.5 | F39: 727.8 | G39: =AVERAGE(C39:F39) -> 716.6 | H39: 698.1 | I39: 701.2 | J39: 711.7 | K39: 731 | L39: =AVERAGE(H39:K39) -> 710.5 | M39: 736.6 | N39: 739.1 | O39: 733.9 | P39: 750.6 | Q39: =AVERAGE(M39:P39) -> 740.05 | R39: =IF(G39>0,(+G39+(L39*2)+(Q39*3))/6,IF(L39>0,((L39*2)+(Q39*3))/5,Q39)) -> 726.29167 | T39: =+R39/$R$267 -> 0.0040863931 | V39: =claims!D39 -> 0 | W39: =claims!E39 -> 2 | X39: =claims!F39 -> 4 | Z39: =IF(G39>100,IF(V39<1,0,+V39/G39),IF(V39<1,0,+V39/100)) -> 0 | AA39: =IF(L39>100,IF(W39<1,0,+W39/L39),IF(W39<1,0,+W39/100)) -> 0.0028149191 | AB39: =IF(Q39>100,IF(X39<1,0,+X39/Q39),IF(X39<1,0,+X39/100)) -> 0.0054050402 | AD39: =(+Z39+(AA39*2)+(AB39*3))/6 -> 0.0036408265
A40: A306 | B40: Library and Archives Commission | C40: 154.1 | D40: 153.6 | E40: 152.9 | F40: 150.4 | G40: =AVERAGE(C40:F40) -> 152.75 | H40: 153.1 | I40: 153.3 | J40: 157 | K40: 151.7 | L40: =AVERAGE(H40:K40) -> 153.775 | M40: 153.1 | N40: 149.6 | O40: 151.5 | P40: 157 | Q40: =AVERAGE(M40:P40) -> 152.8 | R40: =IF(G40>0,(+G40+(L40*2)+(Q40*3))/6,IF(L40>0,((L40*2)+(Q40*3))/5,Q40)) -> 153.11667 | T40: =+R40/$R$267 -> 0.00086149258 | V40: =claims!D40 -> 0 | W40: =claims!E40 -> 0 | X40: =claims!F40 -> 1 | Z40: =IF(G40>100,IF(V40<1,0,+V40/G40),IF(V40<1,0,+V40/100)) -> 0 | AA40: =IF(L40>100,IF(W40<1,0,+W40/L40),IF(W40<1,0,+W40/100)) -> 0 | AB40: =IF(Q40>100,IF(X40<1,0,+X40/Q40),IF(X40<1,0,+X40/100)) -> 0.0065445026 | AD40: =(+Z40+(AA40*2)+(AB40*3))/6 -> 0.0032722513
A41: A307 | B41: Secretary of State | C41: 177.6 | D41: 177.1 | E41: 173.7 | F41: 168.5 | G41: =AVERAGE(C41:F41) -> 174.225 | H41: 168.6 | I41: 176.2 | J41: 190.5 | K41: 190.5 | L41: =AVERAGE(H41:K41) -> 181.45 | M41: 198.1 | N41: 198.5 | O41: 199.3 | P41: 206 | Q41: =AVERAGE(M41:P41) -> 200.475 | R41: =IF(G41>0,(+G41+(L41*2)+(Q41*3))/6,IF(L41>0,((L41*2)+(Q41*3))/5,Q41)) -> 189.75833 | T41: =+R41/$R$267 -> 0.0010676525 | V41: =claims!D41 -> 0 | W41: =claims!E41 -> 1 | X41: =claims!F41 -> 0 | Z41: =IF(G41>100,IF(V41<1,0,+V41/G41),IF(V41<1,0,+V41/100)) -> 0 | AA41: =IF(L41>100,IF(W41<1,0,+W41/L41),IF(W41<1,0,+W41/100)) -> 0.0055111601 | AB41: =IF(Q41>100,IF(X41<1,0,+X41/Q41),IF(X41<1,0,+X41/100)) -> 0 | AD41: =(+Z41+(AA41*2)+(AB41*3))/6 -> 0.0018370534
A42: A308 | B42: State Auditor's Office | C42: 179 | D42: 185 | E42: 183 | F42: 182 | G42: =AVERAGE(C42:F42) -> 182.25 | H42: 177 | I42: 181 | J42: 180 | K42: 179 | L42: =AVERAGE(H42:K42) -> 179.25 | M42: 175 | N42: 174 | O42: 174.4 | P42: 176 | Q42: =AVERAGE(M42:P42) -> 174.85 | R42: =IF(G42>0,(+G42+(L42*2)+(Q42*3))/6,IF(L42>0,((L42*2)+(Q42*3))/5,Q42)) -> 177.55 | T42: =+R42/$R$267 -> 0.00099896381 | V42: =claims!D42 -> 0 | W42: =claims!E42 -> 0 | X42: =claims!F42 -> 1 | Z42: =IF(G42>100,IF(V42<1,0,+V42/G42),IF(V42<1,0,+V42/100)) -> 0 | AA42: =IF(L42>100,IF(W42<1,0,+W42/L42),IF(W42<1,0,+W42/100)) -> 0 | AB42: =IF(Q42>100,IF(X42<1,0,+X42/Q42),IF(X42<1,0,+X42/100)) -> 0.0057191879 | AD42: =(+Z42+(AA42*2)+(AB42*3))/6 -> 0.0028595939
A43: A312 | B43: Securities Board | C43: 80.3 | D43: 80.3 | E43: 80.3 | F43: 81.3 | G43: =AVERAGE(C43:F43) -> 80.55 | H43: 81.3 | I43: 80.3 | J43: 78.3 | K43: 77.3 | L43: =AVERAGE(H43:K43) -> 79.3 | M43: 78.3 | N43: 80.3 | O43: 78.3 | P43: 80.3 | Q43: =AVERAGE(M43:P43) -> 79.3 | R43: =IF(G43>0,(+G43+(L43*2)+(Q43*3))/6,IF(L43>0,((L43*2)+(Q43*3))/5,Q43)) -> 79.508333 | T43: =+R43/$R$267 -> 0.00044734411 | V43: =claims!D43 -> 0 | W43: =claims!E43 -> 0 | X43: =claims!F43 -> 0 | Z43: =IF(G43>100,IF(V43<1,0,+V43/G43),IF(V43<1,0,+V43/100)) -> 0 | AA43: =IF(L43>100,IF(W43<1,0,+W43/L43),IF(W43<1,0,+W43/100)) -> 0 | AB43: =IF(Q43>100,IF(X43<1,0,+X43/Q43),IF(X43<1,0,+X43/100)) -> 0 | AD43: =(+Z43+(AA43*2)+(AB43*3))/6 -> 0
A44: A313 | B44: Information Resources, Dept. of | C44: 193.4 | D44: 192.7 | E44: 196.6 | F44: 199.6 | G44: =AVERAGE(C44:F44) -> 195.575 | H44: 200.1 | I44: 206.9 | J44: 221.9 | K44: 213.8 | L44: =AVERAGE(H44:K44) -> 210.675 | M44: 213.4 | N44: 212.5 | O44: 220.4 | P44: 225.7 | Q44: =AVERAGE(M44:P44) -> 218 | R44: =IF(G44>0,(+G44+(L44*2)+(Q44*3))/6,IF(L44>0,((L44*2)+(Q44*3))/5,Q44)) -> 211.82083 | T44: =+R44/$R$267 -> 0.0011917845 | V44: =claims!D44 -> 1 | W44: =claims!E44 -> 0 | X44: =claims!F44 -> 0 | Z44: =IF(G44>100,IF(V44<1,0,+V44/G44),IF(V44<1,0,+V44/100)) -> 0.005113128 | AA44: =IF(L44>100,IF(W44<1,0,+W44/L44),IF(W44<1,0,+W44/100)) -> 0 | AB44: =IF(Q44>100,IF(X44<1,0,+X44/Q44),IF(X44<1,0,+X44/100)) -> 0 | AD44: =(+Z44+(AA44*2)+(AB44*3))/6 -> 0.00085218799
A45: A320 | B45: Texas Workforce Commission | C45: 5133.6 | D45: 5412.1 | E45: 5444.5 | F45: 5437.7 | G45: =AVERAGE(C45:F45) -> 5356.975 | H45: 5221 | I45: 4846.6 | J45: 4666.3 | K45: 4703.8 | L45: =AVERAGE(H45:K45) -> 4859.425 | M45: 4674 | N45: 4655.7 | O45: 4761.1 | P45: 4710.5 | Q45: =AVERAGE(M45:P45) -> 4700.325 | R45: =IF(G45>0,(+G45+(L45*2)+(Q45*3))/6,IF(L45>0,((L45*2)+(Q45*3))/5,Q45)) -> 4862.8 | T45: =+R45/$R$267 -> 0.027359962 | V45: =claims!D45 -> 5 | W45: =claims!E45 -> 17 | X45: =claims!F45 -> 25 | Z45: =IF(G45>100,IF(V45<1,0,+V45/G45),IF(V45<1,0,+V45/100)) -> 0.00093336258 | AA45: =IF(L45>100,IF(W45<1,0,+W45/L45),IF(W45<1,0,+W45/100)) -> 0.0034983563 | AB45: =IF(Q45>100,IF(X45<1,0,+X45/Q45),IF(X45<1,0,+X45/100)) -> 0.0053187811 | AD45: =(+Z45+(AA45*2)+(AB45*3))/6 -> 0.0039810698
A46: A326 | B46: Texas Emergency Services Retirement System | C46: 8 | D46: 8.2 | E46: 8 | F46: 8.1 | G46: =AVERAGE(C46:F46) -> 8.075 | H46: 9 | I46: 9 | J46: 9 | K46: 8 | L46: =AVERAGE(H46:K46) -> 8.75 | M46: 9 | N46: 6 | O46: 7 | P46: 9 | Q46: =AVERAGE(M46:P46) -> 7.75 | R46: =IF(G46>0,(+G46+(L46*2)+(Q46*3))/6,IF(L46>0,((L46*2)+(Q46*3))/5,Q46)) -> 8.1375 | T46: =+R46/$R$267 -> 4.5784669e-05 | V46: =claims!D46 -> 0 | W46: =claims!E46 -> 0 | X46: =claims!F46 -> 0 | Z46: =IF(G46>100,IF(V46<1,0,+V46/G46),IF(V46<1,0,+V46/100)) -> 0 | AA46: =IF(L46>100,IF(W46<1,0,+W46/L46),IF(W46<1,0,+W46/100)) -> 0 | AB46: =IF(Q46>100,IF(X46<1,0,+X46/Q46),IF(X46<1,0,+X46/100)) -> 0 | AD46: =(+Z46+(AA46*2)+(AB46*3))/6 -> 0
A47: A329 | B47: Real Estate Commission | C47: 135.3 | D47: 135.1 | E47: 134 | F47: 134 | G47: =AVERAGE(C47:F47) -> 134.6 | H47: 139 | I47: 138 | J47: 140 | K47: 147 | L47: =AVERAGE(H47:K47) -> 141 | M47: 151 | N47: 159 | O47: 157 | P47: 161 | Q47: =AVERAGE(M47:P47) -> 157 | R47: =IF(G47>0,(+G47+(L47*2)+(Q47*3))/6,IF(L47>0,((L47*2)+(Q47*3))/5,Q47)) -> 147.93333 | T47: =+R47/$R$267 -> 0.00083232918 | V47: =claims!D47 -> 0 | W47: =claims!E47 -> 0 | X47: =claims!F47 -> 0 | Z47: =IF(G47>100,IF(V47<1,0,+V47/G47),IF(V47<1,0,+V47/100)) -> 0 | AA47: =IF(L47>100,IF(W47<1,0,+W47/L47),IF(W47<1,0,+W47/100)) -> 0 | AB47: =IF(Q47>100,IF(X47<1,0,+X47/Q47),IF(X47<1,0,+X47/100)) -> 0 | AD47: =(+Z47+(AA47*2)+(AB47*3))/6 -> 0
... A103: A696 | B103: Criminal Justice, Department of | C103: 33297.7 | D103: 33239.5 | E103: 32612 | F103: 31224.7 | G103: =AVERAGE(C103:F103) -> 32593.475 | H103: 29676.1 | I103: 28941.4 | J103: 28619.2 | K103: 29072.3 | L103: =AVERAGE(H103:K103) -> 29077.25 | M103: 29363.4 | N103: 29622 | O103: 29896.5 | P103: 30029.3 | Q103: =AVERAGE(M103:P103) -> 29727.8 | R103: =IF(G103>0,(+G103+(L103*2)+(Q103*3))/6,IF(L103>0,((L103*2)+(Q103*3))/5,Q103)) -> 29988.562 | T103: =+R103/$R$267 -> 0.16872705 | V103: =claims!D103 -> 2314 | W103: =claims!E103 -> 2223 | X103: =claims!F103 -> 1662 | Z103: =IF(G103>100,IF(V103<1,0,+V103/G103),IF(V103<1,0,+V103/100)) -> 0.070995805 | AA103: =IF(L103>100,IF(W103<1,0,+W103/L103),IF(W103<1,0,+W103/100)) -> 0.076451521 | AB103: =IF(Q103>100,IF(X103<1,0,+X103/Q103),IF(X103<1,0,+X103/100)) -> 0.055907265 | AD103: =(+Z103+(AA103*2)+(AB103*3))/6 -> 0.065270107
A104: WSD | B104: Windham School District | F104: 906.4 | G104: =AVERAGE(C104:F104) -> 906.4 | K104: 875.6 | L104: =AVERAGE(H104:K104) -> 875.6 | P104: 900.7 | Q104: =AVERAGE(M104:P104) -> 900.7 | R104: =IF(G104>0,(+G104+(L104*2)+(Q104*3))/6,IF(L104>0,((L104*2)+(Q104*3))/5,Q104)) -> 893.28333 | T104: =+R104/$R$267 -> 0.0050259517 | V104: =claims!D104 -> 6 | W104: =claims!E104 -> 9 | X104: =claims!F104 -> 6 | Z104: =IF(G104>100,IF(V104<1,0,+V104/G104),IF(V104<1,0,+V104/100)) -> 0.006619594 | AA104: =IF(L104>100,IF(W104<1,0,+W104/L104),IF(W104<1,0,+W104/100)) -> 0.010278666 | AB104: =IF(Q104>100,IF(X104<1,0,+X104/Q104),IF(X104<1,0,+X104/100)) -> 0.0066614855 | AD104: =(+Z104+(AA104*2)+(AB104*3))/6 -> 0.0078602304
A105: A701 | B105: Education Agency, Texas | C105: 995.6 | D105: 996.8 | E105: 992.2 | F105: 1011.4 | G105: =AVERAGE(C105:F105) -> 999 | H105: 1035.8 | I105: 1062 | J105: 1087.5 | K105: 1115.2 | L105: =AVERAGE(H105:K105) -> 1075.125 | M105: 1136.4 | N105: 1105.7 | O105: 1102.9 | P105: 1138.1 | Q105: =AVERAGE(M105:P105) -> 1120.775 | R105: =IF(G105>0,(+G105+(L105*2)+(Q105*3))/6,IF(L105>0,((L105*2)+(Q105*3))/5,Q105)) -> 1085.2625 | T105: =+R105/$R$267 -> 0.0061060995 | V105: =claims!D105 -> 0 | W105: =claims!E105 -> 0 | X105: =claims!F105 -> 3 | Z105: =IF(G105>100,IF(V105<1,0,+V105/G105),IF(V105<1,0,+V105/100)) -> 0 | AA105: =IF(L105>100,IF(W105<1,0,+W105/L105),IF(W105<1,0,+W105/100)) -> 0 | AB105: =IF(Q105>100,IF(X105<1,0,+X105/Q105),IF(X105<1,0,+X105/100)) -> 0.0026767192 | AD105: =(+Z105+(AA105*2)+(AB105*3))/6 -> 0.0013383596
A106: A706 | B106: Texas Permanent School Fund Corporation | C106: 0 | D106: 0 | E106: 0 | F106: 0 | G106: =AVERAGE(C106:F106) -> 0 | H106: 0 | I106: 0 | J106: 0 | K106: 0 | L106: =AVERAGE(H106:K106) -> 0 | N106: 84.8 | O106: 87.9 | P106: 94.6 | Q106: =AVERAGE(M106:P106) -> 89.1 | R106: =IF(G106>0,(+G106+(L106*2)+(Q106*3))/6,IF(L106>0,((L106*2)+(Q106*3))/5,Q106)) -> 89.1 | T106: =+R106/$R$267 -> 0.00050131048 | V106: =claims!D106 -> 0 | W106: =claims!E106 -> 0 | X106: =claims!F106 -> 0 | Z106: =IF(G106>100,IF(V106<1,0,+V106/G106),IF(V106<1,0,+V106/100)) -> 0 | AA106: =IF(L106>100,IF(W106<1,0,+W106/L106),IF(W106<1,0,+W106/100)) -> 0 | AB106: =IF(Q106>100,IF(X106<1,0,+X106/Q106),IF(X106<1,0,+X106/100)) -> 0 | AD106: =(+Z106+(AA106*2)+(AB106*3))/6 -> 0
A107: A717 | B107: Texas Southern University | C107: 1300.4 | D107: 1286.8 | E107: 1247.8 | F107: 1297.4 | G107: =AVERAGE(C107:F107) -> 1283.1 | H107: 1411.5 | I107: 1322.2 | J107: 1206.1 | K107: 1122.9 | L107: =AVERAGE(H107:K107) -> 1265.675 | M107: 1102.7 | N107: 1197.9 | O107: 1165.5 | P107: 799 | Q107: =AVERAGE(M107:P107) -> 1066.275 | R107: =IF(G107>0,(+G107+(L107*2)+(Q107*3))/6,IF(L107>0,((L107*2)+(Q107*3))/5,Q107)) -> 1168.8792 | T107: =+R107/$R$267 -> 0.0065765586 | V107: =claims!D107 -> 13 | W107: =claims!E107 -> 17 | X107: =claims!F107 -> 16 | Z107: =IF(G107>100,IF(V107<1,0,+V107/G107),IF(V107<1,0,+V107/100)) -> 0.010131712 | AA107: =IF(L107>100,IF(W107<1,0,+W107/L107),IF(W107<1,0,+W107/100)) -> 0.013431568 | AB107: =IF(Q107>100,IF(X107<1,0,+X107/Q107),IF(X107<1,0,+X107/100)) -> 0.01500551 | AD107: =(+Z107+(AA107*2)+(AB107*3))/6 -> 0.013668563
A108: A719 | B108: Texas State Technical College - System | C108: 1535.3 | D108: 1495.7 | E108: 1517.4 | F108: 1530.8 | G108: =AVERAGE(C108:F108) -> 1519.8 | H108: 1529.4 | I108: 1516.3 | J108: 1516.2 | K108: 1529.9 | L108: =AVERAGE(H108:K108) -> 1522.95 | M108: =42.2+61.7+85.3+485.5+222.1+658+92.5 -> 1647.3 | N108: =43.7+62.9+89.4+497.3+218.2+660+93.1 -> 1664.6 | O108: =46.6+67+91.3+507.8+216.2+682.7+95.2 -> 1706.8 | P108: =48.4+68.1+92.2+506+214.9+686.6+97.2 -> 1713.4 | Q108: =AVERAGE(M108:P108) -> 1683.025 | R108: =IF(G108>0,(+G108+(L108*2)+(Q108*3))/6,IF(L108>0,((L108*2)+(Q108*3))/5,Q108)) -> 1602.4625 | T108: =+R108/$R$267 -> 0.0090160633 | V108: =claims!D108 -> 15 | W108: =claims!E108 -> 19 | X108: =claims!F108 -> 23 | Z108: =IF(G108>100,IF(V108<1,0,+V108/G108),IF(V108<1,0,+V108/100)) -> 0.0098697197 | AA108: =IF(L108>100,IF(W108<1,0,+W108/L108),IF(W108<1,0,+W108/100)) -> 0.012475787 | AB108: =IF(Q108>100,IF(X108<1,0,+X108/Q108),IF(X108<1,0,+X108/100)) -> 0.013665869 | AD108: =(+Z108+(AA108*2)+(AB108*3))/6 -> 0.012636484
A109: A730 | B109: University of Houston | C109: 6856.1 | D109: 6720.7 | E109: 6834.4 | F109: 5343.3 | G109: =AVERAGE(C109:F109) -> 6438.625 | H109: 6885.3 | I109: 6714.1 | J109: 6790.7 | K109: 5340.6 | L109: =AVERAGE(H109:K109) -> 6432.675 | M109: 7030.3 | N109: 6858 | O109: 6978.7 | P109: 5550.6 | Q109: =AVERAGE(M109:P109) -> 6604.4 | R109: =IF(G109>0,(+G109+(L109*2)+(Q109*3))/6,IF(L109>0,((L109*2)+(Q109*3))/5,Q109)) -> 6519.5292 | T109: =+R109/$R$267 -> 0.03668135 | V109: =claims!D109 -> 49 | W109: =claims!E109 -> 66 | X109: =claims!F109 -> 74 | Z109: =IF(G109>100,IF(V109<1,0,+V109/G109),IF(V109<1,0,+V109/100)) -> 0.0076103205 | AA109: =IF(L109>100,IF(W109<1,0,+W109/L109),IF(W109<1,0,+W109/100)) -> 0.010260117 | AB109: =IF(Q109>100,IF(X109<1,0,+X109/Q109),IF(X109<1,0,+X109/100)) -> 0.011204651 | AD109: =(+Z109+(AA109*2)+(AB109*3))/6 -> 0.010290752
A110: A731 | B110: Texas Woman's University | C110: 1829.4 | D110: 1946.8 | E110: 1867.4 | F110: 1390.9 | G110: =AVERAGE(C110:F110) -> 1758.625 | H110: 1901.5 | I110: 1997.7 | J110: 1888.8 | K110: 1452.2 | L110: =AVERAGE(H110:K110) -> 1810.05 | M110: 1938.5 | N110: 2072.9 | O110: 1977 | P110: 1549.3 | Q110: =AVERAGE(M110:P110) -> 1884.425 | R110: =IF(G110>0,(+G110+(L110*2)+(Q110*3))/6,IF(L110>0,((L110*2)+(Q110*3))/5,Q110)) -> 1838.6667 | T110: =+R110/$R$267 -> 0.010345038 | V110: =claims!D110 -> 29 | W110: =claims!E110 -> 29 | X110: =claims!F110 -> 32 | Z110: =IF(G110>100,IF(V110<1,0,+V110/G110),IF(V110<1,0,+V110/100)) -> 0.016490156 | AA110: =IF(L110>100,IF(W110<1,0,+W110/L110),IF(W110<1,0,+W110/100)) -> 0.016021657 | AB110: =IF(Q110>100,IF(X110<1,0,+X110/Q110),IF(X110<1,0,+X110/100)) -> 0.016981307 | AD110: =(+Z110+(AA110*2)+(AB110*3))/6 -> 0.016579565
A111: A733 | B111: Texas Tech University | C111: 7195 | D111: 6808.2 | E111: 7133.2 | F111: 5570 | G111: =AVERAGE(C111:F111) -> 6676.6 | H111: 7390.6 | I111: 7093.9 | J111: 7356.9 | K111: 5829.6 | L111: =AVERAGE(H111:K111) -> 6917.75 | M111: =7538.5+240.5 -> 7779 | N111: =7247.4+243.4 -> 7490.8 | O111: =7490+248.8 -> 7738.8 | P111: =5954.8+250.2 -> 6205 | Q111: =AVERAGE(M111:P111) -> 7303.4 | R111: =IF(G111>0,(+G111+(L111*2)+(Q111*3))/6,IF(L111>0,((L111*2)+(Q111*3))/5,Q111)) -> 7070.3833 | T111: =+R111/$R$267 -> 0.039780665 | V111: =claims!D111 -> 84 | W111: =claims!E111 -> 101 | X111: =claims!F111 -> 105 | Z111: =IF(G111>100,IF(V111<1,0,+V111/G111),IF(V111<1,0,+V111/100)) -> 0.012581254 | AA111: =IF(L111>100,IF(W111<1,0,+W111/L111),IF(W111<1,0,+W111/100)) -> 0.014600123 | AB111: =IF(Q111>100,IF(X111<1,0,+X111/Q111),IF(X111<1,0,+X111/100)) -> 0.014376866 | AD111: =(+Z111+(AA111*2)+(AB111*3))/6 -> 0.014152016
A112: A734 | B112: Lamar University - Beaumont | C112: 1369.7 | D112: 1382.5 | E112: 1339.5 | F112: 1018.9 | G112: =AVERAGE(C112:F112) -> 1277.65 | H112: 1359.6 | I112: 1373.6 | J112: 1421.2 | K112: 1090 | L112: =AVERAGE(H112:K112) -> 1311.1 | M112: 1455.7 | N112: 1380.5 | O112: 1511.1 | P112: 1149.1 | Q112: =AVERAGE(M112:P112) -> 1374.1 | R112: =IF(G112>0,(+G112+(L112*2)+(Q112*3))/6,IF(L112>0,((L112*2)+(Q112*3))/5,Q112)) -> 1337.025 | T112: =+R112/$R$267 -> 0.007522611 | V112: =claims!D112 -> 16 | W112: =claims!E112 -> 10 | X112: =claims!F112 -> 17 | Z112: =IF(G112>100,IF(V112<1,0,+V112/G112),IF(V112<1,0,+V112/100)) -> 0.012522991 | AA112: =IF(L112>100,IF(W112<1,0,+W112/L112),IF(W112<1,0,+W112/100)) -> 0.0076271833 | AB112: =IF(Q112>100,IF(X112<1,0,+X112/Q112),IF(X112<1,0,+X112/100)) -> 0.012371734 | AD112: =(+Z112+(AA112*2)+(AB112*3))/6 -> 0.010815427
A113: A735 | B113: Midwestern State University | C113: 831.8 | D113: 796.6 | E113: 828.3 | F113: 594.6 | G113: =AVERAGE(C113:F113) -> 762.825 | H113: 824.3 | I113: 786.6 | J113: 807.4 | K113: 574.4 | L113: =AVERAGE(H113:K113) -> 748.175 | M113: 819 | N113: 767.6 | O113: 819.2 | P113: 559.8 | Q113: =AVERAGE(M113:P113) -> 741.4 | R113: =IF(G113>0,(+G113+(L113*2)+(Q113*3))/6,IF(L113>0,((L113*2)+(Q113*3))/5,Q113)) -> 747.22917 | T113: =+R113/$R$267 -> 0.0042041954 | V113: =claims!D113 -> 7 | W113: =claims!E113 -> 9 | X113: =claims!F113 -> 12 | Z113: =IF(G113>100,IF(V113<1,0,+V113/G113),IF(V113<1,0,+V113/100)) -> 0.0091764166 | AA113: =IF(L113>100,IF(W113<1,0,+W113/L113),IF(W113<1,0,+W113/100)) -> 0.012029271 | AB113: =IF(Q113>100,IF(X113<1,0,+X113/Q113),IF(X113<1,0,+X113/100)) -> 0.016185595 | AD113: =(+Z113+(AA113*2)+(AB113*3))/6 -> 0.013631957
A114: A737 | B114: Angelo State University | C114: 1084.8 | D114: 1015.4 | E114: 1056.5 | F114: 666.4 | G114: =AVERAGE(C114:F114) -> 955.775 | H114: 1096.7 | I114: 1040.9 | J114: 1062.5 | K114: 670.2 | L114: =AVERAGE(H114:K114) -> 967.575 | M114: 1107.5 | N114: 1063.3 | O114: 1082.3 | P114: 694.5 | Q114: =AVERAGE(M114:P114) -> 986.9 | R114: =IF(G114>0,(+G114+(L114*2)+(Q114*3))/6,IF(L114>0,((L114*2)+(Q114*3))/5,Q114)) -> 975.27083 | T114: =+R114/$R$267 -> 0.0054872445 | V114: =claims!D114 -> 8 | W114: =claims!E114 -> 6 | X114: =claims!F114 -> 5 | Z114: =IF(G114>100,IF(V114<1,0,+V114/G114),IF(V114<1,0,+V114/100)) -> 0.0083701708 | AA114: =IF(L114>100,IF(W114<1,0,+W114/L114),IF(W114<1,0,+W114/100)) -> 0.0062010697 | AB114: =IF(Q114>100,IF(X114<1,0,+X114/Q114),IF(X114<1,0,+X114/100)) -> 0.0050663694 | AD114: =(+Z114+(AA114*2)+(AB114*3))/6 -> 0.0059952364
A115: A739 | B115: Texas Tech University Health Sciences Center | C115: 4604.9 | D115: 4658.2 | E115: 4545.4 | F115: 4516.1 | G115: =AVERAGE(C115:F115) -> 4581.15 | H115: 4552.2 | I115: 4595.2 | J115: 4502.9 | K115: 4553.8 | L115: =AVERAGE(H115:K115) -> 4551.025 | M115: 4647.3 | N115: 4737.7 | O115: 4665.8 | P115: 4701 | Q115: =AVERAGE(M115:P115) -> 4687.95 | R115: =IF(G115>0,(+G115+(L115*2)+(Q115*3))/6,IF(L115>0,((L115*2)+(Q115*3))/5,Q115)) -> 4624.5083 | T115: =+R115/$R$267 -> 0.026019242 | V115: =claims!D115 -> 37 | W115: =claims!E115 -> 25 | X115: =claims!F115 -> 38 | Z115: =IF(G115>100,IF(V115<1,0,+V115/G115),IF(V115<1,0,+V115/100)) -> 0.0080765747 | AA115: =IF(L115>100,IF(W115<1,0,+W115/L115),IF(W115<1,0,+W115/100)) -> 0.005493268 | AB115: =IF(Q115>100,IF(X115<1,0,+X115/Q115),IF(X115<1,0,+X115/100)) -> 0.0081058885 | AD115: =(+Z115+(AA115*2)+(AB115*3))/6 -> 0.0072301294
A116: A752 | B116: University of North Texas | C116: 5620.6 | D116: 5349.2 | E116: 5456.3 | F116: 3966.7 | G116: =AVERAGE(C116:F116) -> 5098.2 | H116: 5994.7 | I116: 5682.9 | J116: 5944.3 | K116: 4241.4 | L116: =AVERAGE(H116:K116) -> 5465.825 | M116: 6452.5 | N116: 6177.9 | O116: 6438 | P116: 4672 | Q116: =AVERAGE(M116:P116) -> 5935.1 | R116: =IF(G116>0,(+G116+(L116*2)+(Q116*3))/6,IF(L116>0,((L116*2)+(Q116*3))/5,Q116)) -> 5639.1917 | T116: =+R116/$R$267 -> 0.031728236 | V116: =claims!D116 -> 58 | W116: =claims!E116 -> 76 | X116: =claims!F116 -> 79 | Z116: =IF(G116>100,IF(V116<1,0,+V116/G116),IF(V116<1,0,+V116/100)) -> 0.011376564 | AA116: =IF(L116>100,IF(W116<1,0,+W116/L116),IF(W116<1,0,+W116/100)) -> 0.01390458 | AB116: =IF(Q116>100,IF(X116<1,0,+X116/Q116),IF(X116<1,0,+X116/100)) -> 0.013310643 | AD116: =(+Z116+(AA116*2)+(AB116*3))/6 -> 0.013186276
A117: A753 | B117: Sam Houston State University | C117: 2931.9 | D117: 2803.5 | E117: 3038.5 | F117: 2213.6 | G117: =AVERAGE(C117:F117) -> 2746.875 | H117: 3047.4 | I117: 2886.6 | J117: 3089.6 | K117: 2262.4 | L117: =AVERAGE(H117:K117) -> 2821.5 | M117: 3168.1 | N117: 2997.6 | O117: 3197.4 | P117: 2349.4 | Q117: =AVERAGE(M117:P117) -> 2928.125 | R117: =IF(G117>0,(+G117+(L117*2)+(Q117*3))/6,IF(L117>0,((L117*2)+(Q117*3))/5,Q117)) -> 2862.375 | T117: =+R117/$R$267 -> 0.01610481 | V117: =claims!D117 -> 12 | W117: =claims!E117 -> 21 | X117: =claims!F117 -> 27 | Z117: =IF(G117>100,IF(V117<1,0,+V117/G117),IF(V117<1,0,+V117/100)) -> 0.0043686007 | AA117: =IF(L117>100,IF(W117<1,0,+W117/L117),IF(W117<1,0,+W117/100)) -> 0.0074428495 | AB117: =IF(Q117>100,IF(X117<1,0,+X117/Q117),IF(X117<1,0,+X117/100)) -> 0.0092209178 | AD117: =(+Z117+(AA117*2)+(AB117*3))/6 -> 0.0078195089
A118: A754 | B118: Texas State University | C118: 4738 | D118: 4516.4 | E118: 4636.9 | F118: 3298.8 | G118: =AVERAGE(C118:F118) -> 4297.525 | H118: 4736.7 | I118: 4539.6 | J118: 4672 | K118: 3366 | L118: =AVERAGE(H118:K118) -> 4328.575 | M118: 4925.5 | N118: 4697.2 | O118: 4857.6 | P118: 3520.5 | Q118: =AVERAGE(M118:P118) -> 4500.2 | R118: =IF(G118>0,(+G118+(L118*2)+(Q118*3))/6,IF(L118>0,((L118*2)+(Q118*3))/5,Q118)) -> 4409.2125 | T118: =+R118/$R$267 -> 0.024807906 | V118: =claims!D118 -> 34 | W118: =claims!E118 -> 44 | X118: =claims!F118 -> 45 | Z118: =IF(G118>100,IF(V118<1,0,+V118/G118),IF(V118<1,0,+V118/100)) -> 0.0079115305 | AA118: =IF(L118>100,IF(W118<1,0,+W118/L118),IF(W118<1,0,+W118/100)) -> 0.010165008 | AB118: =IF(Q118>100,IF(X118<1,0,+X118/Q118),IF(X118<1,0,+X118/100)) -> 0.0099995556 | AD118: =(+Z118+(AA118*2)+(AB118*3))/6 -> 0.0097067022
A119: A756 | B119: Sul Ross State University | C119: 430.6 | D119: 418.2 | E119: 448.2 | F119: 319.6 | G119: =AVERAGE(C119:F119) -> 404.15 | H119: 412.8 | I119: 391.4 | J119: 412.7 | K119: 281.6 | L119: =AVERAGE(H119:K119) -> 374.625 | M119: =47.7+353.9 -> 401.6 | N119: =45+300.4 -> 345.4 | O119: =48+374.4 -> 422.4 | P119: =32.8+292.8 -> 325.6 | Q119: =AVERAGE(M119:P119) -> 373.75 | R119: =IF(G119>0,(+G119+(L119*2)+(Q119*3))/6,IF(L119>0,((L119*2)+(Q119*3))/5,Q119)) -> 379.10833 | T119: =+R119/$R$267 -> 0.0021330076 | V119: =claims!D119 -> 5 | W119: =claims!E119 -> 7 | X119: =claims!F119 -> 6 | Z119: =IF(G119>100,IF(V119<1,0,+V119/G119),IF(V119<1,0,+V119/100)) -> 0.012371644 | AA119: =IF(L119>100,IF(W119<1,0,+W119/L119),IF(W119<1,0,+W119/100)) -> 0.018685352 | AB119: =IF(Q119>100,IF(X119<1,0,+X119/Q119),IF(X119<1,0,+X119/100)) -> 0.016053512 | AD119: =(+Z119+(AA119*2)+(AB119*3))/6 -> 0.016317147
A120: A758 | B120: Texas State University System Administration | C120: 43.6 | D120: 43.5 | E120: 44 | F120: 44 | G120: =AVERAGE(C120:F120) -> 43.775 | H120: 42.1 | I120: 42.1 | J120: 43.8 | K120: 43.7 | L120: =AVERAGE(H120:K120) -> 42.925 | M120: 44.5 | N120: 45.5 | O120: 45.5 | P120: 45 | Q120: =AVERAGE(M120:P120) -> 45.125 | R120: =IF(G120>0,(+G120+(L120*2)+(Q120*3))/6,IF(L120>0,((L120*2)+(Q120*3))/5,Q120)) -> 44.166667 | T120: =+R120/$R$267 -> 0.00024849846 | V120: =claims!D120 -> 0 | W120: =claims!E120 -> 0 | X120: =claims!F120 -> 0 | Z120: =IF(G120>100,IF(V120<1,0,+V120/G120),IF(V120<1,0,+V120/100)) -> 0 | AA120: =IF(L120>100,IF(W120<1,0,+W120/L120),IF(W120<1,0,+W120/100)) -> 0 | AB120: =IF(Q120>100,IF(X120<1,0,+X120/Q120),IF(X120<1,0,+X120/100)) -> 0 | AD120: =(+Z120+(AA120*2)+(AB120*3))/6 -> 0
A121: A759 | B121: University of Houston - Clear Lake | C121: 1144.2 | D121: 1083.8 | E121: 1143.8 | F121: 750.8 | G121: =AVERAGE(C121:F121) -> 1030.65 | H121: 1108.5 | I121: 1087.1 | J121: 1120.2 | K121: 795.5 | L121: =AVERAGE(H121:K121) -> 1027.825 | M121: 1152.6 | N121: 1145.9 | O121: 1135.9 | P121: 819.6 | Q121: =AVERAGE(M121:P121) -> 1063.5 | R121: =IF(G121>0,(+G121+(L121*2)+(Q121*3))/6,IF(L121>0,((L121*2)+(Q121*3))/5,Q121)) -> 1046.1333 | T121: =+R121/$R$267 -> 0.0058859439 | V121: =claims!D121 -> 9 | W121: =claims!E121 -> 15 | X121: =claims!F121 -> 12 | Z121: =IF(G121>100,IF(V121<1,0,+V121/G121),IF(V121<1,0,+V121/100)) -> 0.0087323534 | AA121: =IF(L121>100,IF(W121<1,0,+W121/L121),IF(W121<1,0,+W121/100)) -> 0.014593924 | AB121: =IF(Q121>100,IF(X121<1,0,+X121/Q121),IF(X121<1,0,+X121/100)) -> 0.011283498 | AD121: =(+Z121+(AA121*2)+(AB121*3))/6 -> 0.011961783
A122: A763 | B122: Univ. of North Texas Health Science Center | C122: 1326.1 | D122: 1336.2 | E122: 1339.6 | F122: 1326.1 | G122: =AVERAGE(C122:F122) -> 1332 | H122: 1321.1 | I122: 1334.7 | J122: 1333.2 | K122: 1334.8 | L122: =AVERAGE(H122:K122) -> 1330.95 | M122: 1345 | N122: 1355 | O122: 1357.7 | P122: 1371.2 | Q122: =AVERAGE(M122:P122) -> 1357.225 | R122: =IF(G122>0,(+G122+(L122*2)+(Q122*3))/6,IF(L122>0,((L122*2)+(Q122*3))/5,Q122)) -> 1344.2625 | T122: =+R122/$R$267 -> 0.0075633319 | V122: =claims!D122 -> 19 | W122: =claims!E122 -> 14 | X122: =claims!F122 -> 20 | Z122: =IF(G122>100,IF(V122<1,0,+V122/G122),IF(V122<1,0,+V122/100)) -> 0.014264264 | AA122: =IF(L122>100,IF(W122<1,0,+W122/L122),IF(W122<1,0,+W122/100)) -> 0.010518802 | AB122: =IF(Q122>100,IF(X122<1,0,+X122/Q122),IF(X122<1,0,+X122/100)) -> 0.01473595 | AD122: =(+Z122+(AA122*2)+(AB122*3))/6 -> 0.01325162
A123: A765 | B123: University of Houston - Victoria | C123: 494.2 | D123: 498 | E123: 488.8 | F123: 399.8 | G123: =AVERAGE(C123:F123) -> 470.2 | H123: 498.2 | I123: 478.1 | J123: 515.7 | K123: 402.9 | L123: =AVERAGE(H123:K123) -> 473.725 | M123: 498.3 | N123: 491.5 | O123: 498.9 | P123: 390.2 | Q123: =AVERAGE(M123:P123) -> 469.725 | R123: =IF(G123>0,(+G123+(L123*2)+(Q123*3))/6,IF(L123>0,((L123*2)+(Q123*3))/5,Q123)) -> 471.1375 | T123: =+R123/$R$267 -> 0.0026507987 | V123: =claims!D123 -> 4 | W123: =claims!E123 -> 4 | X123: =claims!F123 -> 2 | Z123: =IF(G123>100,IF(V123<1,0,+V123/G123),IF(V123<1,0,+V123/100)) -> 0.0085070183 | AA123: =IF(L123>100,IF(W123<1,0,+W123/L123),IF(W123<1,0,+W123/100)) -> 0.0084437173 | AB123: =IF(Q123>100,IF(X123<1,0,+X123/Q123),IF(X123<1,0,+X123/100)) -> 0.0042578104 | AD123: =(+Z123+(AA123*2)+(AB123*3))/6 -> 0.006361314
A124: A769 | B124: University of North Texas System Administration | C124: 413.8 | D124: 410 | E124: 414.4 | F124: 419.7 | G124: =AVERAGE(C124:F124) -> 414.475 | H124: 400.7 | I124: 392.5 | J124: 380.4 | K124: 381.2 | L124: =AVERAGE(H124:K124) -> 388.7 | M124: 351.4 | N124: 355.1 | O124: 362.1 | P124: 368.8 | Q124: =AVERAGE(M124:P124) -> 359.35 | R124: =IF(G124>0,(+G124+(L124*2)+(Q124*3))/6,IF(L124>0,((L124*2)+(Q124*3))/5,Q124)) -> 378.32083 | T124: =+R124/$R$267 -> 0.0021285769 | V124: =claims!D124 -> 0 | W124: =claims!E124 -> 0 | X124: =claims!F124 -> 2 | Z124: =IF(G124>100,IF(V124<1,0,+V124/G124),IF(V124<1,0,+V124/100)) -> 0 | AA124: =IF(L124>100,IF(W124<1,0,+W124/L124),IF(W124<1,0,+W124/100)) -> 0 | AB124: =IF(Q124>100,IF(X124<1,0,+X124/Q124),IF(X124<1,0,+X124/100)) -> 0.0055656046 | AD124: =(+Z124+(AA124*2)+(AB124*3))/6 -> 0.0027828023
A125: A771 | B125: Blind and Visually Impaired, School for the | C125: 353.9 | D125: 340.7 | E125: 344.3 | F125: 263.2 | G125: =AVERAGE(C125:F125) -> 325.525 | H125: 366.2 | I125: 353.5 | J125: 351.3 | K125: 245.8 | L125: =AVERAGE(H125:K125) -> 329.2 | M125: 347.7 | N125: 346.8 | O125: 342.4 | P125: 250.2 | Q125: =AVERAGE(M125:P125) -> 321.775 | R125: =IF(G125>0,(+G125+(L125*2)+(Q125*3))/6,IF(L125>0,((L125*2)+(Q125*3))/5,Q125)) -> 324.875 | T125: =+R125/$R$267 -> 0.0018278703 | V125: =claims!D125 -> 4 | W125: =claims!E125 -> 8 | X125: =claims!F125 -> 9 | Z125: =IF(G125>100,IF(V125<1,0,+V125/G125),IF(V125<1,0,+V125/100)) -> 0.012287843 | AA125: =IF(L125>100,IF(W125<1,0,+W125/L125),IF(W125<1,0,+W125/100)) -> 0.024301337 | AB125: =IF(Q125>100,IF(X125<1,0,+X125/Q125),IF(X125<1,0,+X125/100)) -> 0.027969855 | AD125: =(+Z125+(AA125*2)+(AB125*3))/6 -> 0.024133347
A126: A772 | B126: Deaf, School for the | C126: 437 | D126: 421.7 | E126: 435.9 | F126: 313.6 | G126: =AVERAGE(C126:F126) -> 402.05 | H126: 434.2 | I126: 416.9 | J126: 426.9 | K126: 332.4 | L126: =AVERAGE(H126:K126) -> 402.6 | M126: 439.6 | N126: 427 | O126: 445.5 | P126: 357.8 | Q126: =AVERAGE(M126:P126) -> 417.475 | R126: =IF(G126>0,(+G126+(L126*2)+(Q126*3))/6,IF(L126>0,((L126*2)+(Q126*3))/5,Q126)) -> 409.94583 | T126: =+R126/$R$267 -> 0.0023065111 | V126: =claims!D126 -> 14 | W126: =claims!E126 -> 17 | X126: =claims!F126 -> 21 | Z126: =IF(G126>100,IF(V126<1,0,+V126/G126),IF(V126<1,0,+V126/100)) -> 0.03482154 | AA126: =IF(L126>100,IF(W126<1,0,+W126/L126),IF(W126<1,0,+W126/100)) -> 0.042225534 | AB126: =IF(Q126>100,IF(X126<1,0,+X126/Q126),IF(X126<1,0,+X126/100)) -> 0.050302413 | AD126: =(+Z126+(AA126*2)+(AB126*3))/6 -> 0.045029975
A127: A773 | B127: University of North Texas Dallas | C127: 489.6 | D127: 481.3 | E127: 487.1 | F127: 355.4 | G127: =AVERAGE(C127:F127) -> 453.35 | H127: 485.2 | I127: 488.6 | J127: 498.5 | K127: 391.1 | L127: =AVERAGE(H127:K127) -> 465.85 | M127: 515.2 | N127: 496 | O127: 494 | P127: 376.8 | Q127: =AVERAGE(M127:P127) -> 470.5 | R127: =IF(G127>0,(+G127+(L127*2)+(Q127*3))/6,IF(L127>0,((L127*2)+(Q127*3))/5,Q127)) -> 466.09167 | T127: =+R127/$R$267 -> 0.0026224089 | V127: =claims!D127 -> 1 | W127: =claims!E127 -> 0 | X127: =claims!F127 -> 4 | Z127: =IF(G127>100,IF(V127<1,0,+V127/G127),IF(V127<1,0,+V127/100)) -> 0.0022058013 | AA127: =IF(L127>100,IF(W127<1,0,+W127/L127),IF(W127<1,0,+W127/100)) -> 0 | AB127: =IF(Q127>100,IF(X127<1,0,+X127/Q127),IF(X127<1,0,+X127/100)) -> 0.008501594 | AD127: =(+Z127+(AA127*2)+(AB127*3))/6 -> 0.0046184306
A128: A774 | B128: Texas Tech University Health Sciences Center at El Paso | C128: 1707.3 | D128: 1729.5 | E128: 1694 | F128: 1692 | G128: =AVERAGE(C128:F128) -> 1705.7 | H128: 1709.8 | I128: 1715.5 | J128: 1650.7 | K128: 1651.8 | L128: =AVERAGE(H128:K128) -> 1681.95 | M128: 1676.7 | N128: 1692 | O128: 1654.4 | P128: 1675.9 | Q128: =AVERAGE(M128:P128) -> 1674.75 | R128: =IF(G128>0,(+G128+(L128*2)+(Q128*3))/6,IF(L128>0,((L128*2)+(Q128*3))/5,Q128)) -> 1682.3083 | T128: =+R128/$R$267 -> 0.0094653063 | V128: =claims!D128 -> 30 | W128: =claims!E128 -> 23 | X128: =claims!F128 -> 35 | Z128: =IF(G128>100,IF(V128<1,0,+V128/G128),IF(V128<1,0,+V128/100)) -> 0.017588087 | AA128: =IF(L128>100,IF(W128<1,0,+W128/L128),IF(W128<1,0,+W128/100)) -> 0.013674604 | AB128: =IF(Q128>100,IF(X128<1,0,+X128/Q128),IF(X128<1,0,+X128/100)) -> 0.020898642 | AD128: =(+Z128+(AA128*2)+(AB128*3))/6 -> 0.01793887
A129: A781 | B129: Coordinating Board, Higher Education | C129: 243.1 | D129: 267.6 | E129: 273.1 | F129: 271.9 | G129: =AVERAGE(C129:F129) -> 263.925 | H129: 273.6 | I129: 278.1 | J129: 280.2 | K129: 258.5 | L129: =AVERAGE(H129:K129) -> 272.6 | M129: 245.8 | N129: 250.5 | O129: 256.1 | P129: 270.7 | Q129: =AVERAGE(M129:P129) -> 255.775 | R129: =IF(G129>0,(+G129+(L129*2)+(Q129*3))/6,IF(L129>0,((L129*2)+(Q129*3))/5,Q129)) -> 262.74167 | T129: =+R129/$R$267 -> 0.0014782845 | V129: =claims!D129 -> 0 | W129: =claims!E129 -> 0 | X129: =claims!F129 -> 0 | Z129: =IF(G129>100,IF(V129<1,0,+V129/G129),IF(V129<1,0,+V129/100)) -> 0 | AA129: =IF(L129>100,IF(W129<1,0,+W129/L129),IF(W129<1,0,+W129/100)) -> 0 | AB129: =IF(Q129>100,IF(X129<1,0,+X129/Q129),IF(X129<1,0,+X129/100)) -> 0 | AD129: =(+Z129+(AA129*2)+(AB129*3))/6 -> 0
A130: A783 | B130: University of Houston System Administration | C130: 58.7 | D130: 58.7 | E130: 59.2 | F130: 58.6 | G130: =AVERAGE(C130:F130) -> 58.8 | H130: 57.3 | I130: 56.9 | J130: 54.9 | K130: 56.2 | L130: =AVERAGE(H130:K130) -> 56.325 | M130: 57.2 | N130: 56.4 | O130: 53.5 | P130: 54.3 | Q130: =AVERAGE(M130:P130) -> 55.35 | R130: =IF(G130>0,(+G130+(L130*2)+(Q130*3))/6,IF(L130>0,((L130*2)+(Q130*3))/5,Q130)) -> 56.25 | T130: =+R130/$R$267 -> 0.00031648389 | V130: =claims!D130 -> 0 | W130: =claims!E130 -> 0 | X130: =claims!F130 -> 2 | Z130: =IF(G130>100,IF(V130<1,0,+V130/G130),IF(V130<1,0,+V130/100)) -> 0 | AA130: =IF(L130>100,IF(W130<1,0,+W130/L130),IF(W130<1,0,+W130/100)) -> 0 | AB130: =IF(Q130>100,IF(X130<1,0,+X130/Q130),IF(X130<1,0,+X130/100)) -> 0.02 | AD130: =(+Z130+(AA130*2)+(AB130*3))/6 -> 0.01
A131: A784 | B131: University of Houston - Downtown | C131: 1245.9 | D131: 1216.3 | E131: 1241.3 | F131: 836 | G131: =AVERAGE(C131:F131) -> 1134.875 | H131: 1280.5 | I131: 1221.2 | J131: 1254.3 | K131: 827.6 | L131: =AVERAGE(H131:K131) -> 1145.9 | M131: 1265.7 | N131: 1230.8 | O131: 1263 | P131: 872.4 | Q131: =AVERAGE(M131:P131) -> 1157.975 | R131: =IF(G131>0,(+G131+(L131*2)+(Q131*3))/6,IF(L131>0,((L131*2)+(Q131*3))/5,Q131)) -> 1150.1 | T131: =+R131/$R$267 -> 0.0064708999 | V131: =claims!D131 -> 5 | W131: =claims!E131 -> 15 | X131: =claims!F131 -> 12 | Z131: =IF(G131>100,IF(V131<1,0,+V131/G131),IF(V131<1,0,+V131/100)) -> 0.0044057716 | AA131: =IF(L131>100,IF(W131<1,0,+W131/L131),IF(W131<1,0,+W131/100)) -> 0.013090147 | AB131: =IF(Q131>100,IF(X131<1,0,+X131/Q131),IF(X131<1,0,+X131/100)) -> 0.010362918 | AD131: =(+Z131+(AA131*2)+(AB131*3))/6 -> 0.010279137
... A138: A813 | B138: Arts, Commission on the | C138: 13 | D138: 13 | E138: 14 | F138: 14 | G138: =AVERAGE(C138:F138) -> 13.5 | H138: 13.6 | I138: 14 | J138: 14 | K138: 13.2 | L138: =AVERAGE(H138:K138) -> 13.7 | M138: 13.3 | N138: 13.6 | O138: 14 | P138: 13.5 | Q138: =AVERAGE(M138:P138) -> 13.6 | R138: =IF(G138>0,(+G138+(L138*2)+(Q138*3))/6,IF(L138>0,((L138*2)+(Q138*3))/5,Q138)) -> 13.616667 | T138: =+R138/$R$267 -> 7.6612544e-05 | V138: =claims!D138 -> 0 | W138: =claims!E138 -> 0 | X138: =claims!F138 -> 0 | Z138: =IF(G138>100,IF(V138<1,0,+V138/G138),IF(V138<1,0,+V138/100)) -> 0 | AA138: =IF(L138>100,IF(W138<1,0,+W138/L138),IF(W138<1,0,+W138/100)) -> 0 | AB138: =IF(Q138>100,IF(X138<1,0,+X138/Q138),IF(X138<1,0,+X138/100)) -> 0 | AD138: =(+Z138+(AA138*2)+(AB138*3))/6 -> 0
A139: A907 | B139: Comptroller's State Energy Conservation Office | F139: 1.9 | G139: =AVERAGE(C139:F139) -> 1.9 | K139: 4.7 | L139: =AVERAGE(H139:K139) -> 4.7 | P139: 9 | Q139: =AVERAGE(M139:P139) -> 9 | R139: =IF(G139>0,(+G139+(L139*2)+(Q139*3))/6,IF(L139>0,((L139*2)+(Q139*3))/5,Q139)) -> 6.3833333 | T139: =+R139/$R$267 -> 3.591506e-05 | V139: =claims!D139 -> 0 | W139: =claims!E139 -> 0 | X139: =claims!F139 -> 0 | Z139: =IF(G139>100,IF(V139<1,0,+V139/G139),IF(V139<1,0,+V139/100)) -> 0 | AA139: =IF(L139>100,IF(W139<1,0,+W139/L139),IF(W139<1,0,+W139/100)) -> 0 | AB139: =IF(Q139>100,IF(X139<1,0,+X139/Q139),IF(X139<1,0,+X139/100)) -> 0 | AD139: =(+Z139+(AA139*2)+(AB139*3))/6 -> 0
A140: A909 | B140: Comptroller - Texas Broadband Development Office | F140: 0 | G140: =AVERAGE(C140:F140) -> 0 | K140: 6 | L140: =AVERAGE(H140:K140) -> 6 | P140: 9 | Q140: =AVERAGE(M140:P140) -> 9 | R140: =IF(G140>0,(+G140+(L140*2)+(Q140*3))/6,IF(L140>0,((L140*2)+(Q140*3))/5,Q140)) -> 7.8 | T140: =+R140/$R$267 -> 4.3885766e-05 | V140: =claims!D140 -> 0 | W140: =claims!E140 -> 0 | X140: =claims!F140 -> 0 | Z140: =IF(G140>100,IF(V140<1,0,+V140/G140),IF(V140<1,0,+V140/100)) -> 0 | AA140: =IF(L140>100,IF(W140<1,0,+W140/L140),IF(W140<1,0,+W140/100)) -> 0 | AB140: =IF(Q140>100,IF(X140<1,0,+X140/Q140),IF(X140<1,0,+X140/100)) -> 0 | AD140: =(+Z140+(AA140*2)+(AB140*3))/6 -> 0
A141: A930 | B141: Texas Treasury Safekeeping Trust Company | C141: 77 | D141: 76 | E141: 72 | F141: 78 | G141: =AVERAGE(C141:F141) -> 75.75 | H141: 76 | I141: 80 | J141: 80 | K141: 83 | L141: =AVERAGE(H141:K141) -> 79.75 | P141: 80.2 | Q141: =AVERAGE(M141:P141) -> 80.2 | R141: =IF(G141>0,(+G141+(L141*2)+(Q141*3))/6,IF(L141>0,((L141*2)+(Q141*3))/5,Q141)) -> 79.308333 | T141: =+R141/$R$267 -> 0.00044621884 | V141: =claims!D141 -> 0 | W141: =claims!E141 -> 0 | X141: =claims!F141 -> 0 | Z141: =IF(G141>100,IF(V141<1,0,+V141/G141),IF(V141<1,0,+V141/100)) -> 0 | AA141: =IF(L141>100,IF(W141<1,0,+W141/L141),IF(W141<1,0,+W141/100)) -> 0 | AB141: =IF(Q141>100,IF(X141<1,0,+X141/Q141),IF(X141<1,0,+X141/100)) -> 0 | AD141: =(+Z141+(AA141*2)+(AB141*3))/6 -> 0
A142: C001 | B142: Anderson | D142: Anderson | F142: 16 | G142: =AVERAGE(C142:F142) -> 16 | I142: Anderson | K142: 17 | L142: =AVERAGE(H142:K142) -> 17 | N142: Anderson | P142: 16 | Q142: =AVERAGE(M142:P142) -> 16 | R142: =IF(G142>0,(+G142+(L142*2)+(Q142*3))/6,IF(L142>0,((L142*2)+(Q142*3))/5,Q142)) -> 16.333333 | T142: =+R142/$R$267 -> 9.1897544e-05 | V142: =claims!D142 -> 1 | W142: =claims!E142 -> 0 | X142: =claims!F142 -> 0 | Z142: =IF(G142>100,IF(V142<1,0,+V142/G142),IF(V142<1,0,+V142/100)) -> 0.01 | AA142: =IF(L142>100,IF(W142<1,0,+W142/L142),IF(W142<1,0,+W142/100)) -> 0 | AB142: =IF(Q142>100,IF(X142<1,0,+X142/Q142),IF(X142<1,0,+X142/100)) -> 0 | AD142: =(+Z142+(AA142*2)+(AB142*3))/6 -> 0.0016666667
A143: C002 | B143: Andrews | D143: Andrews | F143: 7 | G143: =AVERAGE(C143:F143) -> 7 | I143: Andrews | K143: 7 | L143: =AVERAGE(H143:K143) -> 7 | N143: Andrews | P143: 7 | Q143: =AVERAGE(M143:P143) -> 7 | R143: =IF(G143>0,(+G143+(L143*2)+(Q143*3))/6,IF(L143>0,((L143*2)+(Q143*3))/5,Q143)) -> 7 | T143: =+R143/$R$267 -> 3.9384662e-05 | V143: =claims!D143 -> 0 | W143: =claims!E143 -> 0 | X143: =claims!F143 -> 0 | Z143: =IF(G143>100,IF(V143<1,0,+V143/G143),IF(V143<1,0,+V143/100)) -> 0 | AA143: =IF(L143>100,IF(W143<1,0,+W143/L143),IF(W143<1,0,+W143/100)) -> 0 | AB143: =IF(Q143>100,IF(X143<1,0,+X143/Q143),IF(X143<1,0,+X143/100)) -> 0 | AD143: =(+Z143+(AA143*2)+(AB143*3))/6 -> 0
A144: C003 | B144: Angelina | D144: Angelina | F144: 23 | G144: =AVERAGE(C144:F144) -> 23 | I144: Angelina | K144: 20 | L144: =AVERAGE(H144:K144) -> 20 | N144: Angelina | P144: 20 | Q144: =AVERAGE(M144:P144) -> 20 | R144: =IF(G144>0,(+G144+(L144*2)+(Q144*3))/6,IF(L144>0,((L144*2)+(Q144*3))/5,Q144)) -> 20.5 | T144: =+R144/$R$267 -> 0.00011534079 | V144: =claims!D144 -> 0 | W144: =claims!E144 -> 0 | X144: =claims!F144 -> 0 | Z144: =IF(G144>100,IF(V144<1,0,+V144/G144),IF(V144<1,0,+V144/100)) -> 0 | AA144: =IF(L144>100,IF(W144<1,0,+W144/L144),IF(W144<1,0,+W144/100)) -> 0 | AB144: =IF(Q144>100,IF(X144<1,0,+X144/Q144),IF(X144<1,0,+X144/100)) -> 0 | AD144: =(+Z144+(AA144*2)+(AB144*3))/6 -> 0
A145: C007 | B145: Atascosa - Previously Karnes C128 | D145: Atascosa | F145: 23 | G145: =AVERAGE(C145:F145) -> 23 | I145: Atascosa | K145: 23 | L145: =AVERAGE(H145:K145) -> 23 | N145: Atascosa | P145: 24 | Q145: =AVERAGE(M145:P145) -> 24 | R145: =IF(G145>0,(+G145+(L145*2)+(Q145*3))/6,IF(L145>0,((L145*2)+(Q145*3))/5,Q145)) -> 23.5 | T145: =+R145/$R$267 -> 0.00013221994 | V145: =claims!D145 -> 1 | W145: =claims!E145 -> 0 | X145: =claims!F145 -> 1 | Z145: =IF(G145>100,IF(V145<1,0,+V145/G145),IF(V145<1,0,+V145/100)) -> 0.01 | AA145: =IF(L145>100,IF(W145<1,0,+W145/L145),IF(W145<1,0,+W145/100)) -> 0 | AB145: =IF(Q145>100,IF(X145<1,0,+X145/Q145),IF(X145<1,0,+X145/100)) -> 0.01 | AD145: =(+Z145+(AA145*2)+(AB145*3))/6 -> 0.0066666667
A146: C011 | B146: Bastrop | D146: Bastrop | F146: 22 | G146: =AVERAGE(C146:F146) -> 22 | I146: Bastrop | K146: 23 | L146: =AVERAGE(H146:K146) -> 23 | N146: Bastrop | P146: 24 | Q146: =AVERAGE(M146:P146) -> 24 | R146: =IF(G146>0,(+G146+(L146*2)+(Q146*3))/6,IF(L146>0,((L146*2)+(Q146*3))/5,Q146)) -> 23.333333 | T146: =+R146/$R$267 -> 0.00013128221 | V146: =claims!D146 -> 1 | W146: =claims!E146 -> 0 | X146: =claims!F146 -> 0 | Z146: =IF(G146>100,IF(V146<1,0,+V146/G146),IF(V146<1,0,+V146/100)) -> 0.01 | AA146: =IF(L146>100,IF(W146<1,0,+W146/L146),IF(W146<1,0,+W146/100)) -> 0 | AB146: =IF(Q146>100,IF(X146<1,0,+X146/Q146),IF(X146<1,0,+X146/100)) -> 0 | AD146: =(+Z146+(AA146*2)+(AB146*3))/6 -> 0.0016666667
A147: C012 | B147: Baylor | D147: Baylor | F147: 3 | G147: =AVERAGE(C147:F147) -> 3 | I147: Baylor | K147: 2 | L147: =AVERAGE(H147:K147) -> 2 | N147: Baylor | P147: 2 | Q147: =AVERAGE(M147:P147) -> 2 | R147: =IF(G147>0,(+G147+(L147*2)+(Q147*3))/6,IF(L147>0,((L147*2)+(Q147*3))/5,Q147)) -> 2.1666667 | T147: =+R147/$R$267 -> 1.219049e-05 | V147: =claims!D147 -> 0 | W147: =claims!E147 -> 0 | X147: =claims!F147 -> 0 | Z147: =IF(G147>100,IF(V147<1,0,+V147/G147),IF(V147<1,0,+V147/100)) -> 0 | AA147: =IF(L147>100,IF(W147<1,0,+W147/L147),IF(W147<1,0,+W147/100)) -> 0 | AB147: =IF(Q147>100,IF(X147<1,0,+X147/Q147),IF(X147<1,0,+X147/100)) -> 0 | AD147: =(+Z147+(AA147*2)+(AB147*3))/6 -> 0
A148: C014 | B148: Bell | D148: Bell | F148: 58 | G148: =AVERAGE(C148:F148) -> 58 | I148: Bell | K148: 63 | L148: =AVERAGE(H148:K148) -> 63 | N148: Bell | P148: 65 | Q148: =AVERAGE(M148:P148) -> 65 | R148: =IF(G148>0,(+G148+(L148*2)+(Q148*3))/6,IF(L148>0,((L148*2)+(Q148*3))/5,Q148)) -> 63.166667 | T148: =+R148/$R$267 -> 0.00035539968 | V148: =claims!D148 -> 0 | W148: =claims!E148 -> 2 | X148: =claims!F148 -> 2 | Z148: =IF(G148>100,IF(V148<1,0,+V148/G148),IF(V148<1,0,+V148/100)) -> 0 | AA148: =IF(L148>100,IF(W148<1,0,+W148/L148),IF(W148<1,0,+W148/100)) -> 0.02 | AB148: =IF(Q148>100,IF(X148<1,0,+X148/Q148),IF(X148<1,0,+X148/100)) -> 0.02 | AD148: =(+Z148+(AA148*2)+(AB148*3))/6 -> 0.016666667
A149: C015 | B149: Bexar | D149: Bexar | F149: 406 | G149: =AVERAGE(C149:F149) -> 406 | I149: Bexar | K149: 402.5 | L149: =AVERAGE(H149:K149) -> 402.5 | N149: Bexar | P149: 409 | Q149: =AVERAGE(M149:P149) -> 409 | R149: =IF(G149>0,(+G149+(L149*2)+(Q149*3))/6,IF(L149>0,((L149*2)+(Q149*3))/5,Q149)) -> 406.33333 | T149: =+R149/$R$267 -> 0.0022861858 | V149: =claims!D149 -> 8 | W149: =claims!E149 -> 4 | X149: =claims!F149 -> 12 | Z149: =IF(G149>100,IF(V149<1,0,+V149/G149),IF(V149<1,0,+V149/100)) -> 0.019704433 | AA149: =IF(L149>100,IF(W149<1,0,+W149/L149),IF(W149<1,0,+W149/100)) -> 0.0099378882 | AB149: =IF(Q149>100,IF(X149<1,0,+X149/Q149),IF(X149<1,0,+X149/100)) -> 0.029339853 | AD149: =(+Z149+(AA149*2)+(AB149*3))/6 -> 0.021266628
A150: C019 | B150: Bowie | D150: Bowie | F150: 79.5 | G150: =AVERAGE(C150:F150) -> 79.5 | I150: Bowie | K150: 80 | L150: =AVERAGE(H150:K150) -> 80 | N150: Bowie | P150: 79 | Q150: =AVERAGE(M150:P150) -> 79 | R150: =IF(G150>0,(+G150+(L150*2)+(Q150*3))/6,IF(L150>0,((L150*2)+(Q150*3))/5,Q150)) -> 79.416667 | T150: =+R150/$R$267 -> 0.00044682836 | V150: =claims!D150 -> 1 | W150: =claims!E150 -> 0 | X150: =claims!F150 -> 0 | Z150: =IF(G150>100,IF(V150<1,0,+V150/G150),IF(V150<1,0,+V150/100)) -> 0.01 | AA150: =IF(L150>100,IF(W150<1,0,+W150/L150),IF(W150<1,0,+W150/100)) -> 0 | AB150: =IF(Q150>100,IF(X150<1,0,+X150/Q150),IF(X150<1,0,+X150/100)) -> 0 | AD150: =(+Z150+(AA150*2)+(AB150*3))/6 -> 0.0016666667
A151: C020 | B151: Brazoria | D151: Brazoria | F151: 75.5 | G151: =AVERAGE(C151:F151) -> 75.5 | I151: Brazoria | K151: 73.5 | L151: =AVERAGE(H151:K151) -> 73.5 | N151: Brazoria | P151: 78 | Q151: =AVERAGE(M151:P151) -> 78 | R151: =IF(G151>0,(+G151+(L151*2)+(Q151*3))/6,IF(L151>0,((L151*2)+(Q151*3))/5,Q151)) -> 76.083333 | T151: =+R151/$R$267 -> 0.00042807376 | V151: =claims!D151 -> 1 | W151: =claims!E151 -> 0 | X151: =claims!F151 -> 0 | Z151: =IF(G151>100,IF(V151<1,0,+V151/G151),IF(V151<1,0,+V151/100)) -> 0.01 | AA151: =IF(L151>100,IF(W151<1,0,+W151/L151),IF(W151<1,0,+W151/100)) -> 0 | AB151: =IF(Q151>100,IF(X151<1,0,+X151/Q151),IF(X151<1,0,+X151/100)) -> 0 | AD151: =(+Z151+(AA151*2)+(AB151*3))/6 -> 0.0016666667
A152: C021 | B152: Brazos | D152: Brazos | F152: 42 | G152: =AVERAGE(C152:F152) -> 42 | I152: Brazos | K152: 43.5 | L152: =AVERAGE(H152:K152) -> 43.5 | N152: Brazos | P152: 46 | Q152: =AVERAGE(M152:P152) -> 46 | R152: =IF(G152>0,(+G152+(L152*2)+(Q152*3))/6,IF(L152>0,((L152*2)+(Q152*3))/5,Q152)) -> 44.5 | T152: =+R152/$R$267 -> 0.00025037392 | V152: =claims!D152 -> 0 | W152: =claims!E152 -> 0 | X152: =claims!F152 -> 0 | Z152: =IF(G152>100,IF(V152<1,0,+V152/G152),IF(V152<1,0,+V152/100)) -> 0 | AA152: =IF(L152>100,IF(W152<1,0,+W152/L152),IF(W152<1,0,+W152/100)) -> 0 | AB152: =IF(Q152>100,IF(X152<1,0,+X152/Q152),IF(X152<1,0,+X152/100)) -> 0 | AD152: =(+Z152+(AA152*2)+(AB152*3))/6 -> 0
A153: C025 | B153: Brown | D153: Brown | F153: 10 | G153: =AVERAGE(C153:F153) -> 10 | I153: Brown | K153: 9 | L153: =AVERAGE(H153:K153) -> 9 | N153: Brown | P153: 10 | Q153: =AVERAGE(M153:P153) -> 10 | R153: =IF(G153>0,(+G153+(L153*2)+(Q153*3))/6,IF(L153>0,((L153*2)+(Q153*3))/5,Q153)) -> 9.6666667 | T153: =+R153/$R$267 -> 5.4388342e-05 | V153: =claims!D153 -> 0 | W153: =claims!E153 -> 0 | X153: =claims!F153 -> 0 | Z153: =IF(G153>100,IF(V153<1,0,+V153/G153),IF(V153<1,0,+V153/100)) -> 0 | AA153: =IF(L153>100,IF(W153<1,0,+W153/L153),IF(W153<1,0,+W153/100)) -> 0 | AB153: =IF(Q153>100,IF(X153<1,0,+X153/Q153),IF(X153<1,0,+X153/100)) -> 0 | AD153: =(+Z153+(AA153*2)+(AB153*3))/6 -> 0
... A157: C034 | B157: Cass | D157: Cass | F157: 14 | G157: =AVERAGE(C157:F157) -> 14 | I157: Cass | K157: 12 | L157: =AVERAGE(H157:K157) -> 12 | N157: Cass | P157: 12 | Q157: =AVERAGE(M157:P157) -> 12 | R157: =IF(G157>0,(+G157+(L157*2)+(Q157*3))/6,IF(L157>0,((L157*2)+(Q157*3))/5,Q157)) -> 12.333333 | T157: =+R157/$R$267 -> 6.9392023e-05 | V157: =claims!D157 -> 0 | W157: =claims!E157 -> 0 | X157: =claims!F157 -> 0 | Z157: =IF(G157>100,IF(V157<1,0,+V157/G157),IF(V157<1,0,+V157/100)) -> 0 | AA157: =IF(L157>100,IF(W157<1,0,+W157/L157),IF(W157<1,0,+W157/100)) -> 0 | AB157: =IF(Q157>100,IF(X157<1,0,+X157/Q157),IF(X157<1,0,+X157/100)) -> 0 | AD157: =(+Z157+(AA157*2)+(AB157*3))/6 -> 0
A158: C036 | B158: Chambers | D158: Chambers | F158: 7.5 | G158: =AVERAGE(C158:F158) -> 7.5 | I158: Chambers | K158: 8 | L158: =AVERAGE(H158:K158) -> 8 | N158: Chambers | P158: 8 | Q158: =AVERAGE(M158:P158) -> 8 | R158: =IF(G158>0,(+G158+(L158*2)+(Q158*3))/6,IF(L158>0,((L158*2)+(Q158*3))/5,Q158)) -> 7.9166667 | T158: =+R158/$R$267 -> 4.4542177e-05 | V158: 0 | W158: 0 | X158: 0 | Z158: =IF(G158>100,IF(V158<1,0,+V158/G158),IF(V158<1,0,+V158/100)) -> 0 | AA158: =IF(L158>100,IF(W158<1,0,+W158/L158),IF(W158<1,0,+W158/100)) -> 0 | AB158: =IF(Q158>100,IF(X158<1,0,+X158/Q158),IF(X158<1,0,+X158/100)) -> 0 | AD158: =(+Z158+(AA158*2)+(AB158*3))/6 -> 0
A159: C037 | B159: Cherokee | D159: Cherokee | F159: 13 | G159: =AVERAGE(C159:F159) -> 13 | I159: Cherokee | K159: 12 | L159: =AVERAGE(H159:K159) -> 12 | N159: Cherokee | P159: 12 | Q159: =AVERAGE(M159:P159) -> 12 | R159: =IF(G159>0,(+G159+(L159*2)+(Q159*3))/6,IF(L159>0,((L159*2)+(Q159*3))/5,Q159)) -> 12.166667 | T159: =+R159/$R$267 -> 6.8454293e-05 | V159: =claims!D159 -> 0 | W159: =claims!E159 -> 0 | X159: =claims!F159 -> 0 | Z159: =IF(G159>100,IF(V159<1,0,+V159/G159),IF(V159<1,0,+V159/100)) -> 0 | AA159: =IF(L159>100,IF(W159<1,0,+W159/L159),IF(W159<1,0,+W159/100)) -> 0 | AB159: =IF(Q159>100,IF(X159<1,0,+X159/Q159),IF(X159<1,0,+X159/100)) -> 0 | AD159: =(+Z159+(AA159*2)+(AB159*3))/6 -> 0
A160: C038 | B160: Childress | D160: Childress | F160: 5 | G160: =AVERAGE(C160:F160) -> 5 | I160: Childress | K160: 4 | L160: =AVERAGE(H160:K160) -> 4 | N160: Childress | P160: 4 | Q160: =AVERAGE(M160:P160) -> 4 | R160: =IF(G160>0,(+G160+(L160*2)+(Q160*3))/6,IF(L160>0,((L160*2)+(Q160*3))/5,Q160)) -> 4.1666667 | T160: =+R160/$R$267 -> 2.3443251e-05 | V160: =claims!D160 -> 0 | W160: =claims!E160 -> 0 | X160: =claims!F160 -> 0 | Z160: =IF(G160>100,IF(V160<1,0,+V160/G160),IF(V160<1,0,+V160/100)) -> 0 | AA160: =IF(L160>100,IF(W160<1,0,+W160/L160),IF(W160<1,0,+W160/100)) -> 0 | AB160: =IF(Q160>100,IF(X160<1,0,+X160/Q160),IF(X160<1,0,+X160/100)) -> 0 | AD160: =(+Z160+(AA160*2)+(AB160*3))/6 -> 0
A161: C043 | B161: Collin | D161: Collin | F161: 104 | G161: =AVERAGE(C161:F161) -> 104 | I161: Collin | K161: 104 | L161: =AVERAGE(H161:K161) -> 104 | N161: Collin | P161: 108 | Q161: =AVERAGE(M161:P161) -> 108 | R161: =IF(G161>0,(+G161+(L161*2)+(Q161*3))/6,IF(L161>0,((L161*2)+(Q161*3))/5,Q161)) -> 106 | T161: =+R161/$R$267 -> 0.0005963963 | V161: =claims!D161 -> 0 | W161: =claims!E161 -> 1 | X161: =claims!F161 -> 0 | Z161: =IF(G161>100,IF(V161<1,0,+V161/G161),IF(V161<1,0,+V161/100)) -> 0 | AA161: =IF(L161>100,IF(W161<1,0,+W161/L161),IF(W161<1,0,+W161/100)) -> 0.0096153846 | AB161: =IF(Q161>100,IF(X161<1,0,+X161/Q161),IF(X161<1,0,+X161/100)) -> 0 | AD161: =(+Z161+(AA161*2)+(AB161*3))/6 -> 0.0032051282
A162: C047 | B162: Comanche | D162: Comanche | F162: 8 | G162: =AVERAGE(C162:F162) -> 8 | I162: Comanche | K162: 8 | L162: =AVERAGE(H162:K162) -> 8 | N162: Comanche | P162: 7 | Q162: =AVERAGE(M162:P162) -> 7 | R162: =IF(G162>0,(+G162+(L162*2)+(Q162*3))/6,IF(L162>0,((L162*2)+(Q162*3))/5,Q162)) -> 7.5 | T162: =+R162/$R$267 -> 4.2197852e-05 | V162: =claims!D162 -> 0 | W162: =claims!E162 -> 0 | X162: =claims!F162 -> 0 | Z162: =IF(G162>100,IF(V162<1,0,+V162/G162),IF(V162<1,0,+V162/100)) -> 0 | AA162: =IF(L162>100,IF(W162<1,0,+W162/L162),IF(W162<1,0,+W162/100)) -> 0 | AB162: =IF(Q162>100,IF(X162<1,0,+X162/Q162),IF(X162<1,0,+X162/100)) -> 0 | AD162: =(+Z162+(AA162*2)+(AB162*3))/6 -> 0
A163: C049 | B163: Cooke | D163: Cooke | F163: 7 | G163: =AVERAGE(C163:F163) -> 7 | I163: Cooke | K163: 8 | L163: =AVERAGE(H163:K163) -> 8 | N163: Cooke | P163: 8 | Q163: =AVERAGE(M163:P163) -> 8 | R163: =IF(G163>0,(+G163+(L163*2)+(Q163*3))/6,IF(L163>0,((L163*2)+(Q163*3))/5,Q163)) -> 7.8333333 | T163: =+R163/$R$267 -> 4.4073312e-05 | V163: =claims!D163 -> 0 | W163: =claims!E163 -> 0 | X163: =claims!F163 -> 0 | Z163: =IF(G163>100,IF(V163<1,0,+V163/G163),IF(V163<1,0,+V163/100)) -> 0 | AA163: =IF(L163>100,IF(W163<1,0,+W163/L163),IF(W163<1,0,+W163/100)) -> 0 | AB163: =IF(Q163>100,IF(X163<1,0,+X163/Q163),IF(X163<1,0,+X163/100)) -> 0 | AD163: =(+Z163+(AA163*2)+(AB163*3))/6 -> 0
A164: C050 | B164: Coryell | D164: Coryell | F164: 9 | G164: =AVERAGE(C164:F164) -> 9 | I164: Coryell | K164: 10 | L164: =AVERAGE(H164:K164) -> 10 | N164: Coryell | P164: 10 | Q164: =AVERAGE(M164:P164) -> 10 | R164: =IF(G164>0,(+G164+(L164*2)+(Q164*3))/6,IF(L164>0,((L164*2)+(Q164*3))/5,Q164)) -> 9.8333333 | T164: =+R164/$R$267 -> 5.5326072e-05 | V164: =claims!D164 -> 0 | W164: =claims!E164 -> 0 | X164: =claims!F164 -> 0 | Z164: =IF(G164>100,IF(V164<1,0,+V164/G164),IF(V164<1,0,+V164/100)) -> 0 | AA164: =IF(L164>100,IF(W164<1,0,+W164/L164),IF(W164<1,0,+W164/100)) -> 0 | AB164: =IF(Q164>100,IF(X164<1,0,+X164/Q164),IF(X164<1,0,+X164/100)) -> 0 | AD164: =(+Z164+(AA164*2)+(AB164*3))/6 -> 0
A165: C052 | B165: Crane | D165: Crane | F165: 2 | G165: =AVERAGE(C165:F165) -> 2 | I165: Crane | K165: 2 | L165: =AVERAGE(H165:K165) -> 2 | N165: Crane | P165: 4 | Q165: =AVERAGE(M165:P165) -> 4 | R165: =IF(G165>0,(+G165+(L165*2)+(Q165*3))/6,IF(L165>0,((L165*2)+(Q165*3))/5,Q165)) -> 3 | T165: =+R165/$R$267 -> 1.6879141e-05 | V165: =claims!D165 -> 0 | W165: =claims!E165 -> 0 | X165: =claims!F165 -> 0 | Z165: =IF(G165>100,IF(V165<1,0,+V165/G165),IF(V165<1,0,+V165/100)) -> 0 | AA165: =IF(L165>100,IF(W165<1,0,+W165/L165),IF(W165<1,0,+W165/100)) -> 0 | AB165: =IF(Q165>100,IF(X165<1,0,+X165/Q165),IF(X165<1,0,+X165/100)) -> 0 | AD165: =(+Z165+(AA165*2)+(AB165*3))/6 -> 0
A166: C057 | B166: Dallas | D166: Dallas | F166: 415 | G166: =AVERAGE(C166:F166) -> 415 | I166: Dallas | K166: 416 | L166: =AVERAGE(H166:K166) -> 416 | N166: Dallas | P166: 441.5 | Q166: =AVERAGE(M166:P166) -> 441.5 | R166: =IF(G166>0,(+G166+(L166*2)+(Q166*3))/6,IF(L166>0,((L166*2)+(Q166*3))/5,Q166)) -> 428.58333 | T166: =+R166/$R$267 -> 0.0024113728 | V166: =claims!D166 -> 1 | W166: =claims!E166 -> 4 | X166: =claims!F166 -> 1 | Z166: =IF(G166>100,IF(V166<1,0,+V166/G166),IF(V166<1,0,+V166/100)) -> 0.0024096386 | AA166: =IF(L166>100,IF(W166<1,0,+W166/L166),IF(W166<1,0,+W166/100)) -> 0.0096153846 | AB166: =IF(Q166>100,IF(X166<1,0,+X166/Q166),IF(X166<1,0,+X166/100)) -> 0.0022650057 | AD166: =(+Z166+(AA166*2)+(AB166*3))/6 -> 0.0047392375
A167: C058 | B167: Dawson | D167: Dawson | F167: 8 | G167: =AVERAGE(C167:F167) -> 8 | I167: Dawson | K167: 8 | L167: =AVERAGE(H167:K167) -> 8 | N167: Dawson | P167: 9 | Q167: =AVERAGE(M167:P167) -> 9 | R167: =IF(G167>0,(+G167+(L167*2)+(Q167*3))/6,IF(L167>0,((L167*2)+(Q167*3))/5,Q167)) -> 8.5 | T167: =+R167/$R$267 -> 4.7824232e-05 | V167: =claims!D167 -> 0 | W167: =claims!E167 -> 0 | X167: =claims!F167 -> 0 | Z167: =IF(G167>100,IF(V167<1,0,+V167/G167),IF(V167<1,0,+V167/100)) -> 0 | AA167: =IF(L167>100,IF(W167<1,0,+W167/L167),IF(W167<1,0,+W167/100)) -> 0 | AB167: =IF(Q167>100,IF(X167<1,0,+X167/Q167),IF(X167<1,0,+X167/100)) -> 0 | AD167: =(+Z167+(AA167*2)+(AB167*3))/6 -> 0
A168: C059 | B168: Deaf Smith | D168: Deaf Smith | F168: 8 | G168: =AVERAGE(C168:F168) -> 8 | I168: Deaf Smith | K168: 8 | L168: =AVERAGE(H168:K168) -> 8 | N168: Deaf Smith | P168: 8 | Q168: =AVERAGE(M168:P168) -> 8 | R168: =IF(G168>0,(+G168+(L168*2)+(Q168*3))/6,IF(L168>0,((L168*2)+(Q168*3))/5,Q168)) -> 8 | T168: =+R168/$R$267 -> 4.5011042e-05 | V168: =claims!D168 -> 0 | W168: =claims!E168 -> 0 | X168: =claims!F168 -> 0 | Z168: =IF(G168>100,IF(V168<1,0,+V168/G168),IF(V168<1,0,+V168/100)) -> 0 | AA168: =IF(L168>100,IF(W168<1,0,+W168/L168),IF(W168<1,0,+W168/100)) -> 0 | AB168: =IF(Q168>100,IF(X168<1,0,+X168/Q168),IF(X168<1,0,+X168/100)) -> 0 | AD168: =(+Z168+(AA168*2)+(AB168*3))/6 -> 0
A169: C061 | B169: Denton | D169: Denton | F169: 83 | G169: =AVERAGE(C169:F169) -> 83 | I169: Denton | K169: 90 | L169: =AVERAGE(H169:K169) -> 90 | N169: Denton | P169: 93 | Q169: =AVERAGE(M169:P169) -> 93 | R169: =IF(G169>0,(+G169+(L169*2)+(Q169*3))/6,IF(L169>0,((L169*2)+(Q169*3))/5,Q169)) -> 90.333333 | T169: =+R169/$R$267 -> 0.00050824968 | V169: =claims!D169 -> 0 | W169: =claims!E169 -> 0 | X169: =claims!F169 -> 2 | Z169: =IF(G169>100,IF(V169<1,0,+V169/G169),IF(V169<1,0,+V169/100)) -> 0 | AA169: =IF(L169>100,IF(W169<1,0,+W169/L169),IF(W169<1,0,+W169/100)) -> 0 | AB169: =IF(Q169>100,IF(X169<1,0,+X169/Q169),IF(X169<1,0,+X169/100)) -> 0.02 | AD169: =(+Z169+(AA169*2)+(AB169*3))/6 -> 0.01
A170: C067 | B170: Eastland | D170: Eastland | F170: 7 | G170: =AVERAGE(C170:F170) -> 7 | I170: Eastland | K170: 8 | L170: =AVERAGE(H170:K170) -> 8 | N170: Eastland | P170: 8 | Q170: =AVERAGE(M170:P170) -> 8 | R170: =IF(G170>0,(+G170+(L170*2)+(Q170*3))/6,IF(L170>0,((L170*2)+(Q170*3))/5,Q170)) -> 7.8333333 | T170: =+R170/$R$267 -> 4.4073312e-05 | V170: =claims!D170 -> 0 | W170: =claims!E170 -> 0 | X170: =claims!F170 -> 0 | Z170: =IF(G170>100,IF(V170<1,0,+V170/G170),IF(V170<1,0,+V170/100)) -> 0 | AA170: =IF(L170>100,IF(W170<1,0,+W170/L170),IF(W170<1,0,+W170/100)) -> 0 | AB170: =IF(Q170>100,IF(X170<1,0,+X170/Q170),IF(X170<1,0,+X170/100)) -> 0 | AD170: =(+Z170+(AA170*2)+(AB170*3))/6 -> 0
... A213: C152 | B213: Lubbock | D213: Lubbock | F213: 117 | G213: =AVERAGE(C213:F213) -> 117 | I213: Lubbock | K213: 115 | L213: =AVERAGE(H213:K213) -> 115 | N213: Lubbock | P213: 106 | Q213: =AVERAGE(M213:P213) -> 106 | R213: =IF(G213>0,(+G213+(L213*2)+(Q213*3))/6,IF(L213>0,((L213*2)+(Q213*3))/5,Q213)) -> 110.83333 | T213: =+R213/$R$267 -> 0.00062359047 | V213: =claims!D213 -> 1 | W213: =claims!E213 -> 2 | X213: =claims!F213 -> 1 | Z213: =IF(G213>100,IF(V213<1,0,+V213/G213),IF(V213<1,0,+V213/100)) -> 0.0085470085 | AA213: =IF(L213>100,IF(W213<1,0,+W213/L213),IF(W213<1,0,+W213/100)) -> 0.017391304 | AB213: =IF(Q213>100,IF(X213<1,0,+X213/Q213),IF(X213<1,0,+X213/100)) -> 0.0094339623 | AD213: =(+Z213+(AA213*2)+(AB213*3))/6 -> 0.011938584
A214: C155 | B214: McLennan | D214: McLennan | F214: 51 | G214: =AVERAGE(C214:F214) -> 51 | I214: McLennan | K214: 61 | L214: =AVERAGE(H214:K214) -> 61 | N214: McLennan | P214: 63 | Q214: =AVERAGE(M214:P214) -> 63 | R214: =IF(G214>0,(+G214+(L214*2)+(Q214*3))/6,IF(L214>0,((L214*2)+(Q214*3))/5,Q214)) -> 60.333333 | T214: =+R214/$R$267 -> 0.00033945827 | V214: =claims!D217 -> 0 | W214: =claims!E217 -> 0 | X214: =claims!F217 -> 0 | Z214: =IF(G214>100,IF(V214<1,0,+V214/G214),IF(V214<1,0,+V214/100)) -> 0 | AA214: =IF(L214>100,IF(W214<1,0,+W214/L214),IF(W214<1,0,+W214/100)) -> 0 | AB214: =IF(Q214>100,IF(X214<1,0,+X214/Q214),IF(X214<1,0,+X214/100)) -> 0 | AD214: =(+Z214+(AA214*2)+(AB214*3))/6 -> 0
A215: C159 | B215: Maverick | D215: Maverick | F215: 10 | G215: =AVERAGE(C215:F215) -> 10 | I215: Maverick | K215: 9 | L215: =AVERAGE(H215:K215) -> 9 | N215: Maverick | P215: 9 | Q215: =AVERAGE(M215:P215) -> 9 | R215: =IF(G215>0,(+G215+(L215*2)+(Q215*3))/6,IF(L215>0,((L215*2)+(Q215*3))/5,Q215)) -> 9.1666667 | T215: =+R215/$R$267 -> 5.1575152e-05 | V215: =claims!D215 -> 0 | W215: =claims!E215 -> 0 | X215: =claims!F215 -> 0 | Z215: =IF(G215>100,IF(V215<1,0,+V215/G215),IF(V215<1,0,+V215/100)) -> 0 | AA215: =IF(L215>100,IF(W215<1,0,+W215/L215),IF(W215<1,0,+W215/100)) -> 0 | AB215: =IF(Q215>100,IF(X215<1,0,+X215/Q215),IF(X215<1,0,+X215/100)) -> 0 | AD215: =(+Z215+(AA215*2)+(AB215*3))/6 -> 0
A216: C160 | B216: McCulloch | D216: McCulloch | F216: 3.5 | G216: =AVERAGE(C216:F216) -> 3.5 | I216: McCulloch | K216: 4 | L216: =AVERAGE(H216:K216) -> 4 | N216: McCulloch | P216: 4 | Q216: =AVERAGE(M216:P216) -> 4 | R216: =IF(G216>0,(+G216+(L216*2)+(Q216*3))/6,IF(L216>0,((L216*2)+(Q216*3))/5,Q216)) -> 3.9166667 | T216: =+R216/$R$267 -> 2.2036656e-05 | V216: =claims!D216 -> 0 | W216: =claims!E216 -> 0 | X216: =claims!F216 -> 0 | Z216: =IF(G216>100,IF(V216<1,0,+V216/G216),IF(V216<1,0,+V216/100)) -> 0 | AA216: =IF(L216>100,IF(W216<1,0,+W216/L216),IF(W216<1,0,+W216/100)) -> 0 | AB216: =IF(Q216>100,IF(X216<1,0,+X216/Q216),IF(X216<1,0,+X216/100)) -> 0 | AD216: =(+Z216+(AA216*2)+(AB216*3))/6 -> 0
A217: C161 | B217: Matagorda | D217: Matagorda | F217: 24 | G217: =AVERAGE(C217:F217) -> 24 | I217: Matagorda | K217: 21.5 | L217: =AVERAGE(H217:K217) -> 21.5 | N217: Matagorda | P217: 23.5 | Q217: =AVERAGE(M217:P217) -> 23.5 | R217: =IF(G217>0,(+G217+(L217*2)+(Q217*3))/6,IF(L217>0,((L217*2)+(Q217*3))/5,Q217)) -> 22.916667 | T217: =+R217/$R$267 -> 0.00012893788 | V217: =claims!D214 -> 1 | W217: =claims!E214 -> 0 | X217: =claims!F214 -> 0 | Z217: =IF(G217>100,IF(V217<1,0,+V217/G217),IF(V217<1,0,+V217/100)) -> 0.01 | AA217: =IF(L217>100,IF(W217<1,0,+W217/L217),IF(W217<1,0,+W217/100)) -> 0 | AB217: =IF(Q217>100,IF(X217<1,0,+X217/Q217),IF(X217<1,0,+X217/100)) -> 0 | AD217: =(+Z217+(AA217*2)+(AB217*3))/6 -> 0.0016666667
A218: C165 | B218: Midland | D218: Midland | F218: 38 | G218: =AVERAGE(C218:F218) -> 38 | I218: Midland | K218: 42 | L218: =AVERAGE(H218:K218) -> 42 | N218: Midland | P218: 50 | Q218: =AVERAGE(M218:P218) -> 50 | R218: =IF(G218>0,(+G218+(L218*2)+(Q218*3))/6,IF(L218>0,((L218*2)+(Q218*3))/5,Q218)) -> 45.333333 | T218: =+R218/$R$267 -> 0.00025506257 | V218: =claims!D218 -> 0 | W218: =claims!E218 -> 0 | X218: =claims!F218 -> 0 | Z218: =IF(G218>100,IF(V218<1,0,+V218/G218),IF(V218<1,0,+V218/100)) -> 0 | AA218: =IF(L218>100,IF(W218<1,0,+W218/L218),IF(W218<1,0,+W218/100)) -> 0 | AB218: =IF(Q218>100,IF(X218<1,0,+X218/Q218),IF(X218<1,0,+X218/100)) -> 0 | AD218: =(+Z218+(AA218*2)+(AB218*3))/6 -> 0
A219: C166 | B219: Milam | D219: Milam | F219: 6.5 | G219: =AVERAGE(C219:F219) -> 6.5 | I219: Milam | K219: 6.5 | L219: =AVERAGE(H219:K219) -> 6.5 | N219: Milam | P219: 6 | Q219: =AVERAGE(M219:P219) -> 6 | R219: =IF(G219>0,(+G219+(L219*2)+(Q219*3))/6,IF(L219>0,((L219*2)+(Q219*3))/5,Q219)) -> 6.25 | T219: =+R219/$R$267 -> 3.5164876e-05 | V219: =claims!D219 -> 0 | W219: =claims!E219 -> 0 | X219: =claims!F219 -> 0 | Z219: =IF(G219>100,IF(V219<1,0,+V219/G219),IF(V219<1,0,+V219/100)) -> 0 | AA219: =IF(L219>100,IF(W219<1,0,+W219/L219),IF(W219<1,0,+W219/100)) -> 0 | AB219: =IF(Q219>100,IF(X219<1,0,+X219/Q219),IF(X219<1,0,+X219/100)) -> 0 | AD219: =(+Z219+(AA219*2)+(AB219*3))/6 -> 0
A220: C169 | B220: Montague | D220: Montague | F220: 7 | G220: =AVERAGE(C220:F220) -> 7 | I220: Montague | K220: 7 | L220: =AVERAGE(H220:K220) -> 7 | N220: Montague | P220: 6 | Q220: =AVERAGE(M220:P220) -> 6 | R220: =IF(G220>0,(+G220+(L220*2)+(Q220*3))/6,IF(L220>0,((L220*2)+(Q220*3))/5,Q220)) -> 6.5 | T220: =+R220/$R$267 -> 3.6571471e-05 | V220: =claims!D220 -> 0 | W220: =claims!E220 -> 0 | X220: =claims!F220 -> 0 | Z220: =IF(G220>100,IF(V220<1,0,+V220/G220),IF(V220<1,0,+V220/100)) -> 0 | AA220: =IF(L220>100,IF(W220<1,0,+W220/L220),IF(W220<1,0,+W220/100)) -> 0 | AB220: =IF(Q220>100,IF(X220<1,0,+X220/Q220),IF(X220<1,0,+X220/100)) -> 0 | AD220: =(+Z220+(AA220*2)+(AB220*3))/6 -> 0
A221: C170 | B221: Montgomery | D221: Montgomery | F221: 49 | G221: =AVERAGE(C221:F221) -> 49 | I221: Montgomery | K221: 49 | L221: =AVERAGE(H221:K221) -> 49 | N221: Montgomery | P221: 46 | Q221: =AVERAGE(M221:P221) -> 46 | R221: =IF(G221>0,(+G221+(L221*2)+(Q221*3))/6,IF(L221>0,((L221*2)+(Q221*3))/5,Q221)) -> 47.5 | T221: =+R221/$R$267 -> 0.00026725306 | V221: =claims!D221 -> 1 | W221: =claims!E221 -> 0 | X221: =claims!F221 -> 0 | Z221: =IF(G221>100,IF(V221<1,0,+V221/G221),IF(V221<1,0,+V221/100)) -> 0.01 | AA221: =IF(L221>100,IF(W221<1,0,+W221/L221),IF(W221<1,0,+W221/100)) -> 0 | AB221: =IF(Q221>100,IF(X221<1,0,+X221/Q221),IF(X221<1,0,+X221/100)) -> 0 | AD221: =(+Z221+(AA221*2)+(AB221*3))/6 -> 0.0016666667
A222: C171 | B222: Moore | D222: Moore | F222: 7 | G222: =AVERAGE(C222:F222) -> 7 | I222: Moore | K222: 8 | L222: =AVERAGE(H222:K222) -> 8 | N222: Moore | P222: 9 | Q222: =AVERAGE(M222:P222) -> 9 | R222: =IF(G222>0,(+G222+(L222*2)+(Q222*3))/6,IF(L222>0,((L222*2)+(Q222*3))/5,Q222)) -> 8.3333333 | T222: =+R222/$R$267 -> 4.6886502e-05 | V222: =claims!D222 -> 0 | W222: =claims!E222 -> 0 | X222: =claims!F222 -> 0 | Z222: =IF(G222>100,IF(V222<1,0,+V222/G222),IF(V222<1,0,+V222/100)) -> 0 | AA222: =IF(L222>100,IF(W222<1,0,+W222/L222),IF(W222<1,0,+W222/100)) -> 0 | AB222: =IF(Q222>100,IF(X222<1,0,+X222/Q222),IF(X222<1,0,+X222/100)) -> 0 | AD222: =(+Z222+(AA222*2)+(AB222*3))/6 -> 0
A223: C172 | B223: Morris | D223: Morris | F223: 12 | G223: =AVERAGE(C223:F223) -> 12 | I223: Morris | K223: 9.5 | L223: =AVERAGE(H223:K223) -> 9.5 | N223: Morris | P223: 9.5 | Q223: =AVERAGE(M223:P223) -> 9.5 | R223: =IF(G223>0,(+G223+(L223*2)+(Q223*3))/6,IF(L223>0,((L223*2)+(Q223*3))/5,Q223)) -> 9.9166667 | T223: =+R223/$R$267 -> 5.5794937e-05 | V223: =claims!D223 -> 0 | W223: =claims!E223 -> 0 | X223: =claims!F223 -> 0 | Z223: =IF(G223>100,IF(V223<1,0,+V223/G223),IF(V223<1,0,+V223/100)) -> 0 | AA223: =IF(L223>100,IF(W223<1,0,+W223/L223),IF(W223<1,0,+W223/100)) -> 0 | AB223: =IF(Q223>100,IF(X223<1,0,+X223/Q223),IF(X223<1,0,+X223/100)) -> 0 | AD223: =(+Z223+(AA223*2)+(AB223*3))/6 -> 0
A224: C174 | B224: Nacogdoches | D224: Nacogdoches | F224: 18.5 | G224: =AVERAGE(C224:F224) -> 18.5 | I224: Nacogdoches | K224: 17 | L224: =AVERAGE(H224:K224) -> 17 | N224: Nacogdoches | P224: 18 | Q224: =AVERAGE(M224:P224) -> 18 | R224: =IF(G224>0,(+G224+(L224*2)+(Q224*3))/6,IF(L224>0,((L224*2)+(Q224*3))/5,Q224)) -> 17.75 | T224: =+R224/$R$267 -> 9.9868249e-05 | V224: =claims!D224 -> 0 | W224: =claims!E224 -> 0 | X224: =claims!F224 -> 1 | Z224: =IF(G224>100,IF(V224<1,0,+V224/G224),IF(V224<1,0,+V224/100)) -> 0 | AA224: =IF(L224>100,IF(W224<1,0,+W224/L224),IF(W224<1,0,+W224/100)) -> 0 | AB224: =IF(Q224>100,IF(X224<1,0,+X224/Q224),IF(X224<1,0,+X224/100)) -> 0.01 | AD224: =(+Z224+(AA224*2)+(AB224*3))/6 -> 0.005
...

Sheet claims
I1: raw | L1: modified | P1: adjusted | T1: IFR portion of | X1: With
A2: Agency | D2: FY2021 | E2: FY2022 | F2: FY2023 | I2: average | J2: weighted | K2: IFR | L2: average | M2: cap | P2: average | R2: Assessment | T2: Assessment | V2: % of | X2: 0.02
A3: Code | B3: Name | D3: claims | E3: claims | F3: claims | G3: total | I3: claims | J3: IFR avg. | K3: modifier | L3: claims | M3: adjuster | P3: claims | R3: Percentage | T3: Amount | V3: Payroll | X3: Limit | Z3: Difference
A5: A101 | B5: Texas Senate | D5: 0 | E5: 0 | F5: 0 | G5: =SUM(D5:F5) -> 0 | I5: =AVERAGE(D5:F5) -> 0 | J5: =IFR!AD5 -> 0 | K5: =IF(+J5<$E$270,$I$270,IF(J5>$E$272,$I$272,$I$271)) -> 0.95 | L5: =+I5*K5 -> 0 | M5: 1 | N5: 1 | P5: =+L5*M5*N5 -> 0 | R5: =+P5/$P$267 -> 0 | T5: =+R5*([1]assessment!$J$274*[1]assessment!$E$3) -> 0 | V5: =+T5/[1]payroll!$F5 -> 0 | X5: =IF(V5<$X$2,T5,[1]payroll!$F5*$X$2) -> 0 | Z5: =+T5-X5 -> 0 | AB5: =+X5/T5 -> #DIV/0!
A6: A102 | B6: Texas House of Representatives | D6: 0 | E6: 1 | F6: 1 | G6: =SUM(D6:F6) -> 2 | I6: =AVERAGE(D6:F6) -> 0.66666667 | J6: =IFR!AD6 -> 0.0012152411 | K6: =IF(+J6<$E$270,$I$270,IF(J6>$E$272,$I$272,$I$271)) -> 0.95 | L6: =+I6*K6 -> 0.63333333 | M6: 1 | N6: 1 | P6: =+L6*M6*N6 -> 0.63333333 | R6: =+P6/$P$267 -> 0.00011645546 | T6: =+R6*([1]assessment!$J$274*[1]assessment!$E$3) -> 973.28505 | V6: =+T6/[1]payroll!$F6 -> 2.6252822e-05 | X6: =IF(V6<$X$2,T6,[1]payroll!$F6*$X$2) -> 973.28505 | Z6: =+T6-X6 -> 0 | AB6: =+X6/T6 -> 1
A7: A103 | B7: Legislative Council | D7: 0 | E7: 0 | F7: 0 | G7: =SUM(D7:F7) -> 0 | I7: =AVERAGE(D7:F7) -> 0 | J7: =IFR!AD7 -> 0 | K7: =IF(+J7<$E$270,$I$270,IF(J7>$E$272,$I$272,$I$271)) -> 0.95 | L7: =+I7*K7 -> 0 | M7: 1 | N7: 1 | P7: =+L7*M7*N7 -> 0 | R7: =+P7/$P$267 -> 0 | T7: =+R7*([1]assessment!$J$274*[1]assessment!$E$3) -> 0 | V7: =+T7/[1]payroll!$F7 -> 0 | X7: =IF(V7<$X$2,T7,[1]payroll!$F7*$X$2) -> 0 | Z7: =+T7-X7 -> 0 | AB7: =+X7/T7 -> #DIV/0!
A8: A104 | B8: Legislative Budget Board | D8: 0 | E8: 0 | F8: 0 | G8: =SUM(D8:F8) -> 0 | I8: =AVERAGE(D8:F8) -> 0 | J8: =IFR!AD8 -> 0 | K8: =IF(+J8<$E$270,$I$270,IF(J8>$E$272,$I$272,$I$271)) -> 0.95 | L8: =+I8*K8 -> 0 | M8: 1 | N8: 1 | P8: =+L8*M8*N8 -> 0 | R8: =+P8/$P$267 -> 0 | T8: =+R8*([1]assessment!$J$274*[1]assessment!$E$3) -> 0 | V8: =+T8/[1]payroll!$F8 -> 0 | X8: =IF(V8<$X$2,T8,[1]payroll!$F8*$X$2) -> 0 | Z8: =+T8-X8 -> 0 | AB8: =+X8/T8 -> #DIV/0!
A9: A105 | B9: Legislative Reference Library | D9: 0 | E9: 0 | F9: 0 | G9: =SUM(D9:F9) -> 0 | I9: =AVERAGE(D9:F9) -> 0 | J9: =IFR!AD9 -> 0 | K9: =IF(+J9<$E$270,$I$270,IF(J9>$E$272,$I$272,$I$271)) -> 0.95 | L9: =+I9*K9 -> 0 | M9: 1 | N9: 1 | P9: =+L9*M9*N9 -> 0 | R9: =+P9/$P$267 -> 0 | T9: =+R9*([1]assessment!$J$274*[1]assessment!$E$3) -> 0 | V9: =+T9/[1]payroll!$F9 -> 0 | X9: =IF(V9<$X$2,T9,[1]payroll!$F9*$X$2) -> 0 | Z9: =+T9-X9 -> 0 | AB9: =+X9/T9 -> #DIV/0!
A10: A116 | B10: Sunset Advisory Commission | D10: 0 | E10: 0 | F10: 0 | G10: =SUM(D10:F10) -> 0 | I10: =AVERAGE(D10:F10) -> 0 | J10: =IFR!AD10 -> 0 | K10: =IF(+J10<$E$270,$I$270,IF(J10>$E$272,$I$272,$I$271)) -> 0.95 | L10: =+I10*K10 -> 0 | M10: 1 | N10: 1 | P10: =+L10*M10*N10 -> 0 | R10: =+P10/$P$267 -> 0 | T10: =+R10*([1]assessment!$J$274*[1]assessment!$E$3) -> 0 | V10: =+T10/[1]payroll!$F10 -> 0 | X10: =IF(V10<$X$2,T10,[1]payroll!$F10*$X$2) -> 0 | Z10: =+T10-X10 -> 0 | AB10: =+X10/T10 -> #DIV/0!
A11: A201 | B11: Supreme Court of Texas | D11: 0 | E11: 0 | F11: 1 | G11: =SUM(D11:F11) -> 1 | I11: =AVERAGE(D11:F11) -> 0.33333333 | J11: =IFR!AD11 -> 0.005 | K11: =IF(+J11<$E$270,$I$270,IF(J11>$E$272,$I$272,$I$271)) -> 0.95 | L11: =+I11*K11 -> 0.31666667 | M11: 1 | N11: 1 | P11: =+L11*M11*N11 -> 0.31666667 | R11: =+P11/$P$267 -> 5.8227732e-05 | T11: =+R11*([1]assessment!$J$274*[1]assessment!$E$3) -> 486.64252 | V11: =+T11/[1]payroll!$F11 -> 6.0795768e-05 | X11: =IF(V11<$X$2,T11,[1]payroll!$F11*$X$2) -> 486.64252 | Z11: =+T11-X11 -> 0 | AB11: =+X11/T11 -> 1
A12: A203 | B12: Law Examiners, Board of | D12: 0 | E12: 0 | F12: 0 | G12: =SUM(D12:F12) -> 0 | I12: =AVERAGE(D12:F12) -> 0 | J12: =IFR!AD12 -> 0 | K12: =IF(+J12<$E$270,$I$270,IF(J12>$E$272,$I$272,$I$271)) -> 0.95 | L12: =+I12*K12 -> 0 | M12: 1 | N12: 1 | P12: =+L12*M12*N12 -> 0 | R12: =+P12/$P$267 -> 0 | T12: =+R12*([1]assessment!$J$274*[1]assessment!$E$3) -> 0 | V12: =+T12/[1]payroll!$F12 -> 0 | X12: =IF(V12<$X$2,T12,[1]payroll!$F12*$X$2) -> 0 | Z12: =+T12-X12 -> 0 | AB12: =+X12/T12 -> #DIV/0!
A13: A211 | B13: Court of Criminal Appeals | D13: 0 | E13: 0 | F13: 0 | G13: =SUM(D13:F13) -> 0 | I13: =AVERAGE(D13:F13) -> 0 | J13: =IFR!AD13 -> 0 | K13: =IF(+J13<$E$270,$I$270,IF(J13>$E$272,$I$272,$I$271)) -> 0.95 | L13: =+I13*K13 -> 0 | M13: 1 | N13: 1 | P13: =+L13*M13*N13 -> 0 | R13: =+P13/$P$267 -> 0 | T13: =+R13*([1]assessment!$J$274*[1]assessment!$E$3) -> 0 | V13: =+T13/[1]payroll!$F13 -> 0 | X13: =IF(V13<$X$2,T13,[1]payroll!$F13*$X$2) -> 0 | Z13: =+T13-X13 -> 0 | AB13: =+X13/T13 -> #DIV/0!
A14: A212 | B14: Court Administration, Office of | D14: 0 | E14: 0 | F14: 0 | G14: =SUM(D14:F14) -> 0 | I14: =AVERAGE(D14:F14) -> 0 | J14: =IFR!AD14 -> 0 | K14: =IF(+J14<$E$270,$I$270,IF(J14>$E$272,$I$272,$I$271)) -> 0.95 | L14: =+I14*K14 -> 0 | M14: 1 | N14: 1 | P14: =+L14*M14*N14 -> 0 | R14: =+P14/$P$267 -> 0 | T14: =+R14*([1]assessment!$J$274*[1]assessment!$E$3) -> 0 | V14: =+T14/[1]payroll!$F14 -> 0 | X14: =IF(V14<$X$2,T14,[1]payroll!$F14*$X$2) -> 0 | Z14: =+T14-X14 -> 0 | AB14: =+X14/T14 -> #DIV/0!
A15: A213 | B15: Prosecuting Attorney, State | D15: 0 | E15: 0 | F15: 0 | G15: =SUM(D15:F15) -> 0 | I15: =AVERAGE(D15:F15) -> 0 | J15: =IFR!AD15 -> 0 | K15: =IF(+J15<$E$270,$I$270,IF(J15>$E$272,$I$272,$I$271)) -> 0.95 | L15: =+I15*K15 -> 0 | M15: 1 | N15: 1 | P15: =+L15*M15*N15 -> 0 | R15: =+P15/$P$267 -> 0 | T15: =+R15*([1]assessment!$J$274*[1]assessment!$E$3) -> 0 | V15: =+T15/[1]payroll!$F15 -> 0 | X15: =IF(V15<$X$2,T15,[1]payroll!$F15*$X$2) -> 0 | Z15: =+T15-X15 -> 0 | AB15: =+X15/T15 -> #DIV/0!
A16: A215 | B16: Office of Capital and Forensic Writs | D16: 0 | E16: 0 | F16: 0 | G16: =SUM(D16:F16) -> 0 | I16: =AVERAGE(D16:F16) -> 0 | J16: =IFR!AD16 -> 0 | K16: =IF(+J16<$E$270,$I$270,IF(J16>$E$272,$I$272,$I$271)) -> 0.95 | L16: =+I16*K16 -> 0 | M16: 1 | N16: 1 | P16: =+L16*M16*N16 -> 0 | R16: =+P16/$P$267 -> 0 | T16: =+R16*([1]assessment!$J$274*[1]assessment!$E$3) -> 0 | V16: =+T16/[1]payroll!$F16 -> 0 | X16: =IF(V16<$X$2,T16,[1]payroll!$F16*$X$2) -> 0 | Z16: =+T16-X16 -> 0 | AB16: =+X16/T16 -> #DIV/0!
... A30: A234 | B30: Court of Civil Appeals - Fourteenth District | D30: 0 | E30: 0 | F30: 0 | G30: =SUM(D30:F30) -> 0 | I30: =AVERAGE(D30:F30) -> 0 | J30: =IFR!AD30 -> 0 | K30: =IF(+J30<$E$270,$I$270,IF(J30>$E$272,$I$272,$I$271)) -> 0.95 | L30: =+I30*K30 -> 0 | M30: 1 | N30: 1 | P30: =+L30*M30*N30 -> 0 | R30: =+P30/$P$267 -> 0 | T30: =+R30*([1]assessment!$J$274*[1]assessment!$E$3) -> 0 | V30: =+T30/[1]payroll!$F30 -> 0 | X30: =IF(V30<$X$2,T30,[1]payroll!$F30*$X$2) -> 0 | Z30: =+T30-X30 -> 0 | AB30: =+X30/T30 -> #DIV/0!
A31: A235 | B31: Court of Civil Appeals - Fifteenth District | D31: 0 | E31: 0 | F31: 0 | G31: =SUM(D31:F31) -> 0 | I31: =AVERAGE(D31:F31) -> 0 | J31: =IFR!AD31 -> 0 | K31: =IF(+J31<$E$270,$I$270,IF(J31>$E$272,$I$272,$I$271)) -> 0.95 | L31: =+I31*K31 -> 0 | M31: 1 | P31: =+L31*M31*N31 -> 0 | R31: =+P31/$P$267 -> 0 | T31: =+R31*([1]assessment!$J$274*[1]assessment!$E$3) -> 0 | V31: =T31/payroll!F31 -> 0 | X31: =IF(V31<$X$2,T31,payroll!F31*$X$2) -> 0 | Z31: =+T31-X31 -> 0
A32: A241 | B32: District Courts (Comptroller's Jud. Section) | D32: 0 | E32: 1 | F32: 0 | G32: =SUM(D32:F32) -> 1 | I32: =AVERAGE(D32:F32) -> 0.33333333 | J32: =IFR!AD32 -> 0.00051643556 | K32: =IF(+J32<$E$270,$I$270,IF(J32>$E$272,$I$272,$I$271)) -> 0.95 | L32: =+I32*K32 -> 0.31666667 | M32: 1 | N32: 1 | P32: =+L32*M32*N32 -> 0.31666667 | R32: =+P32/$P$267 -> 5.8227732e-05 | T32: =+R32*([1]assessment!$J$274*[1]assessment!$E$3) -> 486.64252 | V32: =+T32/[1]payroll!$F31 -> 4.5868587e-06 | X32: =IF(V32<$X$2,T32,[1]payroll!$F31*$X$2) -> 486.64252 | Z32: =+T32-X32 -> 0 | AB32: =+X32/T32 -> 1
A33: A242 | B33: Judicial Conduct, State Commission on | D33: 0 | E33: 0 | F33: 0 | G33: =SUM(D33:F33) -> 0 | I33: =AVERAGE(D33:F33) -> 0 | J33: =IFR!AD33 -> 0 | K33: =IF(+J33<$E$270,$I$270,IF(J33>$E$272,$I$272,$I$271)) -> 0.95 | L33: =+I33*K33 -> 0 | M33: 1 | N33: 1 | P33: =+L33*M33*N33 -> 0 | R33: =+P33/$P$267 -> 0 | T33: =+R33*([1]assessment!$J$274*[1]assessment!$E$3) -> 0 | V33: =+T33/[1]payroll!$F32 -> 0 | X33: =IF(V33<$X$2,T33,[1]payroll!$F32*$X$2) -> 0 | Z33: =+T33-X33 -> 0 | AB33: =+X33/T33 -> #DIV/0!
A34: A243 | B34: Law Library, State | D34: 0 | E34: 0 | F34: 0 | G34: =SUM(D34:F34) -> 0 | I34: =AVERAGE(D34:F34) -> 0 | J34: =IFR!AD34 -> 0 | K34: =IF(+J34<$E$270,$I$270,IF(J34>$E$272,$I$272,$I$271)) -> 0.95 | L34: =+I34*K34 -> 0 | M34: 1 | N34: 1 | P34: =+L34*M34*N34 -> 0 | R34: =+P34/$P$267 -> 0 | T34: =+R34*([1]assessment!$J$274*[1]assessment!$E$3) -> 0 | V34: =+T34/[1]payroll!$F33 -> 0 | X34: =IF(V34<$X$2,T34,[1]payroll!$F33*$X$2) -> 0 | Z34: =+T34-X34 -> 0 | AB34: =+X34/T34 -> #DIV/0!
A35: A301 | B35: Governor's Office | D35: 3 | E35: 1 | F35: 0 | G35: =SUM(D35:F35) -> 4 | I35: =AVERAGE(D35:F35) -> 1.3333333 | J35: =IFR!AD35 -> 0.003108838 | K35: =IF(+J35<$E$270,$I$270,IF(J35>$E$272,$I$272,$I$271)) -> 0.95 | L35: =+I35*K35 -> 1.2666667 | M35: 1 | N35: 1 | P35: =+L35*M35*N35 -> 1.2666667 | R35: =+P35/$P$267 -> 0.00023291093 | T35: =+R35*([1]assessment!$J$274*[1]assessment!$E$3) -> 1946.5701 | V35: =+T35/[1]payroll!$F34 -> 8.6419482e-05 | X35: =IF(V35<$X$2,T35,[1]payroll!$F34*$X$2) -> 1946.5701 | Z35: =+T35-X35 -> 0 | AB35: =+X35/T35 -> 1
A36: A302 | B36: Attorney General, Office of the | D36: 14 | E36: =11+1 -> 12 | F36: 8 | G36: =SUM(D36:F36) -> 34 | I36: =AVERAGE(D36:F36) -> 11.333333 | J36: =IFR!AD36 -> 0.0025805006 | K36: =IF(+J36<$E$270,$I$270,IF(J36>$E$272,$I$272,$I$271)) -> 0.95 | L36: =+I36*K36 -> 10.766667 | M36: 1 | N36: 1 | P36: =+L36*M36*N36 -> 10.766667 | R36: =+P36/$P$267 -> 0.0019797429 | T36: =+R36*([1]assessment!$J$274*[1]assessment!$E$3) -> 16545.846 | V36: =+T36/[1]payroll!$F35 -> 6.5344055e-05 | X36: =IF(V36<$X$2,T36,[1]payroll!$F35*$X$2) -> 16545.846 | Z36: =+T36-X36 -> 0 | AB36: =+X36/T36 -> 1
A37: A303 | B37: Texas Facilities Commission | D37: 1 | E37: 9 | F37: 14 | G37: =SUM(D37:F37) -> 24 | I37: =AVERAGE(D37:F37) -> 8 | J37: =IFR!AD37 -> 0.026571574 | K37: =IF(+J37<$E$270,$I$270,IF(J37>$E$272,$I$272,$I$271)) -> 0.95 | L37: =+I37*K37 -> 7.6 | M37: 1 | N37: 1 | P37: =+L37*M37*N37 -> 7.6 | R37: =+P37/$P$267 -> 0.0013974656 | T37: =+R37*([1]assessment!$J$274*[1]assessment!$E$3) -> 11679.421 | V37: =+T37/[1]payroll!$F36 -> 0.00051351363 | X37: =IF(V37<$X$2,T37,[1]payroll!$F36*$X$2) -> 11679.421 | Z37: =+T37-X37 -> 0 | AB37: =+X37/T37 -> 1
A38: A304 | B38: Comptroller of Public Accounts, State | D38: 4 | E38: =10+1 -> 11 | F38: 7 | G38: =SUM(D38:F38) -> 22 | I38: =AVERAGE(D38:F38) -> 7.3333333 | J38: =IFR!AD38 -> 0.0030945639 | K38: =IF(+J38<$E$270,$I$270,IF(J38>$E$272,$I$272,$I$271)) -> 0.95 | L38: =+I38*K38 -> 6.9666667 | M38: 1 | N38: 1 | P38: =+L38*M38*N38 -> 6.9666667 | R38: =+P38/$P$267 -> 0.0012810101 | T38: =+R38*([1]assessment!$J$274*[1]assessment!$E$3) -> 10706.136 | V38: =+T38/[1]payroll!$F37 -> 5.6889825e-05 | X38: =IF(V38<$X$2,T38,[1]payroll!$F37*$X$2) -> 10706.136 | Z38: =+T38-X38 -> 0 | AB38: =+X38/T38 -> 1
A39: A305 | B39: General Land Office | D39: 0 | E39: 2 | F39: 4 | G39: =SUM(D39:F39) -> 6 | I39: =AVERAGE(D39:F39) -> 2 | J39: =IFR!AD39 -> 0.0036408265 | K39: =IF(+J39<$E$270,$I$270,IF(J39>$E$272,$I$272,$I$271)) -> 0.95 | L39: =+I39*K39 -> 1.9 | M39: 1 | N39: 1 | P39: =+L39*M39*N39 -> 1.9 | R39: =+P39/$P$267 -> 0.00034936639 | T39: =+R39*([1]assessment!$J$274*[1]assessment!$E$3) -> 2919.8551 | V39: =+T39/[1]payroll!$F38 -> 4.6209634e-05 | X39: =IF(V39<$X$2,T39,[1]payroll!$F38*$X$2) -> 2919.8551 | Z39: =+T39-X39 -> 0 | AB39: =+X39/T39 -> 1
A40: A306 | B40: Library and Archives Commission | D40: 0 | E40: 0 | F40: 1 | G40: =SUM(D40:F40) -> 1 | I40: =AVERAGE(D40:F40) -> 0.33333333 | J40: =IFR!AD40 -> 0.0032722513 | K40: =IF(+J40<$E$270,$I$270,IF(J40>$E$272,$I$272,$I$271)) -> 0.95 | L40: =+I40*K40 -> 0.31666667 | M40: 1 | N40: 1 | P40: =+L40*M40*N40 -> 0.31666667 | R40: =+P40/$P$267 -> 5.8227732e-05 | T40: =+R40*([1]assessment!$J$274*[1]assessment!$E$3) -> 486.64252 | V40: =+T40/[1]payroll!$F39 -> 5.6399012e-05 | X40: =IF(V40<$X$2,T40,[1]payroll!$F39*$X$2) -> 486.64252 | Z40: =+T40-X40 -> 0 | AB40: =+X40/T40 -> 1
A41: A307 | B41: Secretary of State | D41: 0 | E41: 1 | F41: 0 | G41: =SUM(D41:F41) -> 1 | I41: =AVERAGE(D41:F41) -> 0.33333333 | J41: =IFR!AD41 -> 0.0018370534 | K41: =IF(+J41<$E$270,$I$270,IF(J41>$E$272,$I$272,$I$271)) -> 0.95 | L41: =+I41*K41 -> 0.31666667 | M41: 1 | N41: 1 | P41: =+L41*M41*N41 -> 0.31666667 | R41: =+P41/$P$267 -> 5.8227732e-05 | T41: =+R41*([1]assessment!$J$274*[1]assessment!$E$3) -> 486.64252 | V41: =+T41/[1]payroll!$F40 -> 4.085927e-05 | X41: =IF(V41<$X$2,T41,[1]payroll!$F40*$X$2) -> 486.64252 | Z41: =+T41-X41 -> 0 | AB41: =+X41/T41 -> 1
A42: A308 | B42: State Auditor's Office | D42: 0 | E42: 0 | F42: 1 | G42: =SUM(D42:F42) -> 1 | I42: =AVERAGE(D42:F42) -> 0.33333333 | J42: =IFR!AD42 -> 0.0028595939 | K42: =IF(+J42<$E$270,$I$270,IF(J42>$E$272,$I$272,$I$271)) -> 0.95 | L42: =+I42*K42 -> 0.31666667 | M42: 1 | N42: 1 | P42: =+L42*M42*N42 -> 0.31666667 | R42: =+P42/$P$267 -> 5.8227732e-05 | T42: =+R42*([1]assessment!$J$274*[1]assessment!$E$3) -> 486.64252 | V42: =+T42/[1]payroll!$F41 -> 2.9823463e-05 | X42: =IF(V42<$X$2,T42,[1]payroll!$F41*$X$2) -> 486.64252 | Z42: =+T42-X42 -> 0 | AB42: =+X42/T42 -> 1
A43: A312 | B43: Securities Board | D43: 0 | E43: 0 | F43: 0 | G43: =SUM(D43:F43) -> 0 | I43: =AVERAGE(D43:F43) -> 0 | J43: =IFR!AD43 -> 0 | K43: =IF(+J43<$E$270,$I$270,IF(J43>$E$272,$I$272,$I$271)) -> 0.95 | L43: =+I43*K43 -> 0 | M43: 1 | N43: 1 | P43: =+L43*M43*N43 -> 0 | R43: =+P43/$P$267 -> 0 | T43: =+R43*([1]assessment!$J$274*[1]assessment!$E$3) -> 0 | V43: =+T43/[1]payroll!$F42 -> 0 | X43: =IF(V43<$X$2,T43,[1]payroll!$F42*$X$2) -> 0 | Z43: =+T43-X43 -> 0 | AB43: =+X43/T43 -> #DIV/0!
A44: A313 | B44: Information Resources, Dept. of | D44: 1 | E44: 0 | F44: 0 | G44: =SUM(D44:F44) -> 1 | I44: =AVERAGE(D44:F44) -> 0.33333333 | J44: =IFR!AD44 -> 0.00085218799 | K44: =IF(+J44<$E$270,$I$270,IF(J44>$E$272,$I$272,$I$271)) -> 0.95 | L44: =+I44*K44 -> 0.31666667 | M44: 1 | N44: 1 | P44: =+L44*M44*N44 -> 0.31666667 | R44: =+P44/$P$267 -> 5.8227732e-05 | T44: =+R44*([1]assessment!$J$274*[1]assessment!$E$3) -> 486.64252 | V44: =+T44/[1]payroll!$F43 -> 2.3808721e-05 | X44: =IF(V44<$X$2,T44,[1]payroll!$F43*$X$2) -> 486.64252 | Z44: =+T44-X44 -> 0 | AB44: =+X44/T44 -> 1
A45: A320 | B45: Texas Workforce Commission | D45: 5 | E45: =16+1 -> 17 | F45: 25 | G45: =SUM(D45:F45) -> 47 | I45: =AVERAGE(D45:F45) -> 15.666667 | J45: =IFR!AD45 -> 0.0039810698 | K45: =IF(+J45<$E$270,$I$270,IF(J45>$E$272,$I$272,$I$271)) -> 0.95 | L45: =+I45*K45 -> 14.883333 | M45: 1 | N45: 1 | P45: =+L45*M45*N45 -> 14.883333 | R45: =+P45/$P$267 -> 0.0027367034 | T45: =+R45*([1]assessment!$J$274*[1]assessment!$E$3) -> 22872.199 | V45: =+T45/[1]payroll!$F44 -> 9.5964502e-05 | X45: =IF(V45<$X$2,T45,[1]payroll!$F44*$X$2) -> 22872.199 | Z45: =+T45-X45 -> 0 | AB45: =+X45/T45 -> 1
A46: A326 | B46: Texas Emergency Services Retirement System | D46: 0 | E46: 0 | F46: 0 | G46: =SUM(D46:F46) -> 0 | I46: =AVERAGE(D46:F46) -> 0 | J46: =IFR!AD46 -> 0 | K46: =IF(+J46<$E$270,$I$270,IF(J46>$E$272,$I$272,$I$271)) -> 0.95 | L46: =+I46*K46 -> 0 | M46: 1 | N46: 1 | P46: =+L46*M46*N46 -> 0 | R46: =+P46/$P$267 -> 0 | T46: =+R46*([1]assessment!$J$274*[1]assessment!$E$3) -> 0 | V46: =+T46/[1]payroll!$F45 -> 0 | X46: =IF(V46<$X$2,T46,[1]payroll!$F45*$X$2) -> 0 | Z46: =+T46-X46 -> 0 | AB46: =+X46/T46 -> #DIV/0!
A47: A329 | B47: Real Estate Commission | D47: 0 | E47: 0 | F47: 0 | G47: =SUM(D47:F47) -> 0 | I47: =AVERAGE(D47:F47) -> 0 | J47: =IFR!AD47 -> 0 | K47: =IF(+J47<$E$270,$I$270,IF(J47>$E$272,$I$272,$I$271)) -> 0.95 | L47: =+I47*K47 -> 0 | M47: 1 | N47: 1 | P47: =+L47*M47*N47 -> 0 | R47: =+P47/$P$267 -> 0 | T47: =+R47*([1]assessment!$J$274*[1]assessment!$E$3) -> 0 | V47: =+T47/[1]payroll!$F46 -> 0 | X47: =IF(V47<$X$2,T47,[1]payroll!$F46*$X$2) -> 0 | Z47: =+T47-X47 -> 0 | AB47: =+X47/T47 -> #DIV/0!
A48: A332 | B48: Housing and Community Affairs, Dept. of | D48: 0 | E48: 1 | F48: 1 | G48: =SUM(D48:F48) -> 2 | I48: =AVERAGE(D48:F48) -> 0.66666667 | J48: =IFR!AD48 -> 0.0024569714 | K48: =IF(+J48<$E$270,$I$270,IF(J48>$E$272,$I$272,$I$271)) -> 0.95 | L48: =+I48*K48 -> 0.63333333 | M48: 1 | N48: 1 | P48: =+L48*M48*N48 -> 0.63333333 | R48: =+P48/$P$267 -> 0.00011645546 | T48: =+R48*([1]assessment!$J$274*[1]assessment!$E$3) -> 973.28505 | V48: =+T48/[1]payroll!$F47 -> 3.5613727e-05 | X48: =IF(V48<$X$2,T48,[1]payroll!$F47*$X$2) -> 973.28505 | Z48: =+T48-X48 -> 0 | AB48: =+X48/T48 -> 1
A49: A338 | B49: Pension Review Board, State | D49: 0 | E49: 0 | F49: 0 | G49: =SUM(D49:F49) -> 0 | I49: =AVERAGE(D49:F49) -> 0 | J49: =IFR!AD49 -> 0 | K49: =IF(+J49<$E$270,$I$270,IF(J49>$E$272,$I$272,$I$271)) -> 0.95 | L49: =+I49*K49 -> 0 | M49: 1 | N49: 1 | P49: =+L49*M49*N49 -> 0 | R49: =+P49/$P$267 -> 0 | T49: =+R49*([1]assessment!$J$274*[1]assessment!$E$3) -> 0 | V49: =+T49/[1]payroll!$F48 -> 0 | X49: =IF(V49<$X$2,T49,[1]payroll!$F48*$X$2) -> 0 | Z49: =+T49-X49 -> 0 | AB49: =+X49/T49 -> #DIV/0!
A50: A347 | B50: Public Finance Authority | D50: 0 | E50: 0 | F50: 0 | G50: =SUM(D50:F50) -> 0 | I50: =AVERAGE(D50:F50) -> 0 | J50: =IFR!AD50 -> 0 | K50: =IF(+J50<$E$270,$I$270,IF(J50>$E$272,$I$272,$I$271)) -> 0.95 | L50: =+I50*K50 -> 0 | M50: 1 | N50: 1 | P50: =+L50*M50*N50 -> 0 | R50: =+P50/$P$267 -> 0 | T50: =+R50*([1]assessment!$J$274*[1]assessment!$E$3) -> 0 | V50: =+T50/[1]payroll!$F49 -> 0 | X50: =IF(V50<$X$2,T50,[1]payroll!$F49*$X$2) -> 0 | Z50: =+T50-X50 -> 0 | AB50: =+X50/T50 -> #DIV/0!
A51: A352 | B51: Bond Review Board | D51: 0 | E51: 0 | F51: 0 | G51: =SUM(D51:F51) -> 0 | I51: =AVERAGE(D51:F51) -> 0 | J51: =IFR!AD51 -> 0 | K51: =IF(+J51<$E$270,$I$270,IF(J51>$E$272,$I$272,$I$271)) -> 0.95 | L51: =+I51*K51 -> 0 | M51: 1 | N51: 1 | P51: =+L51*M51*N51 -> 0 | R51: =+P51/$P$267 -> 0 | T51: =+R51*([1]assessment!$J$274*[1]assessment!$E$3) -> 0 | V51: =+T51/[1]payroll!$F50 -> 0 | X51: =IF(V51<$X$2,T51,[1]payroll!$F50*$X$2) -> 0 | Z51: =+T51-X51 -> 0 | AB51: =+X51/T51 -> #DIV/0!
A52: A356 | B52: Ethics Commission | D52: 0 | E52: 0 | F52: 0 | G52: =SUM(D52:F52) -> 0 | I52: =AVERAGE(D52:F52) -> 0 | J52: =IFR!AD52 -> 0 | K52: =IF(+J52<$E$270,$I$270,IF(J52>$E$272,$I$272,$I$271)) -> 0.95 | L52: =+I52*K52 -> 0 | M52: 1 | N52: 1 | P52: =+L52*M52*N52 -> 0 | R52: =+P52/$P$267 -> 0 | T52: =+R52*([1]assessment!$J$274*[1]assessment!$E$3) -> 0 | V52: =+T52/[1]payroll!$F51 -> 0 | X52: =IF(V52<$X$2,T52,[1]payroll!$F51*$X$2) -> 0 | Z52: =+T52-X52 -> 0 | AB52: =+X52/T52 -> #DIV/0!
A53: A359 | B53: Office of Public Insurance Counsel | D53: 0 | E53: 0 | F53: 0 | G53: =SUM(D53:F53) -> 0 | I53: =AVERAGE(D53:F53) -> 0 | J53: =IFR!AD53 -> 0 | K53: =IF(+J53<$E$270,$I$270,IF(J53>$E$272,$I$272,$I$271)) -> 0.95 | L53: =+I53*K53 -> 0 | M53: 1 | N53: 1 | P53: =+L53*M53*N53 -> 0 | R53: =+P53/$P$267 -> 0 | T53: =+R53*([1]assessment!$J$274*[1]assessment!$E$3) -> 0 | V53: =+T53/[1]payroll!$F52 -> 0 | X53: =IF(V53<$X$2,T53,[1]payroll!$F52*$X$2) -> 0 | Z53: =+T53-X53 -> 0 | AB53: =+X53/T53 -> #DIV/0!
A54: A360 | B54: State Office of Administrative Hearings | D54: 0 | E54: 0 | F54: 0 | G54: =SUM(D54:F54) -> 0 | I54: =AVERAGE(D54:F54) -> 0 | J54: =IFR!AD54 -> 0 | K54: =IF(+J54<$E$270,$I$270,IF(J54>$E$272,$I$272,$I$271)) -> 0.95 | L54: =+I54*K54 -> 0 | M54: 1 | N54: 1 | P54: =+L54*M54*N54 -> 0 | R54: =+P54/$P$267 -> 0 | T54: =+R54*([1]assessment!$J$274*[1]assessment!$E$3) -> 0 | V54: =+T54/[1]payroll!$F53 -> 0 | X54: =IF(V54<$X$2,T54,[1]payroll!$F53*$X$2) -> 0 | Z54: =+T54-X54 -> 0 | AB54: =+X54/T54 -> #DIV/0!
A55: A362 | B55: Texas Lottery Commission | D55: 1 | E55: 0 | F55: 1 | G55: =SUM(D55:F55) -> 2 | I55: =AVERAGE(D55:F55) -> 0.66666667 | J55: =IFR!AD55 -> 0.0023390993 | K55: =IF(+J55<$E$270,$I$270,IF(J55>$E$272,$I$272,$I$271)) -> 0.95 | L55: =+I55*K55 -> 0.63333333 | M55: 1 | N55: 1 | P55: =+L55*M55*N55 -> 0.63333333 | R55: =+P55/$P$267 -> 0.00011645546 | T55: =+R55*([1]assessment!$J$274*[1]assessment!$E$3) -> 973.28505 | V55: =+T55/[1]payroll!$F54 -> 4.3591238e-05 | X55: =IF(V55<$X$2,T55,[1]payroll!$F54*$X$2) -> 973.28505 | Z55: =+T55-X55 -> 0 | AB55: =+X55/T55 -> 1
A56: A364 | B56: Health Professions Council | D56: 0 | E56: 0 | F56: 0 | G56: =SUM(D56:F56) -> 0 | I56: =AVERAGE(D56:F56) -> 0 | J56: =IFR!AD56 -> 0 | K56: =IF(+J56<$E$270,$I$270,IF(J56>$E$272,$I$272,$I$271)) -> 0.95 | L56: =+I56*K56 -> 0 | M56: 1 | N56: 1 | P56: =+L56*M56*N56 -> 0 | R56: =+P56/$P$267 -> 0 | T56: =+R56*([1]assessment!$J$274*[1]assessment!$E$3) -> 0 | V56: =+T56/[1]payroll!$F55 -> 0 | X56: =IF(V56<$X$2,T56,[1]payroll!$F55*$X$2) -> 0 | Z56: =+T56-X56 -> 0 | AB56: =+X56/T56 -> #DIV/0!
A57: A401 | B57: Texas Military Department | D57: 48 | E57: =98+6 -> 104 | F57: 61 | G57: =SUM(D57:F57) -> 213 | I57: =AVERAGE(D57:F57) -> 71 | J57: =IFR!AD57 -> 0.13497596 | K57: =IF(+J57<$E$270,$I$270,IF(J57>$E$272,$I$272,$I$271)) -> 1.05 | L57: =+I57*K57 -> 74.55 | M57: 1 | N57: 1 | P57: =+L57*M57*N57 -> 74.55 | R57: =+P57/$P$267 -> 0.013708034 | T57: =+R57*([1]assessment!$J$274*[1]assessment!$E$3) -> 114565.9 | V57: =+T57/[1]payroll!$F56 -> 0.00029653117 | X57: =IF(V57<$X$2,T57,[1]payroll!$F56*$X$2) -> 114565.9 | Z57: =+T57-X57 -> 0 | AB57: =+X57/T57 -> 1
A58: A403 | B58: Veterans Commission | D58: 0 | E58: 1 | F58: 2 | G58: =SUM(D58:F58) -> 3 | I58: =AVERAGE(D58:F58) -> 1 | J58: =IFR!AD58 -> 0.0030929283 | K58: =IF(+J58<$E$270,$I$270,IF(J58>$E$272,$I$272,$I$271)) -> 0.95 | L58: =+I58*K58 -> 0.95 | M58: 1 | N58: 1 | P58: =+L58*M58*N58 -> 0.95 | R58: =+P58/$P$267 -> 0.0001746832 | T58: =+R58*([1]assessment!$J$274*[1]assessment!$E$3) -> 1459.9276 | V58: =+T58/[1]payroll!$F57 -> 6.1671269e-05 | X58: =IF(V58<$X$2,T58,[1]payroll!$F57*$X$2) -> 1459.9276 | Z58: =+T58-X58 -> 0 | AB58: =+X58/T58 -> 1
A59: A405 | B59: Public Safety, Department of | D59: 427 | E59: 479 | F59: 483 | G59: =SUM(D59:F59) -> 1389 | I59: =AVERAGE(D59:F59) -> 463 | J59: =IFR!AD59 -> 0.046367344 | K59: =IF(+J59<$E$270,$I$270,IF(J59>$E$272,$I$272,$I$271)) -> 1 | L59: =+I59*K59 -> 463 | M59: 1 | N59: 1 | P59: =+L59*M59*N59 -> 463 | R59: =+P59/$P$267 -> 0.085135073 | T59: =+R59*([1]assessment!$J$274*[1]assessment!$E$3) -> 711522.6 | V59: =+T59/[1]payroll!$F58 -> 0.001051041 | X59: =IF(V59<$X$2,T59,[1]payroll!$F58*$X$2) -> 711522.6 | Z59: =+T59-X59 -> 0 | AB59: =+X59/T59 -> 1
A60: A407 | B60: Law Enforcement Commission | D60: 0 | E60: 0 | F60: 0 | G60: =SUM(D60:F60) -> 0 | I60: =AVERAGE(D60:F60) -> 0 | J60: =IFR!AD60 -> 0 | K60: =IF(+J60<$E$270,$I$270,IF(J60>$E$272,$I$272,$I$271)) -> 0.95 | L60: =+I60*K60 -> 0 | M60: 1 | N60: 1 | P60: =+L60*M60*N60 -> 0 | R60: =+P60/$P$267 -> 0 | T60: =+R60*([1]assessment!$J$274*[1]assessment!$E$3) -> 0 | V60: =+T60/[1]payroll!$F59 -> 0 | X60: =IF(V60<$X$2,T60,[1]payroll!$F59*$X$2) -> 0 | Z60: =+T60-X60 -> 0 | AB60: =+X60/T60 -> #DIV/0!
A61: A409 | B61: Jail Standards, Commission on | D61: 0 | E61: 0 | F61: 0 | G61: =SUM(D61:F61) -> 0 | I61: =AVERAGE(D61:F61) -> 0 | J61: =IFR!AD61 -> 0 | K61: =IF(+J61<$E$270,$I$270,IF(J61>$E$272,$I$272,$I$271)) -> 0.95 | L61: =+I61*K61 -> 0 | M61: 1 | N61: 1 | P61: =+L61*M61*N61 -> 0 | R61: =+P61/$P$267 -> 0 | T61: =+R61*([1]assessment!$J$274*[1]assessment!$E$3) -> 0 | V61: =+T61/[1]payroll!$F60 -> 0 | X61: =IF(V61<$X$2,T61,[1]payroll!$F60*$X$2) -> 0 | Z61: =+T61-X61 -> 0 | AB61: =+X61/T61 -> #DIV/0!
A62: A411 | B62: Fire Protection, Commission on | D62: 0 | E62: 0 | F62: 1 | G62: =SUM(D62:F62) -> 1 | I62: =AVERAGE(D62:F62) -> 0.33333333 | J62: =IFR!AD62 -> 0.005 | K62: =IF(+J62<$E$270,$I$270,IF(J62>$E$272,$I$272,$I$271)) -> 0.95 | L62: =+I62*K62 -> 0.31666667 | M62: 1 | N62: 1 | P62: =+L62*M62*N62 -> 0.31666667 | R62: =+P62/$P$267 -> 5.8227732e-05 | T62: =+R62*([1]assessment!$J$274*[1]assessment!$E$3) -> 486.64252 | V62: =+T62/[1]payroll!$F61 -> 0.00029746864 | X62: =IF(V62<$X$2,T62,[1]payroll!$F61*$X$2) -> 486.64252 | Z62: =+T62-X62 -> 0 | AB62: =+X62/T62 -> 1
A63: A448 | B63: Office of Injured Employee Counsel | D63: 0 | E63: 0 | F63: 1 | G63: =SUM(D63:F63) -> 1 | I63: =AVERAGE(D63:F63) -> 0.33333333 | J63: =IFR!AD63 -> 0.0038160656 | K63: =IF(+J63<$E$270,$I$270,IF(J63>$E$272,$I$272,$I$271)) -> 0.95 | L63: =+I63*K63 -> 0.31666667 | M63: 1 | N63: 1 | P63: =+L63*M63*N63 -> 0.31666667 | R63: =+P63/$P$267 -> 5.8227732e-05 | T63: =+R63*([1]assessment!$J$274*[1]assessment!$E$3) -> 486.64252 | V63: =+T63/[1]payroll!$F62 -> 6.8155769e-05 | X63: =IF(V63<$X$2,T63,[1]payroll!$F62*$X$2) -> 486.64252 | Z63: =+T63-X63 -> 0 | AB63: =+X63/T63 -> 1
A64: A450 | B64: Dept of Savings and Mortgage Lending | D64: 0 | E64: 0 | F64: 0 | G64: =SUM(D64:F64) -> 0 | I64: =AVERAGE(D64:F64) -> 0 | J64: =IFR!AD64 -> 0 | K64: =IF(+J64<$E$270,$I$270,IF(J64>$E$272,$I$272,$I$271)) -> 0.95 | L64: =+I64*K64 -> 0 | M64: 1 | N64: 1 | P64: =+L64*M64*N64 -> 0 | R64: =+P64/$P$267 -> 0 | T64: =+R64*([1]assessment!$J$274*[1]assessment!$E$3) -> 0 | V64: =+T64/[1]payroll!$F63 -> 0 | X64: =IF(V64<$X$2,T64,[1]payroll!$F63*$X$2) -> 0 | Z64: =+T64-X64 -> 0 | AB64: =+X64/T64 -> #DIV/0!
A65: A451 | B65: Banking, State Department of | D65: 0 | E65: 0 | F65: 0 | G65: =SUM(D65:F65) -> 0 | I65: =AVERAGE(D65:F65) -> 0 | J65: =IFR!AD65 -> 0 | K65: =IF(+J65<$E$270,$I$270,IF(J65>$E$272,$I$272,$I$271)) -> 0.95 | L65: =+I65*K65 -> 0 | M65: 1 | N65: 1 | P65: =+L65*M65*N65 -> 0 | R65: =+P65/$P$267 -> 0 | T65: =+R65*([1]assessment!$J$274*[1]assessment!$E$3) -> 0 | V65: =+T65/[1]payroll!$F64 -> 0 | X65: =IF(V65<$X$2,T65,[1]payroll!$F64*$X$2) -> 0 | Z65: =+T65-X65 -> 0 | AB65: =+X65/T65 -> #DIV/0!
A66: A452 | B66: Licensing and Regulation, Dept. of | D66: 3 | E66: 2 | F66: 6 | G66: =SUM(D66:F66) -> 11 | I66: =AVERAGE(D66:F66) -> 3.6666667 | J66: =IFR!AD66 -> 0.0084983793 | K66: =IF(+J66<$E$270,$I$270,IF(J66>$E$272,$I$272,$I$271)) -> 0.95 | L66: =+I66*K66 -> 3.4833333 | M66: 1 | N66: 1 | P66: =+L66*M66*N66 -> 3.4833333 | R66: =+P66/$P$267 -> 0.00064050505 | T66: =+R66*([1]assessment!$J$274*[1]assessment!$E$3) -> 5353.0678 | V66: =+T66/[1]payroll!$F65 -> 0.00016927712 | X66: =IF(V66<$X$2,T66,[1]payroll!$F65*$X$2) -> 5353.0678 | Z66: =+T66-X66 -> 0 | AB66: =+X66/T66 -> 1
A67: A454 | B67: Insurance, Department of | D67: 8 | E67: 5 | F67: 8 | G67: =SUM(D67:F67) -> 21 | I67: =AVERAGE(D67:F67) -> 7 | J67: =IFR!AD67 -> 0.0057468238 | K67: =IF(+J67<$E$270,$I$270,IF(J67>$E$272,$I$272,$I$271)) -> 0.95 | L67: =+I67*K67 -> 6.65 | M67: 1 | N67: 1 | P67: =+L67*M67*N67 -> 6.65 | R67: =+P67/$P$267 -> 0.0012227824 | T67: =+R67*([1]assessment!$J$274*[1]assessment!$E$3) -> 10219.493 | V67: =+T67/[1]payroll!$F66 -> 0.00012292577 | X67: =IF(V67<$X$2,T67,[1]payroll!$F66*$X$2) -> 10219.493 | Z67: =+T67-X67 -> 0 | AB67: =+X67/T67 -> 1
A68: A455 | B68: Railroad Commission | D68: 4 | E68: 3 | F68: 2 | G68: =SUM(D68:F68) -> 9 | I68: =AVERAGE(D68:F68) -> 3 | J68: =IFR!AD68 -> 0.0029962624 | K68: =IF(+J68<$E$270,$I$270,IF(J68>$E$272,$I$272,$I$271)) -> 0.95 | L68: =+I68*K68 -> 2.85 | M68: 1 | N68: 1 | P68: =+L68*M68*N68 -> 2.85 | R68: =+P68/$P$267 -> 0.00052404959 | T68: =+R68*([1]assessment!$J$274*[1]assessment!$E$3) -> 4379.7827 | V68: =+T68/[1]payroll!$F67 -> 6.7239802e-05 | X68: =IF(V68<$X$2,T68,[1]payroll!$F67*$X$2) -> 4379.7827 | Z68: =+T68-X68 -> 0 | AB68: =+X68/T68 -> 1
A69: A456 | B69: Plumbing Examiners, State Board of | D69: 0 | E69: 0 | F69: 0 | G69: =SUM(D69:F69) -> 0 | I69: =AVERAGE(D69:F69) -> 0 | J69: =IFR!AD69 -> 0 | K69: =IF(+J69<$E$270,$I$270,IF(J69>$E$272,$I$272,$I$271)) -> 0.95 | L69: =+I69*K69 -> 0 | M69: 1 | N69: 1 | P69: =+L69*M69*N69 -> 0 | R69: =+P69/$P$267 -> 0 | T69: =+R69*([1]assessment!$J$274*[1]assessment!$E$3) -> 0 | V69: =+T69/[1]payroll!$F68 -> 0 | X69: =IF(V69<$X$2,T69,[1]payroll!$F68*$X$2) -> 0 | Z69: =+T69-X69 -> 0 | AB69: =+X69/T69 -> #DIV/0!
... A90: A529 | B90: Health & Human Services Commission | D90: 1585 | E90: 1469 | F90: 1634 | G90: =SUM(D90:F90) -> 4688 | I90: =AVERAGE(D90:F90) -> 1562.6667 | J90: =IFR!AD90 -> 0.046850611 | K90: =IF(+J90<$E$270,$I$270,IF(J90>$E$272,$I$272,$I$271)) -> 1 | L90: =+I90*K90 -> 1562.6667 | M90: 1 | N90: 1 | P90: =+L90*M90*N90 -> 1562.6667 | R90: =+P90/$P$267 -> 0.28733853 | T90: =+R90*([1]assessment!$J$274*[1]assessment!$E$3) -> 2401452.8 | V90: =+T90/[1]payroll!$F89 -> 0.001437174 | X90: =IF(V90<$X$2,T90,[1]payroll!$F89*$X$2) -> 2401452.8 | Z90: =+T90-X90 -> 0 | AB90: =+X90/T90 -> 1
A91: A530 | B91: Dept. of Family and Protective Services | D91: 209 | E91: =230+2 -> 232 | F91: 252 | G91: =SUM(D91:F91) -> 693 | I91: =AVERAGE(D91:F91) -> 231 | J91: =IFR!AD91 -> 0.019663663 | K91: =IF(+J91<$E$270,$I$270,IF(J91>$E$272,$I$272,$I$271)) -> 0.95 | L91: =+I91*K91 -> 219.45 | M91: 1 | N91: 1 | P91: =+L91*M91*N91 -> 219.45 | R91: =+P91/$P$267 -> 0.040351818 | T91: =+R91*([1]assessment!$J$274*[1]assessment!$E$3) -> 337243.27 | V91: =+T91/[1]payroll!$F90 -> 0.00051790099 | X91: =IF(V91<$X$2,T91,[1]payroll!$F90*$X$2) -> 337243.27 | Z91: =+T91-X91 -> 0 | AB91: =+X91/T91 -> 1
A92: A533 | B92: Physical & Occup Therapy Examr, Exec Counc | D92: 0 | E92: 0 | F92: 0 | G92: =SUM(D92:F92) -> 0 | I92: =AVERAGE(D92:F92) -> 0 | J92: =IFR!AD92 -> 0 | K92: =IF(+J92<$E$270,$I$270,IF(J92>$E$272,$I$272,$I$271)) -> 0.95 | L92: =+I92*K92 -> 0 | M92: 1 | N92: 1 | P92: =+L92*M92*N92 -> 0 | R92: =+P92/$P$267 -> 0 | T92: =+R92*([1]assessment!$J$274*[1]assessment!$E$3) -> 0 | V92: =+T92/[1]payroll!$F91 -> 0 | X92: =IF(V92<$X$2,T92,[1]payroll!$F91*$X$2) -> 0 | Z92: =+T92-X92 -> 0 | AB92: =+X92/T92 -> #DIV/0!
A93: A537 | B93: Dept. of State Health Services | D93: 16 | E93: =25+1 -> 26 | F93: 25 | G93: =SUM(D93:F93) -> 67 | I93: =AVERAGE(D93:F93) -> 22.333333 | J93: =IFR!AD93 -> 0.0069074201 | K93: =IF(+J93<$E$270,$I$270,IF(J93>$E$272,$I$272,$I$271)) -> 0.95 | L93: =+I93*K93 -> 21.216667 | M93: 1 | N93: 1 | P93: =+L93*M93*N93 -> 21.216667 | R93: =+P93/$P$267 -> 0.003901258 | T93: =+R93*([1]assessment!$J$274*[1]assessment!$E$3) -> 32605.049 | V93: =+T93/[1]payroll!$F92 -> 0.00015807179 | X93: =IF(V93<$X$2,T93,[1]payroll!$F92*$X$2) -> 32605.049 | Z93: =+T93-X93 -> 0 | AB93: =+X93/T93 -> 1
A94: A542 | B94: Cancer Prevention and Research Institute | D94: 0 | E94: 0 | F94: 0 | G94: =SUM(D94:F94) -> 0 | I94: =AVERAGE(D94:F94) -> 0 | J94: =IFR!AD94 -> 0 | K94: =IF(+J94<$E$270,$I$270,IF(J94>$E$272,$I$272,$I$271)) -> 0.95 | L94: =+I94*K94 -> 0 | M94: 1 | N94: 1 | P94: =+L94*M94*N94 -> 0 | R94: =+P94/$P$267 -> 0 | T94: =+R94*([1]assessment!$J$274*[1]assessment!$E$3) -> 0 | V94: =+T94/[1]payroll!$F93 -> 0 | X94: =IF(V94<$X$2,T94,[1]payroll!$F93*$X$2) -> 0 | Z94: =+T94-X94 -> 0 | AB94: =+X94/T94 -> #DIV/0!
A95: A551 | B95: Agriculture, Department of | D95: 12 | E95: =14+1 -> 15 | F95: 3 | G95: =SUM(D95:F95) -> 30 | I95: =AVERAGE(D95:F95) -> 10 | J95: =IFR!AD95 -> 0.013862007 | K95: =IF(+J95<$E$270,$I$270,IF(J95>$E$272,$I$272,$I$271)) -> 0.95 | L95: =+I95*K95 -> 9.5 | M95: 1 | N95: 1 | P95: =+L95*M95*N95 -> 9.5 | R95: =+P95/$P$267 -> 0.001746832 | T95: =+R95*([1]assessment!$J$274*[1]assessment!$E$3) -> 14599.276 | V95: =+T95/[1]payroll!$F94 -> 0.00037472779 | X95: =IF(V95<$X$2,T95,[1]payroll!$F94*$X$2) -> 14599.276 | Z95: =+T95-X95 -> 0 | AB95: =+X95/T95 -> 1
A96: A554 | B96: Animal Health Commission | D96: 10 | E96: =5+1 -> 6 | F96: 9 | G96: =SUM(D96:F96) -> 25 | I96: =AVERAGE(D96:F96) -> 8.3333333 | J96: =IFR!AD96 -> 0.046251133 | K96: =IF(+J96<$E$270,$I$270,IF(J96>$E$272,$I$272,$I$271)) -> 1 | L96: =+I96*K96 -> 8.3333333 | M96: 1 | N96: 1 | P96: =+L96*M96*N96 -> 8.3333333 | R96: =+P96/$P$267 -> 0.0015323087 | T96: =+R96*([1]assessment!$J$274*[1]assessment!$E$3) -> 12806.382 | V96: =+T96/[1]payroll!$F95 -> 0.0012580984 | X96: =IF(V96<$X$2,T96,[1]payroll!$F95*$X$2) -> 12806.382 | Z96: =+T96-X96 -> 0 | AB96: =+X96/T96 -> 1
A97: A578 | B97: Veterinary Medical Examiners | D97: 0 | E97: 0 | F97: 0 | G97: =SUM(D97:F97) -> 0 | I97: =AVERAGE(D97:F97) -> 0 | J97: =IFR!AD97 -> 0 | K97: =IF(+J97<$E$270,$I$270,IF(J97>$E$272,$I$272,$I$271)) -> 0.95 | L97: =+I97*K97 -> 0 | M97: 1 | N97: 1 | P97: =+L97*M97*N97 -> 0 | R97: =+P97/$P$267 -> 0 | T97: =+R97*([1]assessment!$J$274*[1]assessment!$E$3) -> 0 | V97: =+T97/[1]payroll!$F96 -> 0 | X97: =IF(V97<$X$2,T97,[1]payroll!$F96*$X$2) -> 0 | Z97: =+T97-X97 -> 0 | AB97: =+X97/T97 -> #DIV/0!
A98: A580 | B98: Water Development Board | D98: 0 | E98: 0 | F98: 1 | G98: =SUM(D98:F98) -> 1 | I98: =AVERAGE(D98:F98) -> 0.33333333 | J98: =IFR!AD98 -> 0.0012917393 | K98: =IF(+J98<$E$270,$I$270,IF(J98>$E$272,$I$272,$I$271)) -> 0.95 | L98: =+I98*K98 -> 0.31666667 | M98: 1 | N98: 1 | P98: =+L98*M98*N98 -> 0.31666667 | R98: =+P98/$P$267 -> 5.8227732e-05 | T98: =+R98*([1]assessment!$J$274*[1]assessment!$E$3) -> 486.64252 | V98: =+T98/[1]payroll!$F97 -> 1.6733075e-05 | X98: =IF(V98<$X$2,T98,[1]payroll!$F97*$X$2) -> 486.64252 | Z98: =+T98-X98 -> 0 | AB98: =+X98/T98 -> 1
A99: A582 | B99: Texas Comm. on Environmental Quality | D99: 2 | E99: 5 | F99: 7 | G99: =SUM(D99:F99) -> 14 | I99: =AVERAGE(D99:F99) -> 4.6666667 | J99: =IFR!AD99 -> 0.0020874479 | K99: =IF(+J99<$E$270,$I$270,IF(J99>$E$272,$I$272,$I$271)) -> 0.95 | L99: =+I99*K99 -> 4.4333333 | M99: 1 | N99: 1 | P99: =+L99*M99*N99 -> 4.4333333 | R99: =+P99/$P$267 -> 0.00081518824 | T99: =+R99*([1]assessment!$J$274*[1]assessment!$E$3) -> 6812.9953 | V99: =+T99/[1]payroll!$F98 -> 3.9107654e-05 | X99: =IF(V99<$X$2,T99,[1]payroll!$F98*$X$2) -> 6812.9953 | Z99: =+T99-X99 -> 0 | AB99: =+X99/T99 -> 1
A100: A592 | B100: Soil & Water Conservation Board | D100: 0 | E100: 0 | F100: 0 | G100: =SUM(D100:F100) -> 0 | I100: =AVERAGE(D100:F100) -> 0 | J100: =IFR!AD100 -> 0 | K100: =IF(+J100<$E$270,$I$270,IF(J100>$E$272,$I$272,$I$271)) -> 0.95 | L100: =+I100*K100 -> 0 | M100: 1 | N100: 1 | P100: =+L100*M100*N100 -> 0 | R100: =+P100/$P$267 -> 0 | T100: =+R100*([1]assessment!$J$274*[1]assessment!$E$3) -> 0 | V100: =+T100/[1]payroll!$F99 -> 0 | X100: =IF(V100<$X$2,T100,[1]payroll!$F99*$X$2) -> 0 | Z100: =+T100-X100 -> 0 | AB100: =+X100/T100 -> #DIV/0!
A101: A608 | B101: Department of Motor Vehicles | D101: 1 | E101: 5 | F101: 5 | G101: =SUM(D101:F101) -> 11 | I101: =AVERAGE(D101:F101) -> 3.6666667 | J101: =IFR!AD101 -> 0.005964546 | K101: =IF(+J101<$E$270,$I$270,IF(J101>$E$272,$I$272,$I$271)) -> 0.95 | L101: =+I101*K101 -> 3.4833333 | M101: 1 | N101: 1 | P101: =+L101*M101*N101 -> 3.4833333 | R101: =+P101/$P$267 -> 0.00064050505 | T101: =+R101*([1]assessment!$J$274*[1]assessment!$E$3) -> 5353.0678 | V101: =+T101/[1]payroll!$F100 -> 0.00012150142 | X101: =IF(V101<$X$2,T101,[1]payroll!$F100*$X$2) -> 5353.0678 | Z101: =+T101-X101 -> 0 | AB101: =+X101/T101 -> 1
A102: A644 | B102: Texas Juvenile Justice Department | D102: 253 | E102: 220 | F102: 281 | G102: =SUM(D102:F102) -> 754 | I102: =AVERAGE(D102:F102) -> 251.33333 | J102: =IFR!AD102 -> 0.13549502 | K102: =IF(+J102<$E$270,$I$270,IF(J102>$E$272,$I$272,$I$271)) -> 1.05 | L102: =+I102*K102 -> 263.9 | M102: 1 | N102: 1 | P102: =+L102*M102*N102 -> 263.9 | R102: =+P102/$P$267 -> 0.048525153 | T102: =+R102*([1]assessment!$J$274*[1]assessment!$E$3) -> 405552.51 | V102: =+T102/[1]payroll!$F101 -> 0.0037350556 | X102: =IF(V102<$X$2,T102,[1]payroll!$F101*$X$2) -> 405552.51 | Z102: =+T102-X102 -> 0 | AB102: =+X102/T102 -> 1
A103: A696 | B103: Criminal Justice, Department of | D103: 2314 | E103: 2223 | F103: 1662 | G103: =SUM(D103:F103) -> 6199 | I103: =AVERAGE(D103:F103) -> 2066.3333 | J103: =IFR!AD103 -> 0.065270107 | K103: =IF(+J103<$E$270,$I$270,IF(J103>$E$272,$I$272,$I$271)) -> 1 | L103: =+I103*K103 -> 2066.3333 | M103: 1 | N103: 1 | P103: =+L103*M103*N103 -> 2066.3333 | R103: =+P103/$P$267 -> 0.37995127 | T103: =+R103*([1]assessment!$J$274*[1]assessment!$E$3) -> 3175470.5 | V103: =+T103/[1]payroll!$F102 -> 0.0022766618 | X103: =IF(V103<$X$2,T103,[1]payroll!$F102*$X$2) -> 3175470.5 | Z103: =+T103-X103 -> 0 | AB103: =+X103/T103 -> 1
A104: WSD | B104: Windham School District | D104: 6 | E104: 9 | F104: 6 | G104: =SUM(D104:F104) -> 21 | I104: =AVERAGE(D104:F104) -> 7 | J104: =IFR!AD104 -> 0.0078602304 | K104: =IF(+J104<$E$270,$I$270,IF(J104>$E$272,$I$272,$I$271)) -> 0.95 | L104: =+I104*K104 -> 6.65 | M104: 1 | N104: 1 | P104: =+L104*M104*N104 -> 6.65 | R104: =+P104/$P$267 -> 0.0012227824 | T104: =+R104*([1]assessment!$J$274*[1]assessment!$E$3) -> 10219.493 | V104: =+T104/[1]payroll!$F103 -> 0.00019834393 | X104: =IF(V104<$X$2,T104,[1]payroll!$F103*$X$2) -> 10219.493 | Z104: =+T104-X104 -> 0 | AB104: =+X104/T104 -> 1
A105: A701 | B105: Education Agency, Texas | D105: 0 | E105: 0 | F105: 3 | G105: =SUM(D105:F105) -> 3 | I105: =AVERAGE(D105:F105) -> 1 | J105: =IFR!AD105 -> 0.0013383596 | K105: =IF(+J105<$E$270,$I$270,IF(J105>$E$272,$I$272,$I$271)) -> 0.95 | L105: =+I105*K105 -> 0.95 | M105: 1 | N105: 1 | P105: =+L105*M105*N105 -> 0.95 | R105: =+P105/$P$267 -> 0.0001746832 | T105: =+R105*([1]assessment!$J$274*[1]assessment!$E$3) -> 1459.9276 | V105: =+T105/[1]payroll!$F104 -> 1.4544161e-05 | X105: =IF(V105<$X$2,T105,[1]payroll!$F104*$X$2) -> 1459.9276 | Z105: =+T105-X105 -> 0 | AB105: =+X105/T105 -> 1
A106: A706 | B106: Texas Permanent School Fund Corporation | D106: 0 | E106: 0 | F106: 0 | G106: =SUM(D106:F106) -> 0 | I106: =AVERAGE(D106:F106) -> 0 | J106: =IFR!AD106 -> 0 | K106: =IF(+J106<$E$270,$I$270,IF(J106>$E$272,$I$272,$I$271)) -> 0.95 | L106: =+I106*K106 -> 0 | M106: 1 | P106: =+L106*M106*N106 -> 0 | R106: =+P106/$P$267 -> 0 | T106: =+R106*([1]assessment!$J$274*[1]assessment!$E$3) -> 0 | V106: =+T106/[1]payroll!$F105 -> 0 | X106: =IF(V106<$X$2,T106,[1]payroll!$F105*$X$2) -> 0 | Z106: =+T106-X106 -> 0 | AB106: =+X106/T106 -> #DIV/0!
A107: A717 | B107: Texas Southern University | D107: 13 | E107: =15+2 -> 17 | F107: 16 | G107: =SUM(D107:F107) -> 46 | I107: =AVERAGE(D107:F107) -> 15.333333 | J107: =IFR!AD107 -> 0.013668563 | K107: =IF(+J107<$E$270,$I$270,IF(J107>$E$272,$I$272,$I$271)) -> 0.95 | L107: =+I107*K107 -> 14.566667 | M107: 1 | N107: 1 | P107: =+L107*M107*N107 -> 14.566667 | R107: =+P107/$P$267 -> 0.0026784757 | T107: =+R107*([1]assessment!$J$274*[1]assessment!$E$3) -> 22385.556 | V107: =+T107/[1]payroll!$F106 -> 0.00025263587 | X107: =IF(V107<$X$2,T107,[1]payroll!$F106*$X$2) -> 22385.556 | Z107: =+T107-X107 -> 0 | AB107: =+X107/T107 -> 1
A108: A719 | B108: Texas State Technical College - System | D108: 15 | E108: 19 | F108: 23 | G108: =SUM(D108:F108) -> 57 | I108: =AVERAGE(D108:F108) -> 19 | J108: =IFR!AD108 -> 0.012636484 | K108: =IF(+J108<$E$270,$I$270,IF(J108>$E$272,$I$272,$I$271)) -> 0.95 | L108: =+I108*K108 -> 18.05 | M108: 1 | N108: 1 | P108: =+L108*M108*N108 -> 18.05 | R108: =+P108/$P$267 -> 0.0033189807 | T108: =+R108*([1]assessment!$J$274*[1]assessment!$E$3) -> 27738.624 | V108: =+T108/[1]payroll!$F107 -> 0.00027304842 | X108: =IF(V108<$X$2,T108,[1]payroll!$F107*$X$2) -> 27738.624 | Z108: =+T108-X108 -> 0 | AB108: =+X108/T108 -> 1
A109: A730 | B109: University of Houston | D109: 49 | E109: 66 | F109: 74 | G109: =SUM(D109:F109) -> 189 | I109: =AVERAGE(D109:F109) -> 63 | J109: =IFR!AD109 -> 0.010290752 | K109: =IF(+J109<$E$270,$I$270,IF(J109>$E$272,$I$272,$I$271)) -> 0.95 | L109: =+I109*K109 -> 59.85 | M109: 1 | N109: 1 | P109: =+L109*M109*N109 -> 59.85 | R109: =+P109/$P$267 -> 0.011005041 | T109: =+R109*([1]assessment!$J$274*[1]assessment!$E$3) -> 91975.437 | V109: =+T109/[1]payroll!$F108 -> 0.00016578747 | X109: =IF(V109<$X$2,T109,[1]payroll!$F108*$X$2) -> 91975.437 | Z109: =+T109-X109 -> 0 | AB109: =+X109/T109 -> 1
A110: A731 | B110: Texas Woman's University | D110: 29 | E110: =28+1 -> 29 | F110: 32 | G110: =SUM(D110:F110) -> 90 | I110: =AVERAGE(D110:F110) -> 30 | J110: =IFR!AD110 -> 0.016579565 | K110: =IF(+J110<$E$270,$I$270,IF(J110>$E$272,$I$272,$I$271)) -> 0.95 | L110: =+I110*K110 -> 28.5 | M110: 1 | N110: 1 | P110: =+L110*M110*N110 -> 28.5 | R110: =+P110/$P$267 -> 0.0052404959 | T110: =+R110*([1]assessment!$J$274*[1]assessment!$E$3) -> 43797.827 | V110: =+T110/[1]payroll!$F109 -> 0.00035151102 | X110: =IF(V110<$X$2,T110,[1]payroll!$F109*$X$2) -> 43797.827 | Z110: =+T110-X110 -> 0 | AB110: =+X110/T110 -> 1
A111: A733 | B111: Texas Tech University | D111: 84 | E111: =94+7 -> 101 | F111: =97+8 -> 105 | G111: =SUM(D111:F111) -> 290 | I111: =AVERAGE(D111:F111) -> 96.666667 | J111: =IFR!AD111 -> 0.014152016 | K111: =IF(+J111<$E$270,$I$270,IF(J111>$E$272,$I$272,$I$271)) -> 0.95 | L111: =+I111*K111 -> 91.833333 | M111: 1 | N111: 1 | P111: =+L111*M111*N111 -> 91.833333 | R111: =+P111/$P$267 -> 0.016886042 | T111: =+R111*([1]assessment!$J$274*[1]assessment!$E$3) -> 141126.33 | V111: =+T111/[1]payroll!$F110 -> 0.00029650216 | X111: =IF(V111<$X$2,T111,[1]payroll!$F110*$X$2) -> 141126.33 | Z111: =+T111-X111 -> 0 | AB111: =+X111/T111 -> 1
A112: A734 | B112: Lamar University - Beaumont | D112: 16 | E112: 10 | F112: 17 | G112: =SUM(D112:F112) -> 43 | I112: =AVERAGE(D112:F112) -> 14.333333 | J112: =IFR!AD112 -> 0.010815427 | K112: =IF(+J112<$E$270,$I$270,IF(J112>$E$272,$I$272,$I$271)) -> 0.95 | L112: =+I112*K112 -> 13.616667 | M112: 1 | N112: 1 | P112: =+L112*M112*N112 -> 13.616667 | R112: =+P112/$P$267 -> 0.0025037925 | T112: =+R112*([1]assessment!$J$274*[1]assessment!$E$3) -> 20925.629 | V112: =+T112/[1]payroll!$F111 -> 0.00023055754 | X112: =IF(V112<$X$2,T112,[1]payroll!$F111*$X$2) -> 20925.629 | Z112: =+T112-X112 -> 0 | AB112: =+X112/T112 -> 1
A113: A735 | B113: Midwestern State University | D113: 7 | E113: 9 | F113: 12 | G113: =SUM(D113:F113) -> 28 | I113: =AVERAGE(D113:F113) -> 9.3333333 | J113: =IFR!AD113 -> 0.013631957 | K113: =IF(+J113<$E$270,$I$270,IF(J113>$E$272,$I$272,$I$271)) -> 0.95 | L113: =+I113*K113 -> 8.8666667 | M113: 1 | N113: 1 | P113: =+L113*M113*N113 -> 8.8666667 | R113: =+P113/$P$267 -> 0.0016303765 | T113: =+R113*([1]assessment!$J$274*[1]assessment!$E$3) -> 13625.991 | V113: =+T113/[1]payroll!$F112 -> 0.00030919278 | X113: =IF(V113<$X$2,T113,[1]payroll!$F112*$X$2) -> 13625.991 | Z113: =+T113-X113 -> 0 | AB113: =+X113/T113 -> 1
A114: A737 | B114: Angelo State University | D114: 8 | E114: 6 | F114: 5 | G114: =SUM(D114:F114) -> 19 | I114: =AVERAGE(D114:F114) -> 6.3333333 | J114: =IFR!AD114 -> 0.0059952364 | K114: =IF(+J114<$E$270,$I$270,IF(J114>$E$272,$I$272,$I$271)) -> 0.95 | L114: =+I114*K114 -> 6.0166667 | M114: 1 | N114: 1 | P114: =+L114*M114*N114 -> 6.0166667 | R114: =+P114/$P$267 -> 0.0011063269 | T114: =+R114*([1]assessment!$J$274*[1]assessment!$E$3) -> 9246.208 | V114: =+T114/[1]payroll!$F113 -> 0.0001676294 | X114: =IF(V114<$X$2,T114,[1]payroll!$F113*$X$2) -> 9246.208 | Z114: =+T114-X114 -> 0 | AB114: =+X114/T114 -> 1
A115: A739 | B115: Texas Tech University Health Sciences Center | D115: 37 | E115: 25 | F115: 38 | G115: =SUM(D115:F115) -> 100 | I115: =AVERAGE(D115:F115) -> 33.333333 | J115: =IFR!AD115 -> 0.0072301294 | K115: =IF(+J115<$E$270,$I$270,IF(J115>$E$272,$I$272,$I$271)) -> 0.95 | L115: =+I115*K115 -> 31.666667 | M115: 1 | N115: 1 | P115: =+L115*M115*N115 -> 31.666667 | R115: =+P115/$P$267 -> 0.0058227732 | T115: =+R115*([1]assessment!$J$274*[1]assessment!$E$3) -> 48664.252 | V115: =+T115/[1]payroll!$F114 -> 0.00012457701 | X115: =IF(V115<$X$2,T115,[1]payroll!$F114*$X$2) -> 48664.252 | Z115: =+T115-X115 -> 0 | AB115: =+X115/T115 -> 1
A116: A752 | B116: University of North Texas | D116: 58 | E116: =73+3 -> 76 | F116: 79 | G116: =SUM(D116:F116) -> 213 | I116: =AVERAGE(D116:F116) -> 71 | J116: =IFR!AD116 -> 0.013186276 | K116: =IF(+J116<$E$270,$I$270,IF(J116>$E$272,$I$272,$I$271)) -> 0.95 | L116: =+I116*K116 -> 67.45 | M116: 1 | N116: 1 | P116: =+L116*M116*N116 -> 67.45 | R116: =+P116/$P$267 -> 0.012402507 | T116: =+R116*([1]assessment!$J$274*[1]assessment!$E$3) -> 103654.86 | V116: =+T116/[1]payroll!$F115 -> 0.00029068301 | X116: =IF(V116<$X$2,T116,[1]payroll!$F115*$X$2) -> 103654.86 | Z116: =+T116-X116 -> 0 | AB116: =+X116/T116 -> 1
A117: A753 | B117: Sam Houston State University | D117: 12 | E117: 21 | F117: 27 | G117: =SUM(D117:F117) -> 60 | I117: =AVERAGE(D117:F117) -> 20 | J117: =IFR!AD117 -> 0.0078195089 | K117: =IF(+J117<$E$270,$I$270,IF(J117>$E$272,$I$272,$I$271)) -> 0.95 | L117: =+I117*K117 -> 19 | M117: 1 | N117: 1 | P117: =+L117*M117*N117 -> 19 | R117: =+P117/$P$267 -> 0.0034936639 | T117: =+R117*([1]assessment!$J$274*[1]assessment!$E$3) -> 29198.551 | V117: =+T117/[1]payroll!$F116 -> 0.00015637309 | X117: =IF(V117<$X$2,T117,[1]payroll!$F116*$X$2) -> 29198.551 | Z117: =+T117-X117 -> 0 | AB117: =+X117/T117 -> 1
A118: A754 | B118: Texas State University | D118: 34 | E118: =43+1 -> 44 | F118: 45 | G118: =SUM(D118:F118) -> 123 | I118: =AVERAGE(D118:F118) -> 41 | J118: =IFR!AD118 -> 0.0097067022 | K118: =IF(+J118<$E$270,$I$270,IF(J118>$E$272,$I$272,$I$271)) -> 0.95 | L118: =+I118*K118 -> 38.95 | M118: 1 | N118: 1 | P118: =+L118*M118*N118 -> 38.95 | R118: =+P118/$P$267 -> 0.007162011 | T118: =+R118*([1]assessment!$J$274*[1]assessment!$E$3) -> 59857.03 | V118: =+T118/[1]payroll!$F117 -> 0.0001910988 | X118: =IF(V118<$X$2,T118,[1]payroll!$F117*$X$2) -> 59857.03 | Z118: =+T118-X118 -> 0 | AB118: =+X118/T118 -> 1
A119: A756 | B119: Sul Ross State University | D119: 5 | E119: =6+1 -> 7 | F119: 6 | G119: =SUM(D119:F119) -> 18 | I119: =AVERAGE(D119:F119) -> 6 | J119: =IFR!AD119 -> 0.016317147 | K119: =IF(+J119<$E$270,$I$270,IF(J119>$E$272,$I$272,$I$271)) -> 0.95 | L119: =+I119*K119 -> 5.7 | M119: 1 | N119: 1 | P119: =+L119*M119*N119 -> 5.7 | R119: =+P119/$P$267 -> 0.0010480992 | T119: =+R119*([1]assessment!$J$274*[1]assessment!$E$3) -> 8759.5654 | V119: =+T119/[1]payroll!$F118 -> 0.00038156794 | X119: =IF(V119<$X$2,T119,[1]payroll!$F118*$X$2) -> 8759.5654 | Z119: =+T119-X119 -> 0 | AB119: =+X119/T119 -> 1
A120: A758 | B120: Texas State University System Administration | D120: 0 | E120: 0 | F120: 0 | G120: =SUM(D120:F120) -> 0 | I120: =AVERAGE(D120:F120) -> 0 | J120: =IFR!AD120 -> 0 | K120: =IF(+J120<$E$270,$I$270,IF(J120>$E$272,$I$272,$I$271)) -> 0.95 | L120: =+I120*K120 -> 0 | M120: 1 | N120: 1 | P120: =+L120*M120*N120 -> 0 | R120: =+P120/$P$267 -> 0 | T120: =+R120*([1]assessment!$J$274*[1]assessment!$E$3) -> 0 | V120: =+T120/[1]payroll!$F119 -> 0 | X120: =IF(V120<$X$2,T120,[1]payroll!$F119*$X$2) -> 0 | Z120: =+T120-X120 -> 0 | AB120: =+X120/T120 -> #DIV/0!
A121: A759 | B121: University of Houston - Clear Lake | D121: 9 | E121: 15 | F121: 12 | G121: =SUM(D121:F121) -> 36 | I121: =AVERAGE(D121:F121) -> 12 | J121: =IFR!AD121 -> 0.011961783 | K121: =IF(+J121<$E$270,$I$270,IF(J121>$E$272,$I$272,$I$271)) -> 0.95 | L121: =+I121*K121 -> 11.4 | M121: 1 | N121: 1 | P121: =+L121*M121*N121 -> 11.4 | R121: =+P121/$P$267 -> 0.0020961983 | T121: =+R121*([1]assessment!$J$274*[1]assessment!$E$3) -> 17519.131 | V121: =+T121/[1]payroll!$F120 -> 0.00024262179 | X121: =IF(V121<$X$2,T121,[1]payroll!$F120*$X$2) -> 17519.131 | Z121: =+T121-X121 -> 0 | AB121: =+X121/T121 -> 1
A122: A763 | B122: Univ. of North Texas Health Science Center | D122: 19 | E122: 14 | F122: 20 | G122: =SUM(D122:F122) -> 53 | I122: =AVERAGE(D122:F122) -> 17.666667 | J122: =IFR!AD122 -> 0.01325162 | K122: =IF(+J122<$E$270,$I$270,IF(J122>$E$272,$I$272,$I$271)) -> 0.95 | L122: =+I122*K122 -> 16.783333 | M122: 1 | N122: 1 | P122: =+L122*M122*N122 -> 16.783333 | R122: =+P122/$P$267 -> 0.0030860698 | T122: =+R122*([1]assessment!$J$274*[1]assessment!$E$3) -> 25792.054 | V122: =+T122/[1]payroll!$F121 -> 0.00021321697 | X122: =IF(V122<$X$2,T122,[1]payroll!$F121*$X$2) -> 25792.054 | Z122: =+T122-X122 -> 0 | AB122: =+X122/T122 -> 1
A123: A765 | B123: University of Houston - Victoria | D123: 4 | E123: 4 | F123: 2 | G123: =SUM(D123:F123) -> 10 | I123: =AVERAGE(D123:F123) -> 3.3333333 | J123: =IFR!AD123 -> 0.006361314 | K123: =IF(+J123<$E$270,$I$270,IF(J123>$E$272,$I$272,$I$271)) -> 0.95 | L123: =+I123*K123 -> 3.1666667 | M123: 1 | N123: 1 | P123: =+L123*M123*N123 -> 3.1666667 | R123: =+P123/$P$267 -> 0.00058227732 | T123: =+R123*([1]assessment!$J$274*[1]assessment!$E$3) -> 4866.4252 | V123: =+T123/[1]payroll!$F122 -> 0.00016425322 | X123: =IF(V123<$X$2,T123,[1]payroll!$F122*$X$2) -> 4866.4252 | Z123: =+T123-X123 -> 0 | AB123: =+X123/T123 -> 1
A124: A769 | B124: University of North Texas System Administration | D124: 0 | E124: 0 | F124: 2 | G124: =SUM(D124:F124) -> 2 | I124: =AVERAGE(D124:F124) -> 0.66666667 | J124: =IFR!AD124 -> 0.0027828023 | K124: =IF(+J124<$E$270,$I$270,IF(J124>$E$272,$I$272,$I$271)) -> 0.95 | L124: =+I124*K124 -> 0.63333333 | M124: 1 | N124: 1 | P124: =+L124*M124*N124 -> 0.63333333 | R124: =+P124/$P$267 -> 0.00011645546 | T124: =+R124*([1]assessment!$J$274*[1]assessment!$E$3) -> 973.28505 | V124: =+T124/[1]payroll!$F123 -> 2.9080103e-05 | X124: =IF(V124<$X$2,T124,[1]payroll!$F123*$X$2) -> 973.28505 | Z124: =+T124-X124 -> 0 | AB124: =+X124/T124 -> 1
A125: A771 | B125: Blind and Visually Impaired, School for the | D125: 4 | E125: 8 | F125: 9 | G125: =SUM(D125:F125) -> 21 | I125: =AVERAGE(D125:F125) -> 7 | J125: =IFR!AD125 -> 0.024133347 | K125: =IF(+J125<$E$270,$I$270,IF(J125>$E$272,$I$272,$I$271)) -> 0.95 | L125: =+I125*K125 -> 6.65 | M125: 1 | N125: 1 | P125: =+L125*M125*N125 -> 6.65 | R125: =+P125/$P$267 -> 0.0012227824 | T125: =+R125*([1]assessment!$J$274*[1]assessment!$E$3) -> 10219.493 | V125: =+T125/[1]payroll!$F124 -> 0.00045699513 | X125: =IF(V125<$X$2,T125,[1]payroll!$F124*$X$2) -> 10219.493 | Z125: =+T125-X125 -> 0 | AB125: =+X125/T125 -> 1
A126: A772 | B126: Deaf, School for the | D126: 14 | E126: 17 | F126: 21 | G126: =SUM(D126:F126) -> 52 | I126: =AVERAGE(D126:F126) -> 17.333333 | J126: =IFR!AD126 -> 0.045029975 | K126: =IF(+J126<$E$270,$I$270,IF(J126>$E$272,$I$272,$I$271)) -> 1 | L126: =+I126*K126 -> 17.333333 | M126: 1 | N126: 1 | P126: =+L126*M126*N126 -> 17.333333 | R126: =+P126/$P$267 -> 0.0031872022 | T126: =+R126*([1]assessment!$J$274*[1]assessment!$E$3) -> 26637.275 | V126: =+T126/[1]payroll!$F125 -> 0.00093295717 | X126: =IF(V126<$X$2,T126,[1]payroll!$F125*$X$2) -> 26637.275 | Z126: =+T126-X126 -> 0 | AB126: =+X126/T126 -> 1
A127: A773 | B127: University of North Texas Dallas | D127: 1 | E127: 0 | F127: 4 | G127: =SUM(D127:F127) -> 5 | I127: =AVERAGE(D127:F127) -> 1.6666667 | J127: =IFR!AD127 -> 0.0046184306 | K127: =IF(+J127<$E$270,$I$270,IF(J127>$E$272,$I$272,$I$271)) -> 0.95 | L127: =+I127*K127 -> 1.5833333 | M127: 1 | N127: 1 | P127: =+L127*M127*N127 -> 1.5833333 | R127: =+P127/$P$267 -> 0.00029113866 | T127: =+R127*([1]assessment!$J$274*[1]assessment!$E$3) -> 2433.2126 | V127: =+T127/[1]payroll!$F126 -> 7.2709113e-05 | X127: =IF(V127<$X$2,T127,[1]payroll!$F126*$X$2) -> 2433.2126 | Z127: =+T127-X127 -> 0 | AB127: =+X127/T127 -> 1
A128: A774 | B128: Texas Tech University Health Sciences Center at El Paso | D128: 30 | E128: =22+1 -> 23 | F128: 35 | G128: =SUM(D128:F128) -> 88 | I128: =AVERAGE(D128:F128) -> 29.333333 | J128: =IFR!AD128 -> 0.01793887 | K128: =IF(+J128<$E$270,$I$270,IF(J128>$E$272,$I$272,$I$271)) -> 0.95 | L128: =+I128*K128 -> 27.866667 | M128: 1 | N128: 1 | P128: =+L128*M128*N128 -> 27.866667 | R128: =+P128/$P$267 -> 0.0051240404 | T128: =+R128*([1]assessment!$J$274*[1]assessment!$E$3) -> 42824.542 | V128: =+T128/[1]payroll!$F127 -> 0.00028055722 | X128: =IF(V128<$X$2,T128,[1]payroll!$F127*$X$2) -> 42824.542 | Z128: =+T128-X128 -> 0 | AB128: =+X128/T128 -> 1
A129: A781 | B129: Coordinating Board, Higher Education | D129: 0 | E129: 0 | F129: 0 | G129: =SUM(D129:F129) -> 0 | I129: =AVERAGE(D129:F129) -> 0 | J129: =IFR!AD129 -> 0 | K129: =IF(+J129<$E$270,$I$270,IF(J129>$E$272,$I$272,$I$271)) -> 0.95 | L129: =+I129*K129 -> 0 | M129: 1 | N129: 1 | P129: =+L129*M129*N129 -> 0 | R129: =+P129/$P$267 -> 0 | T129: =+R129*([1]assessment!$J$274*[1]assessment!$E$3) -> 0 | V129: =+T129/[1]payroll!$F128 -> 0 | X129: =IF(V129<$X$2,T129,[1]payroll!$F128*$X$2) -> 0 | Z129: =+T129-X129 -> 0 | AB129: =+X129/T129 -> #DIV/0!
A130: A783 | B130: University of Houston System Administration | D130: 0 | E130: 0 | F130: =1+1 -> 2 | G130: =SUM(D130:F130) -> 2 | I130: =AVERAGE(D130:F130) -> 0.66666667 | J130: =IFR!AD130 -> 0.01 | K130: =IF(+J130<$E$270,$I$270,IF(J130>$E$272,$I$272,$I$271)) -> 0.95 | L130: =+I130*K130 -> 0.63333333 | M130: 1 | N130: 1 | P130: =+L130*M130*N130 -> 0.63333333 | R130: =+P130/$P$267 -> 0.00011645546 | T130: =+R130*([1]assessment!$J$274*[1]assessment!$E$3) -> 973.28505 | V130: =+T130/[1]payroll!$F129 -> 0.00010787308 | X130: =IF(V130<$X$2,T130,[1]payroll!$F129*$X$2) -> 973.28505 | Z130: =+T130-X130 -> 0 | AB130: =+X130/T130 -> 1
A131: A784 | B131: University of Houston - Downtown | D131: 5 | E131: =14+1 -> 15 | F131: 12 | G131: =SUM(D131:F131) -> 32 | I131: =AVERAGE(D131:F131) -> 10.666667 | J131: =IFR!AD131 -> 0.010279137 | K131: =IF(+J131<$E$270,$I$270,IF(J131>$E$272,$I$272,$I$271)) -> 0.95 | L131: =+I131*K131 -> 10.133333 | M131: 1 | N131: 1 | P131: =+L131*M131*N131 -> 10.133333 | R131: =+P131/$P$267 -> 0.0018632874 | T131: =+R131*([1]assessment!$J$274*[1]assessment!$E$3) -> 15572.561 | V131: =+T131/[1]payroll!$F130 -> 0.00017830887 | X131: =IF(V131<$X$2,T131,[1]payroll!$F130*$X$2) -> 15572.561 | Z131: =+T131-X131 -> 0 | AB131: =+X131/T131 -> 1
A132: A787 | B132: Lamar State College - Orange | D132: 1 | E132: 1 | F132: 3 | G132: =SUM(D132:F132) -> 5 | I132: =AVERAGE(D132:F132) -> 1.6666667 | J132: =IFR!AD132 -> 0.013159894 | K132: =IF(+J132<$E$270,$I$270,IF(J132>$E$272,$I$272,$I$271)) -> 0.95 | L132: =+I132*K132 -> 1.5833333 | M132: 1 | N132: 1 | P132: =+L132*M132*N132 -> 1.5833333 | R132: =+P132/$P$267 -> 0.00029113866 | T132: =+R132*([1]assessment!$J$274*[1]assessment!$E$3) -> 2433.2126 | V132: =+T132/[1]payroll!$F131 -> 0.00025478772 | X132: =IF(V132<$X$2,T132,[1]payroll!$F131*$X$2) -> 2433.2126 | Z132: =+T132-X132 -> 0 | AB132: =+X132/T132 -> 1
A133: A788 | B133: Lamar State College - Port Arthur | D133: 1 | E133: 1 | F133: 4 | G133: =SUM(D133:F133) -> 6 | I133: =AVERAGE(D133:F133) -> 2 | J133: =IFR!AD133 -> 0.012921526 | K133: =IF(+J133<$E$270,$I$270,IF(J133>$E$272,$I$272,$I$271)) -> 0.95 | L133: =+I133*K133 -> 1.9 | M133: 1 | N133: 1 | P133: =+L133*M133*N133 -> 1.9 | R133: =+P133/$P$267 -> 0.00034936639 | T133: =+R133*([1]assessment!$J$274*[1]assessment!$E$3) -> 2919.8551 | V133: =+T133/[1]payroll!$F132 -> 0.00033269465 | X133: =IF(V133<$X$2,T133,[1]payroll!$F132*$X$2) -> 2919.8551 | Z133: =+T133-X133 -> 0 | AB133: =+X133/T133 -> 1
A134: A789 | B134: Lamar Institute of Technology | D134: 2 | E134: 2 | F134: 1 | G134: =SUM(D134:F134) -> 5 | I134: =AVERAGE(D134:F134) -> 1.6666667 | J134: =IFR!AD134 -> 0.0071201563 | K134: =IF(+J134<$E$270,$I$270,IF(J134>$E$272,$I$272,$I$271)) -> 0.95 | L134: =+I134*K134 -> 1.5833333 | M134: 1 | N134: 1 | P134: =+L134*M134*N134 -> 1.5833333 | R134: =+P134/$P$267 -> 0.00029113866 | T134: =+R134*([1]assessment!$J$274*[1]assessment!$E$3) -> 2433.2126 | V134: =+T134/[1]payroll!$F133 -> 0.00019040774 | X134: =IF(V134<$X$2,T134,[1]payroll!$F133*$X$2) -> 2433.2126 | Z134: =+T134-X134 -> 0 | AB134: =+X134/T134 -> 1
...

Sheet costs
N1: PAYOUT portion of | R1: With
A2: Agency | G2: raw | H2: cap | J2: adjusted | L2: Assessment | N2: Assessment | P2: % of | R2: 0.04
A3: Code | B3: Name | C3: FY2021 | D3: FY2022 | E3: FY2023 | G3: avg. | H3: adjuster | J3: avg. | L3: Percentage | N3: Amount | P3: Payroll | R3: Limit | T3: Difference
A5: A101 | B5: Texas Senate | C5: 14519.12 | D5: 0 | E5: 0 | G5: =IF(SUM(C5:E5)>0,AVERAGE(C5:E5),0) -> 4839.7067 | H5: 1 | J5: =+G5*H5 -> 4839.7067 | L5: =+J5/$J$267 -> 0.00014106011 | N5: =L5*([1]assessment!$J$274*[1]assessment!$F$3) -> 4715.6806 | P5: =N5/[1]payroll!$F5 -> 0.00014023383 | R5: =IF(P5<$R$2,N5,[1]payroll!$F5*$R$2) -> 4715.6806 | T5: =+N5-R5 -> 0 | V5: =+R5/N5 -> 1
A6: A102 | B6: Texas House of Representatives | C6: 508.86 | D6: 160 | E6: 183.86 | G6: =IF(SUM(C6:E6)>0,AVERAGE(C6:E6),0) -> 284.24 | H6: 1 | J6: =+G6*H6 -> 284.24 | L6: =+J6/$J$267 -> 8.2845775e-06 | N6: =L6*([1]assessment!$J$274*[1]assessment!$F$3) -> 276.95585 | P6: =N6/[1]payroll!$F6 -> 7.4704451e-06 | R6: =IF(P6<$R$2,N6,[1]payroll!$F6*$R$2) -> 276.95585 | T6: =+N6-R6 -> 0 | V6: =+R6/N6 -> 1
A7: A103 | B7: Legislative Council | C7: 0 | D7: 0 | E7: 0 | G7: =IF(SUM(C7:E7)>0,AVERAGE(C7:E7),0) -> 0 | H7: 1 | J7: =+G7*H7 -> 0 | L7: =+J7/$J$267 -> 0 | N7: =L7*([1]assessment!$J$274*[1]assessment!$F$3) -> 0 | P7: =N7/[1]payroll!$F7 -> 0 | R7: =IF(P7<$R$2,N7,[1]payroll!$F7*$R$2) -> 0 | T7: =+N7-R7 -> 0 | V7: =+R7/N7 -> #DIV/0!
A8: A104 | B8: Legislative Budget Board | C8: 0 | D8: 0 | E8: 0 | G8: =IF(SUM(C8:E8)>0,AVERAGE(C8:E8),0) -> 0 | H8: 1 | J8: =+G8*H8 -> 0 | L8: =+J8/$J$267 -> 0 | N8: =L8*([1]assessment!$J$274*[1]assessment!$F$3) -> 0 | P8: =N8/[1]payroll!$F8 -> 0 | R8: =IF(P8<$R$2,N8,[1]payroll!$F8*$R$2) -> 0 | T8: =+N8-R8 -> 0 | V8: =+R8/N8 -> #DIV/0!
A9: A105 | B9: Legislative Reference Library | C9: 0 | D9: 0 | E9: 0 | G9: =IF(SUM(C9:E9)>0,AVERAGE(C9:E9),0) -> 0 | H9: 1 | J9: =+G9*H9 -> 0 | L9: =+J9/$J$267 -> 0 | N9: =L9*([1]assessment!$J$274*[1]assessment!$F$3) -> 0 | P9: =N9/[1]payroll!$F9 -> 0 | R9: =IF(P9<$R$2,N9,[1]payroll!$F9*$R$2) -> 0 | T9: =+N9-R9 -> 0 | V9: =+R9/N9 -> #DIV/0!
A10: A116 | B10: Sunset Advisory Commission | C10: 0 | D10: 0 | E10: 0 | G10: =IF(SUM(C10:E10)>0,AVERAGE(C10:E10),0) -> 0 | H10: 1 | J10: =+G10*H10 -> 0 | L10: =+J10/$J$267 -> 0 | N10: =L10*([1]assessment!$J$274*[1]assessment!$F$3) -> 0 | P10: =N10/[1]payroll!$F10 -> 0 | R10: =IF(P10<$R$2,N10,[1]payroll!$F10*$R$2) -> 0 | T10: =+N10-R10 -> 0 | V10: =+R10/N10 -> #DIV/0!
A11: A201 | B11: Supreme Court of Texas | C11: 0 | D11: 0 | E11: 646.95 | G11: =IF(SUM(C11:E11)>0,AVERAGE(C11:E11),0) -> 215.65 | H11: 1 | J11: =+G11*H11 -> 215.65 | L11: =+J11/$J$267 -> 6.2854248e-06 | N11: =L11*([1]assessment!$J$274*[1]assessment!$F$3) -> 210.12359 | P11: =N11/[1]payroll!$F11 -> 2.6250532e-05 | R11: =IF(P11<$R$2,N11,[1]payroll!$F11*$R$2) -> 210.12359 | T11: =+N11-R11 -> 0 | V11: =+R11/N11 -> 1
A12: A203 | B12: Law Examiners, Board of | C12: 0 | D12: 0 | E12: 0 | G12: =IF(SUM(C12:E12)>0,AVERAGE(C12:E12),0) -> 0 | H12: 1 | J12: =+G12*H12 -> 0 | L12: =+J12/$J$267 -> 0 | N12: =L12*([1]assessment!$J$274*[1]assessment!$F$3) -> 0 | P12: =N12/[1]payroll!$F12 -> 0 | R12: =IF(P12<$R$2,N12,[1]payroll!$F12*$R$2) -> 0 | T12: =+N12-R12 -> 0 | V12: =+R12/N12 -> #DIV/0!
A13: A211 | B13: Court of Criminal Appeals | C13: 0 | D13: 0 | E13: 0 | G13: =IF(SUM(C13:E13)>0,AVERAGE(C13:E13),0) -> 0 | H13: 1 | J13: =+G13*H13 -> 0 | L13: =+J13/$J$267 -> 0 | N13: =L13*([1]assessment!$J$274*[1]assessment!$F$3) -> 0 | P13: =N13/[1]payroll!$F13 -> 0 | R13: =IF(P13<$R$2,N13,[1]payroll!$F13*$R$2) -> 0 | T13: =+N13-R13 -> 0 | V13: =+R13/N13 -> #DIV/0!
A14: A212 | B14: Court Administration, Office of | C14: 669.09 | D14: 0 | E14: 0 | G14: =IF(SUM(C14:E14)>0,AVERAGE(C14:E14),0) -> 223.03 | H14: 1 | J14: =+G14*H14 -> 223.03 | L14: =+J14/$J$267 -> 6.5005253e-06 | N14: =L14*([1]assessment!$J$274*[1]assessment!$F$3) -> 217.31446 | P14: =N14/[1]payroll!$F14 -> 9.3713219e-06 | R14: =IF(P14<$R$2,N14,[1]payroll!$F14*$R$2) -> 217.31446 | T14: =+N14-R14 -> 0 | V14: =+R14/N14 -> 1
A15: A213 | B15: Prosecuting Attorney, State | C15: 0 | D15: 0 | E15: 0 | G15: =IF(SUM(C15:E15)>0,AVERAGE(C15:E15),0) -> 0 | H15: 1 | J15: =+G15*H15 -> 0 | L15: =+J15/$J$267 -> 0 | N15: =L15*([1]assessment!$J$274*[1]assessment!$F$3) -> 0 | P15: =N15/[1]payroll!$F15 -> 0 | R15: =IF(P15<$R$2,N15,[1]payroll!$F15*$R$2) -> 0 | T15: =+N15-R15 -> 0 | V15: =+R15/N15 -> #DIV/0!
A16: A215 | B16: Office of Capital and Forensic Writs | C16: 0 | D16: 0 | E16: 0 | G16: =IF(SUM(C16:E16)>0,AVERAGE(C16:E16),0) -> 0 | H16: 1 | J16: =+G16*H16 -> 0 | L16: =+J16/$J$267 -> 0 | N16: =L16*([1]assessment!$J$274*[1]assessment!$F$3) -> 0 | P16: =N16/[1]payroll!$F16 -> 0 | R16: =IF(P16<$R$2,N16,[1]payroll!$F16*$R$2) -> 0 | T16: =+N16-R16 -> 0 | V16: =+R16/N16 -> #DIV/0!
... A30: A234 | B30: Court of Civil Appeals - Fourteenth District | C30: 0 | D30: 0 | E30: 0 | G30: =IF(SUM(C30:E30)>0,AVERAGE(C30:E30),0) -> 0 | H30: 1 | J30: =+G30*H30 -> 0 | L30: =+J30/$J$267 -> 0 | N30: =L30*([1]assessment!$J$274*[1]assessment!$F$3) -> 0 | P30: =N30/[1]payroll!$F30 -> 0 | R30: =IF(P30<$R$2,N30,[1]payroll!$F30*$R$2) -> 0 | T30: =+N30-R30 -> 0 | V30: =+R30/N30 -> #DIV/0!
A31: A235 | B31: Court of Civil Appeals - Fifteenth District | C31: 0 | D31: 0 | E31: 0 | G31: =IF(SUM(C31:E31)>0,AVERAGE(C31:E31),0) -> 0 | H31: 1 | J31: =+G31*H31 -> 0 | L31: =+J31/$J$267 -> 0 | N31: =L31*([1]assessment!$J$274*[1]assessment!$F$3) -> 0 | P31: =N31/payroll!F31 -> 0 | R31: =IF(P31<$R$2, N31,payroll!F31*$R$2) -> 0 | T31: =+N31-R31 -> 0
A32: A241 | B32: District Courts (Comptroller's Jud. Section) | C32: 810833.09 | D32: 782838.61 | E32: 1149804.6 | G32: =IF(SUM(C32:E32)>0,AVERAGE(C32:E32),0) -> 914492.1 | H32: 1 | J32: =+G32*H32 -> 914492.1 | L32: =+J32/$J$267 -> 0.026654168 | N32: =L32*([1]assessment!$J$274*[1]assessment!$F$3) -> 891056.63 | P32: =N32/[1]payroll!$F31 -> 0.0083986718 | R32: =IF(P32<$R$2,N32,[1]payroll!$F31*$R$2) -> 891056.63 | T32: =+N32-R32 -> 0 | V32: =+R32/N32 -> 1
A33: A242 | B33: Judicial Conduct, State Commission on | C33: 0 | D33: 0 | E33: 0 | G33: =IF(SUM(C33:E33)>0,AVERAGE(C33:E33),0) -> 0 | H33: 1 | J33: =+G33*H33 -> 0 | L33: =+J33/$J$267 -> 0 | N33: =L33*([1]assessment!$J$274*[1]assessment!$F$3) -> 0 | P33: =N33/[1]payroll!$F32 -> 0 | R33: =IF(P33<$R$2,N33,[1]payroll!$F32*$R$2) -> 0 | T33: =+N33-R33 -> 0 | V33: =+R33/N33 -> #DIV/0!
A34: A243 | B34: Law Library, State | C34: 0 | D34: 0 | E34: 0 | G34: =IF(SUM(C34:E34)>0,AVERAGE(C34:E34),0) -> 0 | H34: 1 | J34: =+G34*H34 -> 0 | L34: =+J34/$J$267 -> 0 | N34: =L34*([1]assessment!$J$274*[1]assessment!$F$3) -> 0 | P34: =N34/[1]payroll!$F33 -> 0 | R34: =IF(P34<$R$2,N34,[1]payroll!$F33*$R$2) -> 0 | T34: =+N34-R34 -> 0 | V34: =+R34/N34 -> #DIV/0!
A35: A301 | B35: Governor's Office | C35: 61306.19 | D35: 535.4 | E35: 0 | G35: =IF(SUM(C35:E35)>0,AVERAGE(C35:E35),0) -> 20613.863 | H35: 1 | J35: =+G35*H35 -> 20613.863 | L35: =+J35/$J$267 -> 0.00060082025 | N35: =L35*([1]assessment!$J$274*[1]assessment!$F$3) -> 20085.597 | P35: =N35/[1]payroll!$F34 -> 0.00089171556 | R35: =IF(P35<$R$2,N35,[1]payroll!$F34*$R$2) -> 20085.597 | T35: =+N35-R35 -> 0 | V35: =+R35/N35 -> 1
A36: A302 | B36: Attorney General, Office of the | C36: 62358.33 | D36: 110828.24 | E36: 68744.35 | G36: =IF(SUM(C36:E36)>0,AVERAGE(C36:E36),0) -> 80643.64 | H36: 1 | J36: =+G36*H36 -> 80643.64 | L36: =+J36/$J$267 -> 0.0023504731 | N36: =L36*([1]assessment!$J$274*[1]assessment!$F$3) -> 78577.004 | P36: =N36/[1]payroll!$F35 -> 0.00031032201 | R36: =IF(P36<$R$2,N36,[1]payroll!$F35*$R$2) -> 78577.004 | T36: =+N36-R36 -> 0 | V36: =+R36/N36 -> 1
A37: A303 | B37: Texas Facilities Commission | C37: 7301.45 | D37: 78019.31 | E37: 59867.38 | G37: =IF(SUM(C37:E37)>0,AVERAGE(C37:E37),0) -> 48396.047 | H37: 1 | J37: =+G37*H37 -> 48396.047 | L37: =+J37/$J$267 -> 0.0014105713 | N37: =L37*([1]assessment!$J$274*[1]assessment!$F$3) -> 47155.813 | P37: =N37/[1]payroll!$F36 -> 0.002073318 | R37: =IF(P37<$R$2,N37,[1]payroll!$F36*$R$2) -> 47155.813 | T37: =+N37-R37 -> 0 | V37: =+R37/N37 -> 1
A38: A304 | B38: Comptroller of Public Accounts, State | C38: 149851.25 | D38: 101465.2 | E38: 70789.27 | G38: =IF(SUM(C38:E38)>0,AVERAGE(C38:E38),0) -> 107368.57 | H38: 1 | J38: =+G38*H38 -> 107368.57 | L38: =+J38/$J$267 -> 0.0031294092 | N38: =L38*([1]assessment!$J$274*[1]assessment!$F$3) -> 104617.06 | P38: =N38/[1]payroll!$F37 -> 0.00055590988 | R38: =IF(P38<$R$2,N38,[1]payroll!$F37*$R$2) -> 104617.06 | T38: =+N38-R38 -> 0 | V38: =+R38/N38 -> 1
A39: A305 | B39: General Land Office | C39: 10568.79 | D39: 1389.94 | E39: 4763.45 | G39: =IF(SUM(C39:E39)>0,AVERAGE(C39:E39),0) -> 5574.06 | H39: 1 | J39: =+G39*H39 -> 5574.06 | L39: =+J39/$J$267 -> 0.00016246388 | N39: =L39*([1]assessment!$J$274*[1]assessment!$F$3) -> 5431.2149 | P39: =N39/[1]payroll!$F38 -> 8.5954419e-05 | R39: =IF(P39<$R$2,N39,[1]payroll!$F38*$R$2) -> 5431.2149 | T39: =+N39-R39 -> 0 | V39: =+R39/N39 -> 1
A40: A306 | B40: Library and Archives Commission | C40: 0 | D40: 1171.48 | E40: 2686.25 | G40: =IF(SUM(C40:E40)>0,AVERAGE(C40:E40),0) -> 1285.91 | H40: 1 | J40: =+G40*H40 -> 1285.91 | L40: =+J40/$J$267 -> 3.7479669e-05 | N40: =L40*([1]assessment!$J$274*[1]assessment!$F$3) -> 1252.9563 | P40: =N40/[1]payroll!$F39 -> 0.00014521028 | R40: =IF(P40<$R$2,N40,[1]payroll!$F39*$R$2) -> 1252.9563 | T40: =+N40-R40 -> 0 | V40: =+R40/N40 -> 1
A41: A307 | B41: Secretary of State | C41: 25068.97 | D41: 11363.78 | E41: 730.6 | G41: =IF(SUM(C41:E41)>0,AVERAGE(C41:E41),0) -> 12387.783 | H41: 1 | J41: =+G41*H41 -> 12387.783 | L41: =+J41/$J$267 -> 0.0003610595 | N41: =L41*([1]assessment!$J$274*[1]assessment!$F$3) -> 12070.325 | P41: =N41/[1]payroll!$F40 -> 0.0010134434 | R41: =IF(P41<$R$2,N41,[1]payroll!$F40*$R$2) -> 12070.325 | T41: =+N41-R41 -> 0 | V41: =+R41/N41 -> 1
A42: A308 | B42: State Auditor's Office | C42: 0 | D42: 0 | E42: 0 | G42: =IF(SUM(C42:E42)>0,AVERAGE(C42:E42),0) -> 0 | H42: 1 | J42: =+G42*H42 -> 0 | L42: =+J42/$J$267 -> 0 | N42: =L42*([1]assessment!$J$274*[1]assessment!$F$3) -> 0 | P42: =N42/[1]payroll!$F41 -> 0 | R42: =IF(P42<$R$2,N42,[1]payroll!$F41*$R$2) -> 0 | T42: =+N42-R42 -> 0 | V42: =+R42/N42 -> #DIV/0!
A43: A312 | B43: Securities Board | C43: 0 | D43: 0 | E43: 0 | G43: =IF(SUM(C43:E43)>0,AVERAGE(C43:E43),0) -> 0 | H43: 1 | J43: =+G43*H43 -> 0 | L43: =+J43/$J$267 -> 0 | N43: =L43*([1]assessment!$J$274*[1]assessment!$F$3) -> 0 | P43: =N43/[1]payroll!$F42 -> 0 | R43: =IF(P43<$R$2,N43,[1]payroll!$F42*$R$2) -> 0 | T43: =+N43-R43 -> 0 | V43: =+R43/N43 -> #DIV/0!
A44: A313 | B44: Information Resources, Dept. of | C44: 1446.51 | D44: 0 | E44: 0 | G44: =IF(SUM(C44:E44)>0,AVERAGE(C44:E44),0) -> 482.17 | H44: 1 | J44: =+G44*H44 -> 482.17 | L44: =+J44/$J$267 -> 1.4053528e-05 | N44: =L44*([1]assessment!$J$274*[1]assessment!$F$3) -> 469.81354 | P44: =N44/[1]payroll!$F43 -> 2.2985372e-05 | R44: =IF(P44<$R$2,N44,[1]payroll!$F43*$R$2) -> 469.81354 | T44: =+N44-R44 -> 0 | V44: =+R44/N44 -> 1
A45: A320 | B45: Texas Workforce Commission | C45: 146077.53 | D45: =125448.5+3422.9 -> 128871.4 | E45: 164371.8 | G45: =IF(SUM(C45:E45)>0,AVERAGE(C45:E45),0) -> 146440.24 | H45: 1 | J45: =+G45*H45 -> 146440.24 | L45: =+J45/$J$267 -> 0.0042682084 | N45: =L45*([1]assessment!$J$274*[1]assessment!$F$3) -> 142687.45 | P45: =N45/[1]payroll!$F44 -> 0.00059867136 | R45: =IF(P45<$R$2,N45,[1]payroll!$F44*$R$2) -> 142687.45 | T45: =+N45-R45 -> 0 | V45: =+R45/N45 -> 1
A46: A326 | B46: Texas Emergency Services Retirement System | C46: 0 | D46: 0 | E46: 0 | G46: =IF(SUM(C46:E46)>0,AVERAGE(C46:E46),0) -> 0 | H46: 1 | J46: =+G46*H46 -> 0 | L46: =+J46/$J$267 -> 0 | N46: =L46*([1]assessment!$J$274*[1]assessment!$F$3) -> 0 | P46: =N46/[1]payroll!$F45 -> 0 | R46: =IF(P46<$R$2,N46,[1]payroll!$F45*$R$2) -> 0 | T46: =+N46-R46 -> 0 | V46: =+R46/N46 -> #DIV/0!
A47: A329 | B47: Real Estate Commission | C47: 0 | D47: 0 | E47: 0 | G47: =IF(SUM(C47:E47)>0,AVERAGE(C47:E47),0) -> 0 | H47: 1 | J47: =+G47*H47 -> 0 | L47: =+J47/$J$267 -> 0 | N47: =L47*([1]assessment!$J$274*[1]assessment!$F$3) -> 0 | P47: =N47/[1]payroll!$F46 -> 0 | R47: =IF(P47<$R$2,N47,[1]payroll!$F46*$R$2) -> 0 | T47: =+N47-R47 -> 0 | V47: =+R47/N47 -> #DIV/0!
A48: A332 | B48: Housing and Community Affairs, Dept. of | C48: 6246.65 | D48: =10920.61+308 -> 11228.61 | E48: 4156.92 | G48: =IF(SUM(C48:E48)>0,AVERAGE(C48:E48),0) -> 7210.7267 | H48: 1 | J48: =+G48*H48 -> 7210.7267 | L48: =+J48/$J$267 -> 0.00021016684 | N48: =L48*([1]assessment!$J$274*[1]assessment!$F$3) -> 7025.9391 | P48: =N48/[1]payroll!$F47 -> 0.00025708797 | R48: =IF(P48<$R$2,N48,[1]payroll!$F47*$R$2) -> 7025.9391 | T48: =+N48-R48 -> 0 | V48: =+R48/N48 -> 1
A49: A338 | B49: Pension Review Board, State | C49: 0 | D49: 0 | E49: 0 | G49: =IF(SUM(C49:E49)>0,AVERAGE(C49:E49),0) -> 0 | H49: 1 | J49: =+G49*H49 -> 0 | L49: =+J49/$J$267 -> 0 | N49: =L49*([1]assessment!$J$274*[1]assessment!$F$3) -> 0 | P49: =N49/[1]payroll!$F48 -> 0 | R49: =IF(P49<$R$2,N49,[1]payroll!$F48*$R$2) -> 0 | T49: =+N49-R49 -> 0 | V49: =+R49/N49 -> #DIV/0!
A50: A347 | B50: Public Finance Authority | C50: 0 | D50: 0 | E50: 0 | G50: =IF(SUM(C50:E50)>0,AVERAGE(C50:E50),0) -> 0 | H50: 1 | J50: =+G50*H50 -> 0 | L50: =+J50/$J$267 -> 0 | N50: =L50*([1]assessment!$J$274*[1]assessment!$F$3) -> 0 | P50: =N50/[1]payroll!$F49 -> 0 | R50: =IF(P50<$R$2,N50,[1]payroll!$F49*$R$2) -> 0 | T50: =+N50-R50 -> 0 | V50: =+R50/N50 -> #DIV/0!
A51: A352 | B51: Bond Review Board | C51: 0 | D51: 0 | E51: 0 | G51: =IF(SUM(C51:E51)>0,AVERAGE(C51:E51),0) -> 0 | H51: 1 | J51: =+G51*H51 -> 0 | L51: =+J51/$J$267 -> 0 | N51: =L51*([1]assessment!$J$274*[1]assessment!$F$3) -> 0 | P51: =N51/[1]payroll!$F50 -> 0 | R51: =IF(P51<$R$2,N51,[1]payroll!$F50*$R$2) -> 0 | T51: =+N51-R51 -> 0 | V51: =+R51/N51 -> #DIV/0!
A52: A356 | B52: Ethics Commission | C52: 0 | D52: 0 | E52: 0 | G52: =IF(SUM(C52:E52)>0,AVERAGE(C52:E52),0) -> 0 | H52: 1 | J52: =+G52*H52 -> 0 | L52: =+J52/$J$267 -> 0 | N52: =L52*([1]assessment!$J$274*[1]assessment!$F$3) -> 0 | P52: =N52/[1]payroll!$F51 -> 0 | R52: =IF(P52<$R$2,N52,[1]payroll!$F51*$R$2) -> 0 | T52: =+N52-R52 -> 0 | V52: =+R52/N52 -> #DIV/0!
A53: A359 | B53: Office of Public Insurance Counsel | C53: 0 | D53: 0 | E53: 0 | G53: =IF(SUM(C53:E53)>0,AVERAGE(C53:E53),0) -> 0 | H53: 1 | J53: =+G53*H53 -> 0 | L53: =+J53/$J$267 -> 0 | N53: =L53*([1]assessment!$J$274*[1]assessment!$F$3) -> 0 | P53: =N53/[1]payroll!$F52 -> 0 | R53: =IF(P53<$R$2,N53,[1]payroll!$F52*$R$2) -> 0 | T53: =+N53-R53 -> 0 | V53: =+R53/N53 -> #DIV/0!
A54: A360 | B54: State Office of Administrative Hearings | C54: 0 | D54: 0 | E54: 0 | G54: =IF(SUM(C54:E54)>0,AVERAGE(C54:E54),0) -> 0 | H54: 1 | J54: =+G54*H54 -> 0 | L54: =+J54/$J$267 -> 0 | N54: =L54*([1]assessment!$J$274*[1]assessment!$F$3) -> 0 | P54: =N54/[1]payroll!$F53 -> 0 | R54: =IF(P54<$R$2,N54,[1]payroll!$F53*$R$2) -> 0 | T54: =+N54-R54 -> 0 | V54: =+R54/N54 -> #DIV/0!
A55: A362 | B55: Texas Lottery Commission | C55: 941.03 | D55: 0 | E55: 0 | G55: =IF(SUM(C55:E55)>0,AVERAGE(C55:E55),0) -> 313.67667 | H55: 1 | J55: =+G55*H55 -> 313.67667 | L55: =+J55/$J$267 -> 9.1425509e-06 | N55: =L55*([1]assessment!$J$274*[1]assessment!$F$3) -> 305.63815 | P55: =N55/[1]payroll!$F54 -> 1.3688842e-05 | R55: =IF(P55<$R$2,N55,[1]payroll!$F54*$R$2) -> 305.63815 | T55: =+N55-R55 -> 0 | V55: =+R55/N55 -> 1
A56: A364 | B56: Health Professions Council | C56: 0 | D56: 0 | E56: 0 | G56: =IF(SUM(C56:E56)>0,AVERAGE(C56:E56),0) -> 0 | H56: 1 | J56: =+G56*H56 -> 0 | L56: =+J56/$J$267 -> 0 | N56: =L56*([1]assessment!$J$274*[1]assessment!$F$3) -> 0 | P56: =N56/[1]payroll!$F55 -> 0 | R56: =IF(P56<$R$2,N56,[1]payroll!$F55*$R$2) -> 0 | T56: =+N56-R56 -> 0 | V56: =+R56/N56 -> #DIV/0!
A57: A401 | B57: Texas Military Department | C57: 189907.72 | D57: =367135.3+1500 -> 368635.3 | E57: 564382.78 | G57: =IF(SUM(C57:E57)>0,AVERAGE(C57:E57),0) -> 374308.6 | H57: 1 | J57: =+G57*H57 -> 374308.6 | L57: =+J57/$J$267 -> 0.010909754 | N57: =L57*([1]assessment!$J$274*[1]assessment!$F$3) -> 364716.28 | P57: =N57/[1]payroll!$F56 -> 0.00094399598 | R57: =IF(P57<$R$2,N57,[1]payroll!$F56*$R$2) -> 364716.28 | T57: =+N57-R57 -> 0 | V57: =+R57/N57 -> 1
A58: A403 | B58: Veterans Commission | C58: 0 | D58: 1631.33 | E58: 26892.95 | G58: =IF(SUM(C58:E58)>0,AVERAGE(C58:E58),0) -> 9508.0933 | H58: 1 | J58: =+G58*H58 -> 9508.0933 | L58: =+J58/$J$267 -> 0.00027712685 | N58: =L58*([1]assessment!$J$274*[1]assessment!$F$3) -> 9264.4317 | P58: =N58/[1]payroll!$F57 -> 0.00039135452 | R58: =IF(P58<$R$2,N58,[1]payroll!$F57*$R$2) -> 9264.4317 | T58: =+N58-R58 -> 0 | V58: =+R58/N58 -> 1
A59: A405 | B59: Public Safety, Department of | C59: 2320639.7 | D59: 2465901.6 | E59: 2814213.5 | G59: =IF(SUM(C59:E59)>0,AVERAGE(C59:E59),0) -> 2533585 | H59: 1 | J59: =+G59*H59 -> 2533585 | L59: =+J59/$J$267 -> 0.073844923 | N59: =L59*([1]assessment!$J$274*[1]assessment!$F$3) -> 2468657.4 | P59: =N59/[1]payroll!$F58 -> 0.0036466306 | R59: =IF(P59<$R$2,N59,[1]payroll!$F58*$R$2) -> 2468657.4 | T59: =+N59-R59 -> 0 | V59: =+R59/N59 -> 1
A60: A407 | B60: Law Enforcement Commission | C60: 0 | D60: 0 | E60: 0 | G60: =IF(SUM(C60:E60)>0,AVERAGE(C60:E60),0) -> 0 | H60: 1 | J60: =+G60*H60 -> 0 | L60: =+J60/$J$267 -> 0 | N60: =L60*([1]assessment!$J$274*[1]assessment!$F$3) -> 0 | P60: =N60/[1]payroll!$F59 -> 0 | R60: =IF(P60<$R$2,N60,[1]payroll!$F59*$R$2) -> 0 | T60: =+N60-R60 -> 0 | V60: =+R60/N60 -> #DIV/0!
A61: A409 | B61: Jail Standards, Commission on | C61: 0 | D61: 0 | E61: 0 | G61: =IF(SUM(C61:E61)>0,AVERAGE(C61:E61),0) -> 0 | H61: 1 | J61: =+G61*H61 -> 0 | L61: =+J61/$J$267 -> 0 | N61: =L61*([1]assessment!$J$274*[1]assessment!$F$3) -> 0 | P61: =N61/[1]payroll!$F60 -> 0 | R61: =IF(P61<$R$2,N61,[1]payroll!$F60*$R$2) -> 0 | T61: =+N61-R61 -> 0 | V61: =+R61/N61 -> #DIV/0!
A62: A411 | B62: Fire Protection, Commission on | C62: 0 | D62: 0 | E62: 181.76 | G62: =IF(SUM(C62:E62)>0,AVERAGE(C62:E62),0) -> 60.586667 | H62: 1 | J62: =+G62*H62 -> 60.586667 | L62: =+J62/$J$267 -> 1.7658842e-06 | N62: =L62*([1]assessment!$J$274*[1]assessment!$F$3) -> 59.034026 | P62: =N62/[1]payroll!$F61 -> 3.6085568e-05 | R62: =IF(P62<$R$2,N62,[1]payroll!$F61*$R$2) -> 59.034026 | T62: =+N62-R62 -> 0 | V62: =+R62/N62 -> 1
A63: A448 | B63: Office of Injured Employee Counsel | C63: 15242.27 | D63: 0 | E63: 241.85 | G63: =IF(SUM(C63:E63)>0,AVERAGE(C63:E63),0) -> 5161.3733 | H63: 1 | J63: =+G63*H63 -> 5161.3733 | L63: =+J63/$J$267 -> 0.00015043554 | N63: =L63*([1]assessment!$J$274*[1]assessment!$F$3) -> 5029.104 | P63: =N63/[1]payroll!$F62 -> 0.00070434135 | R63: =IF(P63<$R$2,N63,[1]payroll!$F62*$R$2) -> 5029.104 | T63: =+N63-R63 -> 0 | V63: =+R63/N63 -> 1
A64: A450 | B64: Dept of Savings and Mortgage Lending | C64: 0 | D64: 0 | E64: 0 | G64: =IF(SUM(C64:E64)>0,AVERAGE(C64:E64),0) -> 0 | H64: 1 | J64: =+G64*H64 -> 0 | L64: =+J64/$J$267 -> 0 | N64: =L64*([1]assessment!$J$274*[1]assessment!$F$3) -> 0 | P64: =N64/[1]payroll!$F63 -> 0 | R64: =IF(P64<$R$2,N64,[1]payroll!$F63*$R$2) -> 0 | T64: =+N64-R64 -> 0 | V64: =+R64/N64 -> #DIV/0!
A65: A451 | B65: Banking, State Department of | C65: 31571.2 | D65: 36464.49 | E65: 30563.61 | G65: =IF(SUM(C65:E65)>0,AVERAGE(C65:E65),0) -> 32866.433 | H65: 1 | J65: =+G65*H65 -> 32866.433 | L65: =+J65/$J$267 -> 0.00095793876 | N65: =L65*([1]assessment!$J$274*[1]assessment!$F$3) -> 32024.173 | P65: =N65/[1]payroll!$F64 -> 0.0016811521 | R65: =IF(P65<$R$2,N65,[1]payroll!$F64*$R$2) -> 32024.173 | T65: =+N65-R65 -> 0 | V65: =+R65/N65 -> 1
A66: A452 | B66: Licensing and Regulation, Dept. of | C66: 12408.35 | D66: 8415.62 | E66: -5243.82 | G66: =IF(SUM(C66:E66)>0,AVERAGE(C66:E66),0) -> 5193.3833 | H66: 1 | J66: =+G66*H66 -> 5193.3833 | L66: =+J66/$J$267 -> 0.00015136851 | N66: =L66*([1]assessment!$J$274*[1]assessment!$F$3) -> 5060.2937 | P66: =N66/[1]payroll!$F65 -> 0.00016001889 | R66: =IF(P66<$R$2,N66,[1]payroll!$F65*$R$2) -> 5060.2937 | T66: =+N66-R66 -> 0 | V66: =+R66/N66 -> 1
A67: A454 | B67: Insurance, Department of | C67: 12452.57 | D67: 78561.75 | E67: 79657.26 | G67: =IF(SUM(C67:E67)>0,AVERAGE(C67:E67),0) -> 56890.527 | H67: 1 | J67: =+G67*H67 -> 56890.527 | L67: =+J67/$J$267 -> 0.001658155 | N67: =L67*([1]assessment!$J$274*[1]assessment!$F$3) -> 55432.606 | P67: =N67/[1]payroll!$F66 -> 0.00066677436 | R67: =IF(P67<$R$2,N67,[1]payroll!$F66*$R$2) -> 55432.606 | T67: =+N67-R67 -> 0 | V67: =+R67/N67 -> 1
A68: A455 | B68: Railroad Commission | C68: 195 | D68: 6827.18 | E68: 1130.38 | G68: =IF(SUM(C68:E68)>0,AVERAGE(C68:E68),0) -> 2717.52 | H68: 1 | J68: =+G68*H68 -> 2717.52 | L68: =+J68/$J$267 -> 7.920597e-05 | N68: =L68*([1]assessment!$J$274*[1]assessment!$F$3) -> 2647.8788 | P68: =N68/[1]payroll!$F67 -> 4.0651067e-05 | R68: =IF(P68<$R$2,N68,[1]payroll!$F67*$R$2) -> 2647.8788 | T68: =+N68-R68 -> 0 | V68: =+R68/N68 -> 1
A69: A456 | B69: Plumbing Examiners, State Board of | C69: 0 | D69: 0 | E69: 0 | G69: =IF(SUM(C69:E69)>0,AVERAGE(C69:E69),0) -> 0 | H69: 1 | J69: =+G69*H69 -> 0 | L69: =+J69/$J$267 -> 0 | N69: =L69*([1]assessment!$J$274*[1]assessment!$F$3) -> 0 | P69: =N69/[1]payroll!$F68 -> 0 | R69: =IF(P69<$R$2,N69,[1]payroll!$F68*$R$2) -> 0 | T69: =+N69-R69 -> 0 | V69: =+R69/N69 -> #DIV/0!
... A89: A515 | B89: Pharmacy, Board of | C89: 0 | D89: 0 | E89: 618.06 | G89: =IF(SUM(C89:E89)>0,AVERAGE(C89:E89),0) -> 206.02 | H89: 1 | J89: =+G89*H89 -> 206.02 | L89: =+J89/$J$267 -> 6.0047448e-06 | N89: =L89*([1]assessment!$J$274*[1]assessment!$F$3) -> 200.74037 | P89: =N89/[1]payroll!$F88 -> 3.3500676e-05 | R89: =IF(P89<$R$2,N89,[1]payroll!$F88*$R$2) -> 200.74037 | T89: =+N89-R89 -> 0 | V89: =+R89/N89 -> 1
A90: A529 | B90: Health & Human Services Commission | C90: =7419800.42+60137.52-14000+117777.21-75066.88+2943.56+7632.84+3776.76+45897.16+448.1+1660.49+22171.48+459.89+12026.05+12088.44+5754.02+3330.07+66817.1+668.97+9345.19 -> 7703668.4 | D90: =64126.44+112+5842882.88+56784.66+16603.11+2250.11+110+6253.29+4261.91+46713.26+470+5599.08+3016.71+6042.02+22986.13+970+4660.38+10088.78+1210.68+15637.63+4977.41+4501.75+3079.27+30+40016.18+4556.72+2300.3+8930.09 -> 6179170.8 | E90: =55475.1+6371351.99+131878.63+13132.96+1125.47+4991.71+18368.74+47852.34+995.48+22775.32+502+479.14+7520.14+5319.14+3215.67+4369.53+23154.62+949.36+9024.56 -> 6722481.9 | G90: =IF(SUM(C90:E90)>0,AVERAGE(C90:E90),0) -> 6868440.4 | H90: 1 | J90: =+G90*H90 -> 6868440.4 | L90: =+J90/$J$267 -> 0.20019043 | N90: =L90*([1]assessment!$J$274*[1]assessment!$F$3) -> 6692424.4 | P90: =N90/[1]payroll!$F89 -> 0.00400515 | R90: =IF(P90<$R$2,N90,[1]payroll!$F89*$R$2) -> 6692424.4 | T90: =+N90-R90 -> 0 | V90: =+R90/N90 -> 1
A91: A530 | B91: Dept. of Family and Protective Services | C91: 813207.98 | D91: 1090148 | E91: 511088.26 | G91: =IF(SUM(C91:E91)>0,AVERAGE(C91:E91),0) -> 804814.75 | H91: 1 | J91: =+G91*H91 -> 804814.75 | L91: =+J91/$J$267 -> 0.023457466 | N91: =L91*([1]assessment!$J$274*[1]assessment!$F$3) -> 784189.95 | P91: =N91/[1]payroll!$F90 -> 0.0012042724 | R91: =IF(P91<$R$2,N91,[1]payroll!$F90*$R$2) -> 784189.95 | T91: =+N91-R91 -> 0 | V91: =+R91/N91 -> 1
A92: A533 | B92: Physical & Occup Therapy Examr, Exec Counc | C92: 0 | D92: 0 | E92: 0 | G92: =IF(SUM(C92:E92)>0,AVERAGE(C92:E92),0) -> 0 | H92: 1 | J92: =+G92*H92 -> 0 | L92: =+J92/$J$267 -> 0 | N92: =L92*([1]assessment!$J$274*[1]assessment!$F$3) -> 0 | P92: =N92/[1]payroll!$F91 -> 0 | R92: =IF(P92<$R$2,N92,[1]payroll!$F91*$R$2) -> 0 | T92: =+N92-R92 -> 0 | V92: =+R92/N92 -> #DIV/0!
A93: A537 | B93: Dept. of State Health Services | C93: =300602.05+49120.56+26416 -> 376138.61 | D93: =49113.28+162995.48+27943.6+787.9 -> 240840.26 | E93: =35938.77+136161.41+26924.89 -> 199025.07 | G93: =IF(SUM(C93:E93)>0,AVERAGE(C93:E93),0) -> 272001.31 | H93: 1 | J93: =+G93*H93 -> 272001.31 | L93: =+J93/$J$267 -> 0.0079278636 | N93: =L93*([1]assessment!$J$274*[1]assessment!$F$3) -> 265030.8 | P93: =N93/[1]payroll!$F92 -> 0.0012848898 | R93: =IF(P93<$R$2,N93,[1]payroll!$F92*$R$2) -> 265030.8 | T93: =+N93-R93 -> 0 | V93: =+R93/N93 -> 1
A94: A542 | B94: Cancer Prevention and Research Institute | C94: 1070.31 | D94: 0 | E94: 0 | G94: =IF(SUM(C94:E94)>0,AVERAGE(C94:E94),0) -> 356.77 | H94: 1 | J94: =+G94*H94 -> 356.77 | L94: =+J94/$J$267 -> 1.0398567e-05 | N94: =L94*([1]assessment!$J$274*[1]assessment!$F$3) -> 347.62714 | P94: =N94/[1]payroll!$F93 -> 8.1496855e-05 | R94: =IF(P94<$R$2,N94,[1]payroll!$F93*$R$2) -> 347.62714 | T94: =+N94-R94 -> 0 | V94: =+R94/N94 -> 1
A95: A551 | B95: Agriculture, Department of | C95: 58312.94 | D95: 75758.68 | E95: 17319.42 | G95: =IF(SUM(C95:E95)>0,AVERAGE(C95:E95),0) -> 50463.68 | H95: 1 | J95: =+G95*H95 -> 50463.68 | L95: =+J95/$J$267 -> 0.0014708354 | N95: =L95*([1]assessment!$J$274*[1]assessment!$F$3) -> 49170.459 | P95: =N95/[1]payroll!$F94 -> 0.0012620857 | R95: =IF(P95<$R$2,N95,[1]payroll!$F94*$R$2) -> 49170.459 | T95: =+N95-R95 -> 0 | V95: =+R95/N95 -> 1
A96: A554 | B96: Animal Health Commission | C96: 53009.93 | D96: 125483.81 | E96: 43107.58 | G96: =IF(SUM(C96:E96)>0,AVERAGE(C96:E96),0) -> 73867.107 | H96: 1 | J96: =+G96*H96 -> 73867.107 | L96: =+J96/$J$267 -> 0.0021529615 | N96: =L96*([1]assessment!$J$274*[1]assessment!$F$3) -> 71974.132 | P96: =N96/[1]payroll!$F95 -> 0.0070707353 | R96: =IF(P96<$R$2,N96,[1]payroll!$F95*$R$2) -> 71974.132 | T96: =+N96-R96 -> 0 | V96: =+R96/N96 -> 1
A97: A578 | B97: Veterinary Medical Examiners | C97: 0 | D97: 0 | E97: 0 | G97: =IF(SUM(C97:E97)>0,AVERAGE(C97:E97),0) -> 0 | H97: 1 | J97: =+G97*H97 -> 0 | L97: =+J97/$J$267 -> 0 | N97: =L97*([1]assessment!$J$274*[1]assessment!$F$3) -> 0 | P97: =N97/[1]payroll!$F96 -> 0 | R97: =IF(P97<$R$2,N97,[1]payroll!$F96*$R$2) -> 0 | T97: =+N97-R97 -> 0 | V97: =+R97/N97 -> #DIV/0!
A98: A580 | B98: Water Development Board | C98: 0 | D98: 0 | E98: 0 | G98: =IF(SUM(C98:E98)>0,AVERAGE(C98:E98),0) -> 0 | H98: 1 | J98: =+G98*H98 -> 0 | L98: =+J98/$J$267 -> 0 | N98: =L98*([1]assessment!$J$274*[1]assessment!$F$3) -> 0 | P98: =N98/[1]payroll!$F97 -> 0 | R98: =IF(P98<$R$2,N98,[1]payroll!$F97*$R$2) -> 0 | T98: =+N98-R98 -> 0 | V98: =+R98/N98 -> #DIV/0!
A99: A582 | B99: Texas Comm. on Environmental Quality | C99: 2084.83 | D99: 3795.21 | E99: 7307.41 | G99: =IF(SUM(C99:E99)>0,AVERAGE(C99:E99),0) -> 4395.8167 | H99: 1 | J99: =+G99*H99 -> 4395.8167 | L99: =+J99/$J$267 -> 0.0001281223 | N99: =L99*([1]assessment!$J$274*[1]assessment!$F$3) -> 4283.1661 | P99: =N99/[1]payroll!$F98 -> 2.458604e-05 | R99: =IF(P99<$R$2,N99,[1]payroll!$F98*$R$2) -> 4283.1661 | T99: =+N99-R99 -> 0 | V99: =+R99/N99 -> 1
A100: A592 | B100: Soil & Water Conservation Board | C100: 0 | D100: 0 | E100: 0 | G100: =IF(SUM(C100:E100)>0,AVERAGE(C100:E100),0) -> 0 | H100: 1 | J100: =+G100*H100 -> 0 | L100: =+J100/$J$267 -> 0 | N100: =L100*([1]assessment!$J$274*[1]assessment!$F$3) -> 0 | P100: =N100/[1]payroll!$F99 -> 0 | R100: =IF(P100<$R$2,N100,[1]payroll!$F99*$R$2) -> 0 | T100: =+N100-R100 -> 0 | V100: =+R100/N100 -> #DIV/0!
A101: A608 | B101: Department of Motor Vehicles | C101: 42753.71 | D101: 49183.59 | E101: 84231.88 | G101: =IF(SUM(C101:E101)>0,AVERAGE(C101:E101),0) -> 58723.06 | H101: 1 | J101: =+G101*H101 -> 58723.06 | L101: =+J101/$J$267 -> 0.0017115668 | N101: =L101*([1]assessment!$J$274*[1]assessment!$F$3) -> 57218.178 | P101: =N101/[1]payroll!$F100 -> 0.0012987114 | R101: =IF(P101<$R$2,N101,[1]payroll!$F100*$R$2) -> 57218.178 | T101: =+N101-R101 -> 0 | V101: =+R101/N101 -> 1
A102: A644 | B102: Texas Juvenile Justice Department | C102: =1993978.08+58156.76 -> 2052134.8 | D102: =1789343.55+4768+308+52995.95 -> 1847415.5 | E102: =1693181.55+67869.47 -> 1761051 | G102: =IF(SUM(C102:E102)>0,AVERAGE(C102:E102),0) -> 1886867.1 | H102: 1 | J102: =+G102*H102 -> 1886867.1 | L102: =+J102/$J$267 -> 0.054995415 | N102: =L102*([1]assessment!$J$274*[1]assessment!$F$3) -> 1838512.8 | P102: =N102/[1]payroll!$F101 -> 0.016932327 | R102: =IF(P102<$R$2,N102,[1]payroll!$F101*$R$2) -> 1838512.8 | T102: =+N102-R102 -> 0 | V102: =+R102/N102 -> 1
A103: A696 | B103: Criminal Justice, Department of | C103: 15830906 | D103: =15941741.7+253.74 -> 15941995 | E103: 17310045 | G103: =IF(SUM(C103:E103)>0,AVERAGE(C103:E103),0) -> 16360982 | H103: 1 | J103: =+G103*H103 -> 16360982 | L103: =+J103/$J$267 -> 0.476864 | N103: =L103*([1]assessment!$J$274*[1]assessment!$F$3) -> 15941703 | P103: =N103/[1]payroll!$F102 -> 0.011429445 | R103: =IF(P103<$R$2,N103,[1]payroll!$F102*$R$2) -> 15941703 | T103: =+N103-R103 -> 0 | V103: =+R103/N103 -> 1
A104: WSD | B104: Windham School District | C104: 113419.05 | D104: 66684.58 | E104: 39883.65 | G104: =IF(SUM(C104:E104)>0,AVERAGE(C104:E104),0) -> 73329.093 | H104: 1 | J104: =+G104*H104 -> 73329.093 | L104: =+J104/$J$267 -> 0.0021372803 | N104: =L104*([1]assessment!$J$274*[1]assessment!$F$3) -> 71449.906 | P104: =N104/[1]payroll!$F103 -> 0.0013867278 | R104: =IF(P104<$R$2,N104,[1]payroll!$F103*$R$2) -> 71449.906 | T104: =+N104-R104 -> 0 | V104: =+R104/N104 -> 1
A105: A701 | B105: Education Agency, Texas | C105: 858.74 | D105: 1465.98 | E105: 1354.02 | G105: =IF(SUM(C105:E105)>0,AVERAGE(C105:E105),0) -> 1226.2467 | H105: 1 | J105: =+G105*H105 -> 1226.2467 | L105: =+J105/$J$267 -> 3.5740696e-05 | N105: =L105*([1]assessment!$J$274*[1]assessment!$F$3) -> 1194.8219 | P105: =N105/[1]payroll!$F104 -> 1.1903113e-05 | R105: =IF(P105<$R$2,N105,[1]payroll!$F104*$R$2) -> 1194.8219 | T105: =+N105-R105 -> 0 | V105: =+R105/N105 -> 1
A106: A706 | B106: Texas Permanent School Fund Corporation | C106: 0 | D106: 0 | E106: 0 | G106: =IF(SUM(C106:E106)>0,AVERAGE(C106:E106),0) -> 0 | H106: 1 | J106: =+G106*H106 -> 0 | L106: =+J106/$J$267 -> 0 | N106: =L106*([1]assessment!$J$274*[1]assessment!$F$3) -> 0 | P106: =N106/[1]payroll!$F105 -> 0 | R106: =IF(P106<$R$2,N106,[1]payroll!$F105*$R$2) -> 0 | T106: =+N106-R106 -> 0 | V106: =+R106/N106 -> #DIV/0!
A107: A717 | B107: Texas Southern University | C107: 120037.35 | D107: 87089.95 | E107: 140002.92 | G107: =IF(SUM(C107:E107)>0,AVERAGE(C107:E107),0) -> 115710.07 | H107: 1 | J107: =+G107*H107 -> 115710.07 | L107: =+J107/$J$267 -> 0.003372534 | N107: =L107*([1]assessment!$J$274*[1]assessment!$F$3) -> 112744.8 | P107: =N107/[1]payroll!$F106 -> 0.0012723999 | R107: =IF(P107<$R$2,N107,[1]payroll!$F106*$R$2) -> 112744.8 | T107: =+N107-R107 -> 0 | V107: =+R107/N107 -> 1
A108: A719 | B108: Texas State Technical College - System | C108: 76309.26 | D108: 99759.08 | E108: 65669.21 | G108: =IF(SUM(C108:E108)>0,AVERAGE(C108:E108),0) -> 80579.183 | H108: 1 | J108: =+G108*H108 -> 80579.183 | L108: =+J108/$J$267 -> 0.0023485945 | N108: =L108*([1]assessment!$J$274*[1]assessment!$F$3) -> 78514.199 | P108: =N108/[1]payroll!$F107 -> 0.00077286379 | R108: =IF(P108<$R$2,N108,[1]payroll!$F107*$R$2) -> 78514.199 | T108: =+N108-R108 -> 0 | V108: =+R108/N108 -> 1
A109: A730 | B109: University of Houston | C109: 327818.42 | D109: 322583.12 | E109: 375535.38 | G109: =IF(SUM(C109:E109)>0,AVERAGE(C109:E109),0) -> 341978.97 | H109: 1 | J109: =+G109*H109 -> 341978.97 | L109: =+J109/$J$267 -> 0.0099674617 | N109: =L109*([1]assessment!$J$274*[1]assessment!$F$3) -> 333215.16 | P109: =N109/[1]payroll!$F108 -> 0.00060062664 | R109: =IF(P109<$R$2,N109,[1]payroll!$F108*$R$2) -> 333215.16 | T109: =+N109-R109 -> 0 | V109: =+R109/N109 -> 1
A110: A731 | B110: Texas Woman's University | C110: 40804.22 | D110: 111066.06 | E110: 104852.15 | G110: =IF(SUM(C110:E110)>0,AVERAGE(C110:E110),0) -> 85574.143 | H110: 1 | J110: =+G110*H110 -> 85574.143 | L110: =+J110/$J$267 -> 0.0024941796 | N110: =L110*([1]assessment!$J$274*[1]assessment!$F$3) -> 83381.155 | P110: =N110/[1]payroll!$F109 -> 0.00066919747 | R110: =IF(P110<$R$2,N110,[1]payroll!$F109*$R$2) -> 83381.155 | T110: =+N110-R110 -> 0 | V110: =+R110/N110 -> 1
A111: A733 | B111: Texas Tech University | C111: =383614.25+1479.08 -> 385093.33 | D111: =382068.73+4609.11 -> 386677.84 | E111: =617454.55+10256.03 -> 627710.58 | G111: =IF(SUM(C111:E111)>0,AVERAGE(C111:E111),0) -> 466493.92 | H111: 1 | J111: =+G111*H111 -> 466493.92 | L111: =+J111/$J$267 -> 0.013596626 | N111: =L111*([1]assessment!$J$274*[1]assessment!$F$3) -> 454539.19 | P111: =N111/[1]payroll!$F110 -> 0.00095497311 | R111: =IF(P111<$R$2,N111,[1]payroll!$F110*$R$2) -> 454539.19 | T111: =+N111-R111 -> 0 | V111: =+R111/N111 -> 1
A112: A734 | B112: Lamar University - Beaumont | C112: 78760.46 | D112: 28180.05 | E112: 17709.58 | G112: =IF(SUM(C112:E112)>0,AVERAGE(C112:E112),0) -> 41550.03 | H112: 1 | J112: =+G112*H112 -> 41550.03 | L112: =+J112/$J$267 -> 0.0012110345 | N112: =L112*([1]assessment!$J$274*[1]assessment!$F$3) -> 40485.237 | P112: =N112/[1]payroll!$F111 -> 0.00044606434 | R112: =IF(P112<$R$2,N112,[1]payroll!$F111*$R$2) -> 40485.237 | T112: =+N112-R112 -> 0 | V112: =+R112/N112 -> 1
A113: A735 | B113: Midwestern State University | C113: 26863.57 | D113: 29865.26 | E113: 50343.79 | G113: =IF(SUM(C113:E113)>0,AVERAGE(C113:E113),0) -> 35690.873 | H113: 1 | J113: =+G113*H113 -> 35690.873 | L113: =+J113/$J$267 -> 0.0010402611 | N113: =L113*([1]assessment!$J$274*[1]assessment!$F$3) -> 34776.232 | P113: =N113/[1]payroll!$F112 -> 0.00078912131 | R113: =IF(P113<$R$2,N113,[1]payroll!$F112*$R$2) -> 34776.232 | T113: =+N113-R113 -> 0 | V113: =+R113/N113 -> 1
A114: A737 | B114: Angelo State University | C114: 4496.16 | D114: 37610.54 | E114: 32991.1 | G114: =IF(SUM(C114:E114)>0,AVERAGE(C114:E114),0) -> 25032.6 | H114: 1 | J114: =+G114*H114 -> 25032.6 | L114: =+J114/$J$267 -> 0.00072961059 | N114: =L114*([1]assessment!$J$274*[1]assessment!$F$3) -> 24391.095 | P114: =N114/[1]payroll!$F113 -> 0.00044219907 | R114: =IF(P114<$R$2,N114,[1]payroll!$F113*$R$2) -> 24391.095 | T114: =+N114-R114 -> 0 | V114: =+R114/N114 -> 1
A115: A739 | B115: Texas Tech University Health Sciences Center | C115: 185948.8 | D115: 40368.55 | E115: 112941.59 | G115: =IF(SUM(C115:E115)>0,AVERAGE(C115:E115),0) -> 113086.31 | H115: 1 | J115: =+G115*H115 -> 113086.31 | L115: =+J115/$J$267 -> 0.0032960608 | N115: =L115*([1]assessment!$J$274*[1]assessment!$F$3) -> 110188.28 | P115: =N115/[1]payroll!$F114 -> 0.00028207412 | R115: =IF(P115<$R$2,N115,[1]payroll!$F114*$R$2) -> 110188.28 | T115: =+N115-R115 -> 0 | V115: =+R115/N115 -> 1
A116: A752 | B116: University of North Texas | C116: 108526.48 | D116: 324664.57 | E116: 308910.92 | G116: =IF(SUM(C116:E116)>0,AVERAGE(C116:E116),0) -> 247367.32 | H116: 1 | J116: =+G116*H116 -> 247367.32 | L116: =+J116/$J$267 -> 0.0072098711 | N116: =L116*([1]assessment!$J$274*[1]assessment!$F$3) -> 241028.1 | P116: =N116/[1]payroll!$F115 -> 0.00067592368 | R116: =IF(P116<$R$2,N116,[1]payroll!$F115*$R$2) -> 241028.1 | T116: =+N116-R116 -> 0 | V116: =+R116/N116 -> 1
A117: A753 | B117: Sam Houston State University | C117: 49691.09 | D117: 91792.03 | E117: 115506.67 | G117: =IF(SUM(C117:E117)>0,AVERAGE(C117:E117),0) -> 85663.263 | H117: 1 | J117: =+G117*H117 -> 85663.263 | L117: =+J117/$J$267 -> 0.0024967772 | N117: =L117*([1]assessment!$J$274*[1]assessment!$F$3) -> 83467.991 | P117: =N117/[1]payroll!$F116 -> 0.00044701355 | R117: =IF(P117<$R$2,N117,[1]payroll!$F116*$R$2) -> 83467.991 | T117: =+N117-R117 -> 0 | V117: =+R117/N117 -> 1
A118: A754 | B118: Texas State University | C118: 189117.9 | D118: 223198.47 | E118: 193532.96 | G118: =IF(SUM(C118:E118)>0,AVERAGE(C118:E118),0) -> 201949.78 | H118: 1 | J118: =+G118*H118 -> 201949.78 | L118: =+J118/$J$267 -> 0.0058861124 | N118: =L118*([1]assessment!$J$274*[1]assessment!$F$3) -> 196774.46 | P118: =N118/[1]payroll!$F117 -> 0.00062821963 | R118: =IF(P118<$R$2,N118,[1]payroll!$F117*$R$2) -> 196774.46 | T118: =+N118-R118 -> 0 | V118: =+R118/N118 -> 1
A119: A756 | B119: Sul Ross State University | C119: 12254.8 | D119: 8636.17 | E119: 16071.09 | G119: =IF(SUM(C119:E119)>0,AVERAGE(C119:E119),0) -> 12320.687 | H119: 1 | J119: =+G119*H119 -> 12320.687 | L119: =+J119/$J$267 -> 0.00035910387 | N119: =L119*([1]assessment!$J$274*[1]assessment!$F$3) -> 12004.947 | P119: =N119/[1]payroll!$F118 -> 0.00052293725 | R119: =IF(P119<$R$2,N119,[1]payroll!$F118*$R$2) -> 12004.947 | T119: =+N119-R119 -> 0 | V119: =+R119/N119 -> 1
A120: A758 | B120: Texas State University System Administration | C120: 0 | D120: 0 | E120: 0 | G120: =IF(SUM(C120:E120)>0,AVERAGE(C120:E120),0) -> 0 | H120: 1 | J120: =+G120*H120 -> 0 | L120: =+J120/$J$267 -> 0 | N120: =L120*([1]assessment!$J$274*[1]assessment!$F$3) -> 0 | P120: =N120/[1]payroll!$F119 -> 0 | R120: =IF(P120<$R$2,N120,[1]payroll!$F119*$R$2) -> 0 | T120: =+N120-R120 -> 0 | V120: =+R120/N120 -> #DIV/0!
A121: A759 | B121: University of Houston - Clear Lake | C121: 124004.68 | D121: 54227.47 | E121: 63941.05 | G121: =IF(SUM(C121:E121)>0,AVERAGE(C121:E121),0) -> 80724.4 | H121: 1 | J121: =+G121*H121 -> 80724.4 | L121: =+J121/$J$267 -> 0.002352827 | N121: =L121*([1]assessment!$J$274*[1]assessment!$F$3) -> 78655.695 | P121: =N121/[1]payroll!$F120 -> 0.0010892998 | R121: =IF(P121<$R$2,N121,[1]payroll!$F120*$R$2) -> 78655.695 | T121: =+N121-R121 -> 0 | V121: =+R121/N121 -> 1
A122: A763 | B122: Univ. of North Texas Health Science Center | C122: 67488.4 | D122: 122033.02 | E122: 154077.32 | G122: =IF(SUM(C122:E122)>0,AVERAGE(C122:E122),0) -> 114532.91 | H122: 1 | J122: =+G122*H122 -> 114532.91 | L122: =+J122/$J$267 -> 0.003338224 | N122: =L122*([1]assessment!$J$274*[1]assessment!$F$3) -> 111597.81 | P122: =N122/[1]payroll!$F121 -> 0.00092255337 | R122: =IF(P122<$R$2,N122,[1]payroll!$F121*$R$2) -> 111597.81 | T122: =+N122-R122 -> 0 | V122: =+R122/N122 -> 1
A123: A765 | B123: University of Houston - Victoria | C123: 6110.89 | D123: 29816.33 | E123: 40657.52 | G123: =IF(SUM(C123:E123)>0,AVERAGE(C123:E123),0) -> 25528.247 | H123: 1 | J123: =+G123*H123 -> 25528.247 | L123: =+J123/$J$267 -> 0.00074405692 | N123: =L123*([1]assessment!$J$274*[1]assessment!$F$3) -> 24874.04 | P123: =N123/[1]payroll!$F122 -> 0.00083955697 | R123: =IF(P123<$R$2,N123,[1]payroll!$F122*$R$2) -> 24874.04 | T123: =+N123-R123 -> 0 | V123: =+R123/N123 -> 1
... A213: C152 | B213: Lubbock | C213: 1118.77 | D213: 2070.7 | E213: 1751.72 | G213: =IF(SUM(C213:E213)>0,AVERAGE(C213:E213),0) -> 1647.0633 | H213: 1 | J213: =+G213*H213 -> 1647.0633 | L213: =+J213/$J$267 -> 4.8005994e-05 | N213: =L213*([1]assessment!$J$274*[1]assessment!$F$3) -> 1604.8544 | P213: =N213/[1]payroll!$F212 -> 0.00031957356 | R213: =IF(P213<$R$2,N213,[1]payroll!$F212*$R$2) -> 1604.8544 | T213: =+N213-R213 -> 0 | V213: =+R213/N213 -> 1
A214: C155 | B214: McLennan | C214: 2628.19 | D214: 0 | E214: 0 | G214: =IF(SUM(C214:E214)>0,AVERAGE(C214:E214),0) -> 876.06333 | H214: 1 | J214: =+G214*H214 -> 876.06333 | L214: =+J214/$J$267 -> 2.5534107e-05 | N214: =L214*([1]assessment!$J$274*[1]assessment!$F$3) -> 853.61266 | P214: =N214/[1]payroll!$F216 -> 0.00027571977 | R214: =IF(P214<$R$2,N214,[1]payroll!$F216*$R$2) -> 853.61266 | T214: =+N214-R214 -> 0 | V214: =+R214/N214 -> 1
